General information
			
			
        
        - name: BNet
 
        - type: Ladder team game (AT/RT)
 
        - host: Battle.net
 
        - saver: dogsandhorse.ru
 
        
map: Friends 
        - players: 8
 
        - length: 203:31
 
        - speed: Fast
 - version: 1.22 W3XP
 - replay type:  

 
» download(1951 KB)
Players
        team 1 (winner) 
              
              
dogsandhorse.ru (
red | 95 APM | 19405 actions | 203:31)
              
 10 Mountain King 
 3 Storm Bolt
 3 Bash
 1 Avatar
 3 Thunder Clap
 10 Paladin 
 3 Holy Light
 3 Divine Shield
 3 Devotion Aura
 1 Resurrection
 8 Blood Mage 
 3 Flame Strike
 1 Banish
 3 Siphon Mana
 1 Summon Phoenix
 
                » actions 
                
                | Assign group hotkey | 35 |  | 
| Basic commands | 41 |  | 
| Build / train | 463 |  | 
| Enter build submenu | 264 |  | 
| Enter hero's abilities submenu | 31 |  | 
| Give item / drop item | 50 |  | 
| Remove unit from queue | 13 |  | 
| Right click | 12505 |  | 
| Select / deselect | 1720 |  | 
| Select group hotkey | 2555 |  | 
| Use ability | 1726 |  | 
                19405 total
 » units 
                
                | Peasant | 63 |  | 
| Goblin Zeppelin | 7 |  | 
| Priest | 1 |  | 
| Goblin Sapper | 1 |  | 
                72 total
 » upgrades
                
                | Masonry | 3 |  | 
| Magic Sentry | 1 |  | 
| Lumber Harvesting | 1 |  | 
| Priest Training | 1 |  | 
                6 total
 » buildings
                
                | Altar of Kings | 2 |  | 
| Farm | 15 |  | 
| Lumber Mill | 2 |  | 
| Scout Tower | 506 |  | 
| Arcane Tower | 105 |  | 
| Guard Tower | 112 |  | 
| Keep | 4 |  | 
| Arcane Vault | 7 |  | 
| Castle | 1 |  | 
| Arcane Sanctum | 1 |  | 
| Town Hall | 1 |  | 
                756 total
 » build order
                00:18 Altar of Kings
00:25 Farm
00:39 Lumber Mill
01:02 Scout Tower
01:06 Scout Tower
01:18 Scout Tower
01:30 Scout Tower
01:39 Scout Tower
01:41 Arcane Tower
01:43 Scout Tower
01:48 Arcane Tower
01:54 Scout Tower
02:05 Guard Tower
02:05 Guard Tower
02:07 Scout Tower
02:15 Guard Tower
02:26 Farm
02:34 Guard Tower
02:35 Guard Tower
02:44 Guard Tower
02:45 Scout Tower
03:18 Guard Tower
03:19 Scout Tower
03:20 Scout Tower
03:22 Guard Tower
03:23 Scout Tower
03:23 Scout Tower
03:25 Scout Tower
03:41 Keep
03:41 Keep
03:45 Scout Tower
03:49 Scout Tower
03:53 Guard Tower
03:54 Scout Tower
03:56 Guard Tower
03:59 Scout Tower
03:59 Scout Tower
04:02 Scout Tower
04:03 Scout Tower
04:16 Guard Tower
04:17 Guard Tower
04:19 Scout Tower
04:27 Arcane Tower
04:28 Scout Tower
04:33 Scout Tower
04:46 Guard Tower
04:47 Guard Tower
05:14 Scout Tower
05:14 Scout Tower
05:16 Guard Tower
05:24 Guard Tower
05:25 Scout Tower
05:25 Scout Tower
05:25 Scout Tower
05:26 Scout Tower
05:28 Guard Tower
05:30 Scout Tower
05:30 Scout Tower
05:31 Scout Tower
05:54 Guard Tower
06:09 Guard Tower
06:11 Guard Tower
06:12 Scout Tower
06:12 Scout Tower
06:14 Scout Tower
06:15 Scout Tower
06:16 Scout Tower
06:34 Arcane Vault
06:35 Guard Tower
06:36 Scout Tower
06:38 Scout Tower
06:43 Guard Tower
06:43 Guard Tower
06:46 Guard Tower
07:02 Guard Tower
07:04 Scout Tower
07:06 Scout Tower
07:06 Scout Tower
07:06 Scout Tower
07:07 Scout Tower
07:08 Scout Tower
07:21 Guard Tower
07:22 Scout Tower
07:22 Scout Tower
07:23 Scout Tower
07:24 Scout Tower
07:52 Scout Tower
07:54 Guard Tower
07:55 Scout Tower
07:58 Scout Tower
08:03 Farm
08:19 Guard Tower
08:23 Guard Tower
08:25 Scout Tower
08:28 Guard Tower
08:30 Scout Tower
08:31 Scout Tower
08:35 Guard Tower
08:37 Castle
08:41 Guard Tower
08:42 Scout Tower
08:43 Scout Tower
08:44 Scout Tower
08:44 Scout Tower
08:46 Scout Tower
08:46 Scout Tower
09:07 Guard Tower
09:08 Guard Tower
09:12 Scout Tower
09:13 Scout Tower
09:32 Guard Tower
09:38 Guard Tower
09:39 Scout Tower
09:40 Scout Tower
09:40 Scout Tower
09:41 Scout Tower
10:01 Guard Tower
10:04 Scout Tower
10:05 Scout Tower
10:06 Scout Tower
10:06 Scout Tower
10:07 Scout Tower
10:17 Guard Tower
10:20 Scout Tower
10:21 Scout Tower
10:45 Guard Tower
10:48 Guard Tower
10:54 Guard Tower
11:12 Guard Tower
11:17 Guard Tower
11:19 Scout Tower
11:20 Scout Tower
11:20 Scout Tower
11:21 Scout Tower
11:22 Scout Tower
11:30 Farm
11:30 Farm
11:31 Farm
11:33 Guard Tower
11:35 Scout Tower
11:35 Scout Tower
11:36 Scout Tower
11:36 Scout Tower
12:09 Guard Tower
12:56 Guard Tower
13:35 Guard Tower
14:22 Guard Tower
14:23 Scout Tower
14:24 Scout Tower
14:25 Scout Tower
14:28 Scout Tower
14:29 Scout Tower
14:31 Scout Tower
14:40 Scout Tower
14:41 Scout Tower
14:41 Scout Tower
14:42 Scout Tower
14:43 Scout Tower
14:44 Scout Tower
14:45 Scout Tower
14:45 Scout Tower
14:46 Scout Tower
14:47 Scout Tower
14:48 Scout Tower
14:49 Scout Tower
15:16 Arcane Vault
15:19 Scout Tower
15:21 Scout Tower
15:24 Scout Tower
15:25 Scout Tower
15:27 Scout Tower
15:28 Scout Tower
15:34 Arcane Sanctum
15:36 Scout Tower
15:37 Guard Tower
15:43 Guard Tower
16:09 Scout Tower
16:09 Scout Tower
16:10 Scout Tower
16:12 Arcane Tower
16:14 Scout Tower
16:14 Scout Tower
16:16 Scout Tower
16:17 Scout Tower
16:22 Scout Tower
16:23 Scout Tower
16:23 Scout Tower
16:24 Scout Tower
16:51 Guard Tower
16:52 Scout Tower
16:56 Guard Tower
17:24 Guard Tower
17:37 Arcane Tower
17:38 Guard Tower
17:51 Scout Tower
17:52 Scout Tower
17:54 Guard Tower
18:37 Arcane Vault
18:40 Guard Tower
18:53 Guard Tower
18:56 Arcane Vault
18:57 Guard Tower
20:22 Guard Tower
21:46 Arcane Tower
22:08 Scout Tower
22:08 Scout Tower
22:09 Scout Tower
22:10 Scout Tower
22:10 Scout Tower
22:11 Scout Tower
22:11 Scout Tower
22:12 Scout Tower
22:12 Scout Tower
22:13 Scout Tower
22:14 Scout Tower
22:15 Scout Tower
22:26 Scout Tower
22:26 Scout Tower
22:27 Scout Tower
22:28 Scout Tower
22:28 Scout Tower
22:50 Guard Tower
23:52 Guard Tower
23:53 Guard Tower
24:28 Guard Tower
24:35 Guard Tower
24:45 Scout Tower
24:46 Scout Tower
24:48 Scout Tower
24:48 Scout Tower
25:02 Scout Tower
25:03 Scout Tower
25:13 Scout Tower
26:37 Guard Tower
26:39 Guard Tower
26:42 Guard Tower
26:49 Scout Tower
26:49 Scout Tower
26:50 Scout Tower
26:51 Scout Tower
28:35 Scout Tower
28:36 Scout Tower
28:36 Scout Tower
28:37 Scout Tower
28:37 Scout Tower
28:38 Scout Tower
28:38 Scout Tower
28:39 Scout Tower
28:40 Scout Tower
28:40 Scout Tower
28:41 Scout Tower
28:41 Scout Tower
29:23 Arcane Tower
29:24 Guard Tower
29:25 Guard Tower
29:26 Guard Tower
29:27 Guard Tower
29:27 Guard Tower
29:28 Guard Tower
29:28 Guard Tower
29:32 Guard Tower
29:32 Guard Tower
29:52 Scout Tower
30:27 Guard Tower
31:53 Scout Tower
31:54 Scout Tower
31:55 Scout Tower
31:56 Scout Tower
31:57 Scout Tower
31:57 Scout Tower
31:58 Scout Tower
31:58 Scout Tower
32:24 Guard Tower
32:26 Scout Tower
32:26 Scout Tower
32:27 Scout Tower
32:28 Scout Tower
32:28 Scout Tower
32:29 Scout Tower
32:57 Arcane Tower
32:57 Guard Tower
33:08 Guard Tower
33:28 Scout Tower
33:29 Scout Tower
33:30 Guard Tower
33:32 Scout Tower
33:37 Scout Tower
33:49 Scout Tower
33:49 Scout Tower
33:51 Scout Tower
33:52 Scout Tower
33:52 Scout Tower
34:06 Guard Tower
34:29 Arcane Tower
34:45 Scout Tower
34:46 Scout Tower
34:47 Scout Tower
34:47 Scout Tower
34:48 Scout Tower
34:51 Scout Tower
34:53 Scout Tower
34:53 Scout Tower
34:54 Scout Tower
35:08 Arcane Tower
35:09 Arcane Tower
36:12 Guard Tower
36:20 Guard Tower
36:44 Arcane Tower
36:52 Scout Tower
36:53 Scout Tower
36:54 Scout Tower
36:54 Scout Tower
36:55 Scout Tower
36:55 Scout Tower
36:55 Scout Tower
36:56 Scout Tower
36:57 Scout Tower
36:57 Scout Tower
36:58 Scout Tower
36:59 Scout Tower
37:26 Guard Tower
37:42 Arcane Tower
37:42 Arcane Tower
37:42 Guard Tower
37:43 Guard Tower
37:45 Scout Tower
37:46 Scout Tower
37:47 Scout Tower
37:48 Scout Tower
37:48 Scout Tower
37:49 Scout Tower
37:57 Guard Tower
38:14 Scout Tower
38:15 Scout Tower
38:24 Guard Tower
39:34 Arcane Tower
39:57 Arcane Vault
39:59 Guard Tower
40:05 Scout Tower
40:07 Scout Tower
40:07 Scout Tower
40:08 Scout Tower
40:09 Scout Tower
40:10 Scout Tower
40:45 Guard Tower
40:50 Scout Tower
40:51 Scout Tower
40:52 Scout Tower
40:53 Scout Tower
40:54 Arcane Tower
40:54 Arcane Tower
40:55 Arcane Tower
41:07 Arcane Tower
41:31 Arcane Vault
41:33 Arcane Tower
41:35 Scout Tower
41:35 Scout Tower
41:36 Scout Tower
41:37 Scout Tower
41:49 Scout Tower
41:51 Scout Tower
41:52 Scout Tower
42:04 Arcane Tower
42:04 Arcane Tower
42:05 Arcane Tower
42:05 Arcane Tower
42:05 Arcane Tower
42:05 Arcane Tower
42:06 Arcane Tower
43:02 Arcane Tower
43:59 Arcane Tower
44:02 Scout Tower
44:03 Scout Tower
44:04 Scout Tower
44:05 Scout Tower
44:06 Scout Tower
44:08 Scout Tower
44:09 Scout Tower
44:17 Scout Tower
44:18 Scout Tower
44:19 Scout Tower
45:28 Scout Tower
45:29 Scout Tower
45:29 Scout Tower
45:30 Scout Tower
46:14 Arcane Tower
46:15 Arcane Tower
46:33 Scout Tower
47:14 Arcane Vault
47:31 Scout Tower
47:32 Scout Tower
47:33 Scout Tower
47:34 Scout Tower
47:36 Arcane Tower
48:07 Arcane Tower
49:01 Scout Tower
49:02 Scout Tower
49:02 Scout Tower
49:39 Arcane Tower
50:12 Arcane Tower
50:16 Scout Tower
50:17 Scout Tower
50:53 Arcane Tower
50:58 Scout Tower
51:08 Scout Tower
51:08 Scout Tower
51:09 Scout Tower
51:22 Scout Tower
51:26 Scout Tower
51:48 Scout Tower
51:51 Arcane Tower
52:00 Arcane Tower
52:00 Arcane Tower
52:18 Arcane Tower
52:19 Scout Tower
52:21 Arcane Tower
52:22 Scout Tower
52:23 Scout Tower
52:57 Guard Tower
53:00 Scout Tower
53:03 Arcane Tower
53:25 Arcane Tower
53:26 Arcane Tower
53:49 Arcane Tower
53:50 Scout Tower
53:52 Scout Tower
54:07 Arcane Tower
55:10 Arcane Tower
56:23 Scout Tower
56:24 Scout Tower
56:25 Scout Tower
56:26 Scout Tower
56:27 Scout Tower
57:05 Arcane Tower
57:29 Arcane Tower
58:17 Scout Tower
58:18 Scout Tower
58:19 Scout Tower
58:20 Scout Tower
58:20 Scout Tower
59:07 Arcane Tower
59:40 Arcane Tower
59:44 Scout Tower
59:45 Scout Tower
59:46 Scout Tower
59:46 Scout Tower
59:47 Scout Tower
59:48 Scout Tower
59:50 Scout Tower
59:50 Scout Tower
59:51 Scout Tower
60:43 Arcane Tower
61:30 Arcane Tower
61:37 Arcane Tower
62:03 Scout Tower
62:05 Scout Tower
62:06 Scout Tower
62:07 Scout Tower
62:07 Scout Tower
63:12 Scout Tower
63:13 Scout Tower
63:14 Scout Tower
63:14 Scout Tower
63:15 Scout Tower
63:16 Scout Tower
63:17 Scout Tower
63:18 Scout Tower
63:18 Scout Tower
63:19 Scout Tower
63:20 Scout Tower
63:30 Arcane Tower
63:44 Arcane Tower
63:44 Arcane Tower
64:58 Guard Tower
65:59 Scout Tower
66:00 Scout Tower
66:02 Scout Tower
66:02 Scout Tower
66:02 Scout Tower
67:06 Scout Tower
67:07 Scout Tower
69:32 Scout Tower
69:32 Scout Tower
69:34 Scout Tower
69:35 Scout Tower
69:36 Scout Tower
70:33 Arcane Tower
70:55 Arcane Tower
70:57 Scout Tower
70:58 Scout Tower
70:58 Scout Tower
71:00 Scout Tower
71:00 Scout Tower
71:01 Scout Tower
71:39 Arcane Tower
72:19 Scout Tower
72:19 Scout Tower
72:20 Scout Tower
72:21 Scout Tower
73:18 Arcane Tower
73:47 Scout Tower
73:48 Scout Tower
73:49 Scout Tower
73:50 Scout Tower
73:51 Scout Tower
73:52 Scout Tower
73:53 Scout Tower
73:54 Scout Tower
73:55 Scout Tower
73:56 Scout Tower
74:15 Arcane Tower
74:18 Scout Tower
74:19 Scout Tower
74:20 Scout Tower
74:21 Scout Tower
74:22 Scout Tower
74:22 Scout Tower
74:23 Scout Tower
74:25 Scout Tower
74:29 Guard Tower
74:42 Arcane Tower
74:42 Arcane Tower
74:44 Guard Tower
74:55 Scout Tower
74:55 Scout Tower
74:56 Scout Tower
75:49 Guard Tower
76:17 Scout Tower
76:18 Scout Tower
76:19 Scout Tower
76:20 Scout Tower
76:21 Scout Tower
76:22 Scout Tower
76:23 Scout Tower
76:41 Arcane Tower
76:44 Scout Tower
76:45 Scout Tower
76:46 Scout Tower
76:47 Scout Tower
76:48 Scout Tower
76:49 Scout Tower
76:50 Guard Tower
76:57 Guard Tower
76:57 Arcane Tower
77:03 Scout Tower
77:17 Scout Tower
77:18 Scout Tower
77:19 Scout Tower
77:20 Scout Tower
77:26 Guard Tower
77:35 Guard Tower
77:42 Scout Tower
77:43 Scout Tower
77:52 Scout Tower
77:53 Scout Tower
77:53 Scout Tower
77:54 Scout Tower
77:55 Scout Tower
77:56 Scout Tower
77:58 Scout Tower
77:58 Scout Tower
78:00 Arcane Tower
78:41 Arcane Tower
78:43 Arcane Tower
78:46 Arcane Tower
78:49 Scout Tower
78:50 Scout Tower
78:51 Scout Tower
78:52 Scout Tower
78:52 Scout Tower
79:40 Arcane Tower
80:40 Scout Tower
80:42 Scout Tower
80:43 Scout Tower
80:44 Scout Tower
80:45 Scout Tower
80:46 Scout Tower
81:11 Guard Tower
81:54 Arcane Tower
81:56 Scout Tower
81:57 Scout Tower
81:58 Scout Tower
81:58 Scout Tower
81:59 Scout Tower
81:59 Scout Tower
82:00 Scout Tower
82:01 Scout Tower
82:02 Scout Tower
82:02 Scout Tower
82:03 Scout Tower
82:04 Scout Tower
82:04 Scout Tower
82:09 Scout Tower
82:10 Scout Tower
82:11 Scout Tower
82:12 Scout Tower
82:13 Scout Tower
82:14 Scout Tower
82:16 Scout Tower
82:17 Scout Tower
82:18 Scout Tower
83:08 Guard Tower
84:41 Scout Tower
84:43 Scout Tower
84:44 Scout Tower
84:44 Scout Tower
84:58 Scout Tower
85:01 Arcane Tower
85:11 Arcane Tower
85:13 Scout Tower
85:14 Scout Tower
85:15 Scout Tower
85:15 Scout Tower
85:16 Scout Tower
85:17 Scout Tower
85:17 Scout Tower
85:28 Town Hall
85:41 Arcane Tower
85:57 Arcane Tower
85:58 Scout Tower
85:59 Scout Tower
85:59 Scout Tower
86:00 Scout Tower
86:01 Scout Tower
86:02 Scout Tower
86:03 Scout Tower
86:23 Arcane Tower
86:25 Arcane Tower
86:28 Scout Tower
86:29 Scout Tower
86:30 Scout Tower
87:01 Guard Tower
88:06 Arcane Tower
89:42 Arcane Tower
89:43 Scout Tower
89:44 Scout Tower
89:45 Scout Tower
89:46 Scout Tower
89:46 Scout Tower
89:47 Scout Tower
90:39 Guard Tower
90:40 Arcane Tower
90:40 Arcane Tower
91:19 Guard Tower
91:19 Arcane Tower
95:48 Scout Tower
95:49 Scout Tower
95:51 Scout Tower
95:52 Scout Tower
96:28 Guard Tower
96:30 Scout Tower
96:31 Scout Tower
97:08 Arcane Tower
97:27 Scout Tower
97:28 Scout Tower
97:29 Scout Tower
97:30 Scout Tower
97:30 Scout Tower
97:31 Scout Tower
97:32 Scout Tower
97:55 Arcane Tower
97:58 Scout Tower
97:59 Scout Tower
98:00 Scout Tower
98:01 Scout Tower
98:25 Arcane Tower
98:26 Arcane Tower
98:26 Arcane Tower
98:30 Arcane Tower
98:51 Arcane Tower
98:54 Arcane Tower
98:58 Arcane Tower
98:59 Scout Tower
99:00 Scout Tower
99:01 Scout Tower
99:02 Scout Tower
99:02 Scout Tower
99:03 Scout Tower
99:04 Scout Tower
99:11 Scout Tower
99:12 Scout Tower
99:13 Scout Tower
99:14 Scout Tower
99:15 Scout Tower
99:15 Scout Tower
99:16 Scout Tower
99:17 Scout Tower
99:18 Scout Tower
99:32 Arcane Tower
100:09 Arcane Tower
100:24 Arcane Tower
100:46 Scout Tower
100:51 Scout Tower
100:52 Scout Tower
100:54 Scout Tower
100:55 Scout Tower
100:56 Scout Tower
100:58 Scout Tower
100:58 Scout Tower
101:26 Arcane Tower
101:29 Scout Tower
101:30 Scout Tower
101:32 Arcane Tower
101:33 Guard Tower
101:35 Scout Tower
101:36 Scout Tower
101:36 Scout Tower
101:37 Scout Tower
101:37 Scout Tower
101:38 Scout Tower
101:39 Scout Tower
101:40 Scout Tower
101:40 Scout Tower
101:41 Scout Tower
101:42 Scout Tower
101:48 Arcane Tower
101:54 Arcane Tower
103:05 Arcane Tower
103:12 Scout Tower
103:14 Scout Tower
103:15 Scout Tower
103:16 Scout Tower
104:52 Arcane Tower
104:55 Arcane Tower
105:20 Guard Tower
122:07 Scout Tower
122:08 Scout Tower
122:09 Scout Tower
122:09 Scout Tower
122:10 Scout Tower
122:11 Scout Tower
122:11 Scout Tower
122:12 Scout Tower
122:13 Scout Tower
122:13 Scout Tower
122:14 Scout Tower
124:07 Guard Tower
124:15 Keep
124:54 Lumber Mill
126:43 Farm
126:45 Farm
126:48 Farm
126:49 Farm
126:52 Farm
128:12 Farm
129:52 Farm
129:53 Farm
129:59 Farm
134:18 Altar of Kings
» items
                
                | Lesser Clarity Potion | 52 |  | 
| Staff of Sanctuary | 3 |  | 
| Scroll of Regeneration | 6 |  | 
| Potion of Mana | 28 |  | 
| Potion of Healing | 17 |  | 
| Robe of the Magi +6 | 1 |  | 
                107 total
  
               
              
              
freunde.w3x (
yellow | 135 APM | 27536 actions | 203:29)
              
 10 Goblin Alchemist 
 3 Chemical Rage
 3 Healing Spray
 1 Transmute
 3 Acid Bomb
 10 Firelord 
 3 Soul Burn
 3 Incinerate
 1 Volcano
 3 Summon Lava Spawn
 10 Keeper of the Grove 
 3 Entangling Roots
 3 Thorns Aura
 1 Tranquility
 3 Force of Nature
 
                » actions 
                
                | Assign group hotkey | 3422 |  | 
| Basic commands | 247 |  | 
| Build / train | 188 |  | 
| Enter build submenu | 94 |  | 
| Enter hero's abilities submenu | 38 |  | 
| Give item / drop item | 8 |  | 
| Remove unit from queue | 7 |  | 
| Right click | 13305 |  | 
| Select / deselect | 5672 |  | 
| Select group hotkey | 3195 |  | 
| Use ability | 1360 |  | 
                27536 total
 » units 
                » upgrades
                
                | Nature's Blessing | 1 |  | 
| Well Spring | 1 |  | 
| Ultravision | 1 |  | 
                3 total
 » buildings
                
                | Altar of Elders | 1 |  | 
| Moon Well | 47 |  | 
| Tree of Ages | 4 |  | 
| Tree of Life | 5 |  | 
| Ancient of War | 6 |  | 
| Tree of Eternity | 4 |  | 
| Hunter's Hall | 2 |  | 
| Ancient Protector | 5 |  | 
| Ancient of Wind | 3 |  | 
| Ancient of Wonders | 1 |  | 
                78 total
 » build order
                00:04 Altar of Elders
00:17 Moon Well
01:49 Moon Well
05:20 Tree of Ages
05:20 Tree of Ages
05:49 Moon Well
06:05 Moon Well
06:48 Tree of Life
07:07 Ancient of War
07:29 Ancient of War
11:31 Tree of Eternity
13:06 Moon Well
13:06 Moon Well
14:46 Hunter's Hall
16:06 Ancient Protector
17:49 Moon Well
17:50 Moon Well
21:42 Tree of Life
23:33 Ancient of War
23:39 Ancient of War
23:40 Ancient of War
26:28 Ancient of War
50:44 Ancient of Wind
50:45 Ancient of Wonders
50:47 Ancient of Wind
51:44 Moon Well
51:45 Moon Well
51:45 Moon Well
51:46 Moon Well
51:47 Moon Well
53:32 Moon Well
53:34 Moon Well
55:07 Moon Well
55:15 Moon Well
65:57 Ancient Protector
65:58 Ancient Protector
66:00 Ancient Protector
66:01 Ancient Protector
73:19 Moon Well
73:19 Moon Well
73:20 Moon Well
73:21 Moon Well
73:22 Moon Well
78:25 Moon Well
78:27 Moon Well
78:27 Moon Well
78:28 Moon Well
78:29 Moon Well
78:29 Moon Well
78:30 Moon Well
78:31 Moon Well
78:31 Moon Well
79:05 Moon Well
79:06 Moon Well
79:06 Moon Well
79:07 Moon Well
80:25 Moon Well
80:30 Moon Well
83:17 Moon Well
83:17 Moon Well
83:19 Moon Well
83:22 Moon Well
83:23 Moon Well
83:24 Moon Well
84:19 Moon Well
84:21 Moon Well
84:23 Moon Well
105:15 Moon Well
148:56 Tree of Life
159:16 Tree of Life
168:12 Tree of Life
196:32 Tree of Ages
197:11 Hunter's Hall
199:07 Ancient of Wind
199:09 Tree of Eternity
» items
                
                | Inferno Stone | 5 |  | 
| Demonic Figurine | 1 |  | 
| Runed Bracers | 2 |  | 
| Orb of Lightning | 1 |  | 
| Scroll of Town Portal | 10 |  | 
| Belt of Giant Strength +6 | 5 |  | 
| Staff of Sanctuary | 3 |  | 
| Sobi Mask | 2 |  | 
| Robe of the Magi +6 | 1 |  | 
| Lesser Clarity Potion | 1 |  | 
| Boots of Quel'Thalas +6 | 1 |  | 
                32 total
  
               
              
              
nutsonYOchin.de (
purple | 71 APM | 14383 actions | 203:29)
              
 10 Blademaster 
 3 Wind Walk
 3 Critical Strike
 1 Bladestorm
 3 Mirror Image
 9 Shadow Hunter 
 3 Hex
 3 Healing Wave
 1 Big Bad Voodoo
 2 Serpent Ward
 
                » actions 
                
                | Assign group hotkey | 14 |  | 
| Basic commands | 180 |  | 
| Build / train | 147 |  | 
| ESC pressed | 25 |  | 
| Enter build submenu | 911 |  | 
| Enter hero's abilities submenu | 19 |  | 
| Give item / drop item | 12 |  | 
| Right click | 5749 |  | 
| Select / deselect | 1167 |  | 
| Select group hotkey | 2760 |  | 
| Use ability | 3399 |  | 
                14383 total
 » units 
                » upgrades
                
                | Spiked Barricades | 1 |  | 
| Reinforced Defenses | 1 |  | 
| Liquid Fire | 2 |  | 
| Ranged Weapons | 1 |  | 
| Armor | 1 |  | 
                6 total
 » buildings
                
                | Altar of Storms | 1 |  | 
| Orc Burrow | 4 |  | 
| War Mill | 2 |  | 
| Watch Tower | 2540 |  | 
| Voodoo Lounge | 2 |  | 
| Stronghold | 1 |  | 
| Great Hall | 1 |  | 
| Beastiary | 2 |  | 
| Fortress | 1 |  | 
| Barracks | 1 |  | 
                2555 total
 » build order
                00:08 Altar of Storms
00:19 Orc Burrow
00:26 War Mill
01:39 Watch Tower
01:44 Watch Tower
02:02 Watch Tower
02:15 Watch Tower
02:48 Watch Tower
02:50 Watch Tower
03:00 Watch Tower
03:05 Watch Tower
03:07 Orc Burrow
03:20 Voodoo Lounge
03:53 Watch Tower
04:03 Watch Tower
04:09 Watch Tower
04:12 Watch Tower
04:13 Watch Tower
04:23 Watch Tower
04:26 Watch Tower
04:30 Watch Tower
04:44 Watch Tower
04:54 Voodoo Lounge
04:59 Watch Tower
05:07 Watch Tower
05:16 Watch Tower
05:42 Watch Tower
05:46 Watch Tower
05:48 Watch Tower
05:51 Watch Tower
05:56 Watch Tower
06:08 Watch Tower
06:11 Watch Tower
06:24 Watch Tower
06:28 Watch Tower
06:37 Watch Tower
07:02 Stronghold
07:05 Watch Tower
07:16 Watch Tower
08:06 Great Hall
08:21 Watch Tower
08:21 Watch Tower
08:22 Watch Tower
08:37 Watch Tower
08:38 Watch Tower
08:42 Watch Tower
08:44 Watch Tower
08:48 Watch Tower
08:50 Watch Tower
08:51 Watch Tower
08:55 Watch Tower
09:44 Watch Tower
09:47 Watch Tower
09:54 Watch Tower
09:56 Watch Tower
10:17 Beastiary
10:53 Watch Tower
11:00 Watch Tower
11:20 Watch Tower
11:20 Watch Tower
11:21 Watch Tower
11:26 Orc Burrow
11:30 Watch Tower
11:30 Watch Tower
11:31 Watch Tower
11:34 Watch Tower
11:35 Watch Tower
11:40 Beastiary
11:42 Fortress
11:48 Watch Tower
11:49 Watch Tower
11:59 Watch Tower
12:08 Watch Tower
13:07 Watch Tower
13:10 Watch Tower
13:11 Watch Tower
13:12 Watch Tower
13:17 Watch Tower
13:18 Watch Tower
13:20 Watch Tower
13:21 Watch Tower
13:22 Watch Tower
13:29 Watch Tower
13:31 Watch Tower
13:31 Watch Tower
13:32 Watch Tower
13:32 Watch Tower
13:40 Watch Tower
13:53 Watch Tower
14:18 Watch Tower
14:19 Watch Tower
14:19 Watch Tower
14:22 Watch Tower
14:23 Watch Tower
14:23 Watch Tower
14:24 Watch Tower
14:34 Watch Tower
14:35 Watch Tower
14:36 Watch Tower
14:40 Watch Tower
14:42 Watch Tower
15:01 Watch Tower
15:08 Watch Tower
15:15 Watch Tower
15:23 Watch Tower
15:36 Watch Tower
15:36 Watch Tower
15:49 Watch Tower
15:50 Watch Tower
15:51 Watch Tower
15:52 Watch Tower
15:53 Watch Tower
15:54 Watch Tower
15:56 Watch Tower
15:56 Watch Tower
15:57 Watch Tower
15:58 Watch Tower
15:58 Watch Tower
15:59 Watch Tower
16:13 Watch Tower
16:22 Watch Tower
16:23 Watch Tower
16:24 Watch Tower
16:29 Watch Tower
16:31 Watch Tower
16:31 Watch Tower
16:50 Watch Tower
16:52 Watch Tower
17:22 Watch Tower
17:40 Watch Tower
18:26 Watch Tower
18:45 Watch Tower
18:46 Watch Tower
18:59 Watch Tower
19:00 Watch Tower
19:02 Watch Tower
19:03 Watch Tower
19:55 Watch Tower
19:56 Watch Tower
19:57 Watch Tower
20:01 Watch Tower
20:02 Watch Tower
20:05 Watch Tower
20:06 Watch Tower
20:07 Watch Tower
20:10 Watch Tower
20:10 Watch Tower
20:13 Watch Tower
20:15 Watch Tower
20:15 Watch Tower
20:19 Watch Tower
21:17 Watch Tower
21:18 Watch Tower
21:19 Watch Tower
21:21 Watch Tower
21:21 Watch Tower
21:22 Watch Tower
21:23 Watch Tower
21:24 Watch Tower
21:24 Watch Tower
21:28 Watch Tower
21:28 Watch Tower
21:43 Watch Tower
21:44 Watch Tower
21:45 Watch Tower
22:01 Watch Tower
22:01 Watch Tower
22:03 Watch Tower
22:04 Watch Tower
22:05 Watch Tower
22:36 Watch Tower
22:37 Watch Tower
22:38 Watch Tower
22:41 Watch Tower
22:42 Watch Tower
23:23 Watch Tower
23:25 Watch Tower
23:40 Watch Tower
23:41 Watch Tower
23:42 Watch Tower
23:44 Watch Tower
23:46 Watch Tower
23:46 Watch Tower
23:51 Watch Tower
23:52 Watch Tower
24:19 Watch Tower
24:34 Watch Tower
24:35 Watch Tower
24:35 Watch Tower
24:36 Watch Tower
24:37 Watch Tower
24:37 Watch Tower
24:38 Watch Tower
24:39 Watch Tower
24:44 Watch Tower
24:45 Watch Tower
24:46 Watch Tower
24:46 Watch Tower
24:52 Watch Tower
24:52 Watch Tower
24:53 Watch Tower
24:54 Watch Tower
24:57 Watch Tower
24:59 Watch Tower
25:11 Watch Tower
25:52 Watch Tower
25:58 Watch Tower
25:59 Watch Tower
25:59 Watch Tower
26:22 Watch Tower
26:22 Watch Tower
26:23 Watch Tower
26:24 Watch Tower
26:25 Watch Tower
26:44 Watch Tower
26:45 Watch Tower
26:46 Watch Tower
26:49 Watch Tower
26:49 Watch Tower
26:50 Watch Tower
26:51 Watch Tower
26:51 Watch Tower
26:53 Watch Tower
26:53 Watch Tower
26:55 Watch Tower
26:57 Watch Tower
26:58 Watch Tower
26:59 Watch Tower
27:29 Watch Tower
27:30 Watch Tower
27:31 Watch Tower
27:31 Watch Tower
27:35 Watch Tower
27:36 Watch Tower
27:37 Watch Tower
27:38 Watch Tower
27:49 Watch Tower
27:51 Watch Tower
27:54 Watch Tower
27:55 Watch Tower
27:55 Watch Tower
28:58 Watch Tower
28:58 Watch Tower
30:00 Watch Tower
30:00 Watch Tower
30:01 Watch Tower
30:01 Watch Tower
30:34 Watch Tower
30:34 Watch Tower
30:35 Watch Tower
30:36 Watch Tower
30:36 Watch Tower
30:37 Watch Tower
30:38 Watch Tower
30:39 Watch Tower
30:39 Watch Tower
30:40 Watch Tower
30:41 Watch Tower
30:41 Watch Tower
30:45 Watch Tower
30:45 Watch Tower
30:46 Watch Tower
30:46 Watch Tower
30:47 Watch Tower
31:09 Watch Tower
31:11 Watch Tower
31:12 Watch Tower
31:13 Watch Tower
31:49 Watch Tower
31:50 Watch Tower
31:50 Watch Tower
33:33 Watch Tower
34:07 Watch Tower
34:08 Watch Tower
34:09 Watch Tower
34:10 Watch Tower
34:12 Watch Tower
34:13 Watch Tower
34:14 Watch Tower
34:15 Watch Tower
34:36 Watch Tower
34:37 Watch Tower
35:35 Watch Tower
35:38 Watch Tower
36:56 Watch Tower
36:56 Watch Tower
36:57 Watch Tower
36:58 Watch Tower
36:59 Watch Tower
36:59 Watch Tower
37:41 Watch Tower
37:42 Watch Tower
37:43 Watch Tower
37:44 Watch Tower
37:44 Watch Tower
37:45 Watch Tower
38:22 Watch Tower
38:22 Watch Tower
38:23 Watch Tower
38:24 Watch Tower
38:25 Watch Tower
38:25 Watch Tower
38:26 Watch Tower
38:27 Watch Tower
38:30 Watch Tower
38:31 Watch Tower
38:44 Watch Tower
38:44 Watch Tower
39:13 Watch Tower
39:14 Watch Tower
39:15 Watch Tower
39:16 Watch Tower
39:16 Watch Tower
39:16 Watch Tower
39:17 Watch Tower
40:03 Watch Tower
41:01 Watch Tower
41:02 Watch Tower
41:03 Watch Tower
41:04 Watch Tower
41:05 Watch Tower
41:06 Watch Tower
41:08 Watch Tower
41:21 Watch Tower
41:21 Watch Tower
41:22 Watch Tower
41:23 Watch Tower
41:24 Watch Tower
41:25 Watch Tower
41:33 Watch Tower
41:35 Watch Tower
41:35 Watch Tower
41:36 Watch Tower
42:04 Watch Tower
42:05 Watch Tower
42:28 Watch Tower
42:28 Watch Tower
42:30 Watch Tower
42:31 Watch Tower
43:33 Watch Tower
43:40 Watch Tower
43:41 Watch Tower
44:14 Watch Tower
44:29 Watch Tower
44:32 Watch Tower
44:40 Watch Tower
44:41 Watch Tower
44:51 Watch Tower
44:52 Watch Tower
45:01 Watch Tower
45:39 Watch Tower
45:41 Watch Tower
45:52 Watch Tower
45:54 Watch Tower
46:06 Watch Tower
46:07 Watch Tower
46:08 Watch Tower
46:10 Watch Tower
46:37 Watch Tower
46:38 Watch Tower
47:30 Watch Tower
47:31 Watch Tower
47:36 Watch Tower
47:42 Watch Tower
47:43 Watch Tower
47:44 Watch Tower
47:48 Watch Tower
47:50 Watch Tower
47:50 Watch Tower
47:52 Watch Tower
48:11 Watch Tower
48:12 Watch Tower
48:13 Watch Tower
48:19 Watch Tower
48:20 Watch Tower
48:21 Watch Tower
49:07 Watch Tower
49:29 Watch Tower
49:31 Watch Tower
49:33 Watch Tower
49:36 Watch Tower
49:45 Watch Tower
49:46 Watch Tower
49:55 Barracks
49:56 Watch Tower
49:58 Watch Tower
49:59 Watch Tower
50:19 Watch Tower
50:33 Watch Tower
50:34 Watch Tower
50:35 Watch Tower
50:36 Watch Tower
50:39 Watch Tower
50:40 Watch Tower
50:41 Watch Tower
50:44 Watch Tower
50:45 Watch Tower
51:10 Watch Tower
51:11 Watch Tower
51:12 Watch Tower
52:32 Watch Tower
52:33 Watch Tower
52:34 Watch Tower
52:35 Watch Tower
52:36 Watch Tower
52:37 Watch Tower
53:02 War Mill
53:05 Watch Tower
53:06 Watch Tower
53:06 Watch Tower
53:08 Watch Tower
53:08 Watch Tower
53:10 Watch Tower
53:18 Watch Tower
53:19 Watch Tower
53:42 Watch Tower
53:43 Watch Tower
53:44 Watch Tower
53:44 Watch Tower
54:41 Watch Tower
54:42 Watch Tower
54:43 Watch Tower
54:44 Watch Tower
54:51 Watch Tower
54:52 Watch Tower
55:51 Watch Tower
55:52 Watch Tower
55:53 Watch Tower
55:53 Watch Tower
55:55 Watch Tower
55:56 Watch Tower
55:57 Watch Tower
55:58 Watch Tower
55:59 Watch Tower
55:59 Watch Tower
56:00 Watch Tower
56:01 Watch Tower
56:02 Watch Tower
56:02 Watch Tower
56:03 Watch Tower
56:04 Watch Tower
56:04 Watch Tower
56:05 Watch Tower
56:05 Watch Tower
56:06 Watch Tower
56:07 Watch Tower
56:07 Watch Tower
56:08 Watch Tower
56:08 Watch Tower
56:09 Watch Tower
56:10 Watch Tower
60:41 Watch Tower
60:42 Watch Tower
60:43 Watch Tower
60:44 Watch Tower
60:44 Watch Tower
61:47 Watch Tower
61:47 Watch Tower
62:51 Watch Tower
62:52 Watch Tower
62:53 Watch Tower
64:14 Watch Tower
64:15 Watch Tower
64:22 Watch Tower
64:23 Watch Tower
64:24 Watch Tower
64:25 Watch Tower
64:26 Watch Tower
64:27 Watch Tower
64:27 Watch Tower
64:28 Watch Tower
64:29 Watch Tower
64:31 Watch Tower
64:32 Watch Tower
64:33 Watch Tower
64:35 Watch Tower
66:08 Watch Tower
66:09 Watch Tower
66:11 Watch Tower
66:16 Watch Tower
66:17 Watch Tower
66:18 Watch Tower
68:48 Watch Tower
68:49 Watch Tower
68:50 Watch Tower
68:51 Watch Tower
68:51 Watch Tower
68:52 Watch Tower
68:53 Watch Tower
68:54 Watch Tower
70:34 Watch Tower
70:35 Watch Tower
70:36 Watch Tower
70:36 Watch Tower
70:37 Watch Tower
71:10 Watch Tower
71:11 Watch Tower
71:11 Watch Tower
71:13 Watch Tower
71:14 Watch Tower
71:21 Watch Tower
71:22 Watch Tower
71:23 Watch Tower
71:24 Watch Tower
71:24 Watch Tower
71:26 Watch Tower
71:27 Watch Tower
71:28 Watch Tower
71:29 Watch Tower
71:29 Watch Tower
71:30 Watch Tower
71:32 Watch Tower
72:00 Watch Tower
72:01 Watch Tower
72:02 Watch Tower
72:02 Watch Tower
72:03 Watch Tower
72:05 Watch Tower
72:05 Watch Tower
72:06 Watch Tower
72:06 Watch Tower
72:07 Watch Tower
72:08 Watch Tower
72:09 Watch Tower
72:10 Watch Tower
72:10 Watch Tower
72:11 Watch Tower
72:13 Watch Tower
72:14 Watch Tower
72:15 Watch Tower
72:16 Watch Tower
72:17 Watch Tower
72:18 Watch Tower
72:22 Watch Tower
72:23 Watch Tower
72:24 Watch Tower
72:25 Watch Tower
72:25 Watch Tower
73:29 Watch Tower
73:30 Watch Tower
73:31 Watch Tower
73:32 Watch Tower
73:32 Watch Tower
73:33 Watch Tower
73:40 Watch Tower
73:41 Watch Tower
73:43 Watch Tower
73:44 Watch Tower
73:46 Watch Tower
73:47 Watch Tower
73:48 Watch Tower
75:48 Watch Tower
75:49 Watch Tower
75:50 Watch Tower
75:51 Watch Tower
75:52 Watch Tower
75:52 Watch Tower
76:31 Watch Tower
76:32 Watch Tower
76:33 Watch Tower
76:33 Watch Tower
76:34 Watch Tower
76:34 Watch Tower
76:42 Watch Tower
76:46 Watch Tower
76:47 Watch Tower
76:47 Watch Tower
76:48 Watch Tower
78:14 Watch Tower
78:15 Watch Tower
78:16 Watch Tower
78:16 Watch Tower
78:24 Watch Tower
78:46 Watch Tower
78:46 Watch Tower
78:47 Watch Tower
78:48 Watch Tower
78:49 Watch Tower
78:50 Watch Tower
78:51 Watch Tower
78:52 Watch Tower
78:53 Watch Tower
78:55 Watch Tower
78:56 Watch Tower
78:57 Watch Tower
79:04 Watch Tower
79:04 Watch Tower
79:05 Watch Tower
79:15 Watch Tower
79:16 Watch Tower
79:17 Watch Tower
79:18 Watch Tower
79:19 Watch Tower
79:21 Watch Tower
79:22 Watch Tower
79:25 Watch Tower
79:26 Watch Tower
79:27 Watch Tower
80:09 Watch Tower
80:09 Watch Tower
80:10 Watch Tower
81:04 Watch Tower
81:37 Watch Tower
81:38 Watch Tower
81:38 Watch Tower
81:39 Watch Tower
82:06 Watch Tower
82:06 Watch Tower
82:07 Watch Tower
82:08 Watch Tower
82:32 Watch Tower
82:35 Watch Tower
83:20 Watch Tower
83:21 Watch Tower
83:22 Watch Tower
83:29 Watch Tower
83:34 Watch Tower
83:35 Watch Tower
83:36 Watch Tower
83:40 Watch Tower
83:41 Watch Tower
83:49 Watch Tower
83:54 Watch Tower
84:06 Watch Tower
84:07 Watch Tower
84:08 Watch Tower
84:09 Watch Tower
84:10 Watch Tower
84:11 Watch Tower
84:12 Watch Tower
84:12 Watch Tower
84:13 Watch Tower
84:15 Watch Tower
84:24 Watch Tower
84:25 Watch Tower
84:29 Watch Tower
84:30 Watch Tower
84:31 Watch Tower
84:31 Watch Tower
84:32 Watch Tower
84:33 Watch Tower
84:34 Watch Tower
84:34 Watch Tower
84:37 Watch Tower
84:38 Watch Tower
84:39 Watch Tower
84:39 Watch Tower
84:40 Watch Tower
84:41 Watch Tower
84:42 Watch Tower
84:50 Watch Tower
84:50 Watch Tower
84:51 Watch Tower
84:52 Watch Tower
84:53 Watch Tower
84:54 Watch Tower
84:54 Watch Tower
84:55 Watch Tower
85:04 Watch Tower
85:05 Watch Tower
85:22 Watch Tower
85:22 Watch Tower
85:23 Watch Tower
85:24 Watch Tower
85:25 Watch Tower
85:26 Watch Tower
85:26 Watch Tower
85:27 Watch Tower
85:28 Watch Tower
85:29 Watch Tower
85:29 Watch Tower
85:30 Watch Tower
85:32 Watch Tower
85:32 Watch Tower
85:33 Watch Tower
85:34 Watch Tower
85:35 Watch Tower
85:36 Watch Tower
85:37 Watch Tower
85:39 Watch Tower
85:41 Watch Tower
85:41 Watch Tower
85:42 Watch Tower
85:43 Watch Tower
85:44 Watch Tower
85:45 Watch Tower
86:17 Watch Tower
86:20 Watch Tower
86:22 Watch Tower
86:22 Watch Tower
86:23 Watch Tower
86:23 Watch Tower
86:24 Watch Tower
86:25 Watch Tower
86:26 Watch Tower
86:27 Watch Tower
86:30 Watch Tower
86:31 Watch Tower
86:32 Watch Tower
86:33 Watch Tower
87:20 Watch Tower
87:23 Watch Tower
87:24 Watch Tower
87:25 Watch Tower
87:26 Watch Tower
87:26 Watch Tower
87:27 Watch Tower
87:28 Watch Tower
87:30 Watch Tower
87:31 Watch Tower
87:42 Watch Tower
87:43 Watch Tower
87:44 Watch Tower
87:45 Watch Tower
87:46 Watch Tower
87:47 Watch Tower
87:51 Watch Tower
87:52 Watch Tower
87:53 Watch Tower
87:53 Watch Tower
87:54 Watch Tower
87:57 Watch Tower
87:57 Watch Tower
88:38 Watch Tower
88:38 Watch Tower
88:39 Watch Tower
88:40 Watch Tower
88:57 Watch Tower
88:59 Watch Tower
89:00 Watch Tower
89:00 Watch Tower
89:01 Watch Tower
89:02 Watch Tower
89:04 Watch Tower
89:05 Watch Tower
89:06 Watch Tower
89:08 Watch Tower
89:09 Watch Tower
89:10 Watch Tower
89:10 Watch Tower
89:11 Watch Tower
89:12 Watch Tower
89:13 Watch Tower
89:14 Watch Tower
89:16 Watch Tower
89:17 Watch Tower
89:18 Watch Tower
89:18 Watch Tower
91:07 Watch Tower
91:07 Watch Tower
91:08 Watch Tower
91:09 Watch Tower
91:10 Watch Tower
91:11 Watch Tower
91:12 Watch Tower
91:13 Watch Tower
91:23 Watch Tower
91:24 Watch Tower
91:25 Watch Tower
91:25 Watch Tower
91:26 Watch Tower
91:27 Watch Tower
91:27 Watch Tower
91:28 Watch Tower
91:28 Watch Tower
91:29 Watch Tower
91:30 Watch Tower
91:30 Watch Tower
91:31 Watch Tower
91:31 Watch Tower
91:36 Watch Tower
91:37 Watch Tower
91:38 Watch Tower
91:39 Watch Tower
91:40 Watch Tower
91:41 Watch Tower
91:41 Watch Tower
91:42 Watch Tower
91:43 Watch Tower
91:44 Watch Tower
91:48 Watch Tower
91:49 Watch Tower
91:50 Watch Tower
91:50 Watch Tower
92:28 Watch Tower
92:29 Watch Tower
92:29 Watch Tower
92:30 Watch Tower
92:31 Watch Tower
92:32 Watch Tower
92:41 Watch Tower
92:42 Watch Tower
92:43 Watch Tower
92:45 Watch Tower
92:45 Watch Tower
92:53 Watch Tower
92:54 Watch Tower
92:55 Watch Tower
92:55 Watch Tower
92:56 Watch Tower
92:57 Watch Tower
92:58 Watch Tower
92:58 Watch Tower
93:00 Watch Tower
93:01 Watch Tower
93:02 Watch Tower
93:03 Watch Tower
93:04 Watch Tower
93:04 Watch Tower
93:05 Watch Tower
93:06 Watch Tower
93:09 Watch Tower
93:09 Watch Tower
93:10 Watch Tower
93:10 Watch Tower
93:11 Watch Tower
93:12 Watch Tower
93:13 Watch Tower
93:38 Watch Tower
93:38 Watch Tower
93:39 Watch Tower
93:40 Watch Tower
93:41 Watch Tower
93:42 Watch Tower
93:43 Watch Tower
93:43 Watch Tower
93:44 Watch Tower
94:59 Watch Tower
95:00 Watch Tower
95:01 Watch Tower
95:02 Watch Tower
95:03 Watch Tower
95:03 Watch Tower
95:06 Watch Tower
95:06 Watch Tower
95:07 Watch Tower
95:07 Watch Tower
95:08 Watch Tower
95:09 Watch Tower
95:14 Watch Tower
95:15 Watch Tower
95:16 Watch Tower
95:16 Watch Tower
95:17 Watch Tower
95:18 Watch Tower
95:19 Watch Tower
95:19 Watch Tower
95:20 Watch Tower
95:29 Watch Tower
95:30 Watch Tower
95:31 Watch Tower
95:32 Watch Tower
95:33 Watch Tower
95:33 Watch Tower
95:46 Watch Tower
95:47 Watch Tower
95:48 Watch Tower
95:49 Watch Tower
95:50 Watch Tower
95:50 Watch Tower
95:51 Watch Tower
95:52 Watch Tower
95:53 Watch Tower
95:54 Watch Tower
95:55 Watch Tower
95:56 Watch Tower
95:57 Watch Tower
95:58 Watch Tower
96:00 Watch Tower
96:01 Watch Tower
96:02 Watch Tower
96:02 Watch Tower
96:03 Watch Tower
96:04 Watch Tower
96:04 Watch Tower
96:05 Watch Tower
96:07 Watch Tower
96:08 Watch Tower
96:09 Watch Tower
96:09 Watch Tower
96:10 Watch Tower
96:11 Watch Tower
96:12 Watch Tower
96:13 Watch Tower
96:30 Watch Tower
96:30 Watch Tower
96:31 Watch Tower
96:32 Watch Tower
96:32 Watch Tower
96:34 Watch Tower
96:34 Watch Tower
98:52 Watch Tower
98:55 Watch Tower
98:56 Watch Tower
98:57 Watch Tower
98:59 Watch Tower
99:01 Watch Tower
99:02 Watch Tower
99:04 Watch Tower
99:05 Watch Tower
99:06 Watch Tower
99:07 Watch Tower
99:09 Watch Tower
99:10 Watch Tower
99:11 Watch Tower
99:12 Watch Tower
99:13 Watch Tower
99:14 Watch Tower
99:14 Watch Tower
99:16 Watch Tower
99:22 Watch Tower
99:24 Watch Tower
99:25 Watch Tower
99:26 Watch Tower
99:27 Watch Tower
99:27 Watch Tower
99:28 Watch Tower
99:29 Watch Tower
99:30 Watch Tower
99:31 Watch Tower
99:33 Watch Tower
99:34 Watch Tower
99:37 Watch Tower
99:38 Watch Tower
99:39 Watch Tower
99:39 Watch Tower
99:40 Watch Tower
99:40 Watch Tower
99:41 Watch Tower
99:42 Watch Tower
99:43 Watch Tower
99:46 Watch Tower
99:46 Watch Tower
99:48 Watch Tower
99:49 Watch Tower
99:50 Watch Tower
99:51 Watch Tower
99:52 Watch Tower
99:53 Watch Tower
99:58 Watch Tower
100:00 Watch Tower
100:01 Watch Tower
100:01 Watch Tower
100:03 Watch Tower
100:04 Watch Tower
100:05 Watch Tower
100:06 Watch Tower
100:07 Watch Tower
100:10 Watch Tower
100:13 Watch Tower
100:14 Watch Tower
100:15 Watch Tower
100:16 Watch Tower
100:16 Watch Tower
100:21 Watch Tower
100:23 Watch Tower
100:24 Watch Tower
100:25 Watch Tower
100:25 Watch Tower
100:26 Watch Tower
100:31 Watch Tower
100:32 Watch Tower
100:33 Watch Tower
100:34 Watch Tower
100:34 Watch Tower
100:35 Watch Tower
100:36 Watch Tower
100:36 Watch Tower
100:37 Watch Tower
100:38 Watch Tower
100:38 Watch Tower
102:12 Watch Tower
102:14 Watch Tower
102:15 Watch Tower
102:17 Watch Tower
102:17 Watch Tower
102:18 Watch Tower
102:20 Watch Tower
102:23 Watch Tower
102:24 Watch Tower
102:25 Watch Tower
102:28 Watch Tower
102:31 Watch Tower
102:32 Watch Tower
102:34 Watch Tower
102:34 Watch Tower
102:36 Watch Tower
102:37 Watch Tower
102:39 Watch Tower
102:40 Watch Tower
102:40 Watch Tower
102:41 Watch Tower
102:42 Watch Tower
102:43 Watch Tower
102:54 Watch Tower
102:55 Watch Tower
102:56 Watch Tower
102:57 Watch Tower
102:58 Watch Tower
102:59 Watch Tower
103:00 Watch Tower
103:01 Watch Tower
103:02 Watch Tower
103:03 Watch Tower
103:04 Watch Tower
103:06 Watch Tower
103:08 Watch Tower
103:09 Watch Tower
103:09 Watch Tower
103:10 Watch Tower
103:12 Watch Tower
103:13 Watch Tower
103:15 Watch Tower
103:16 Watch Tower
103:21 Watch Tower
103:22 Watch Tower
103:23 Watch Tower
103:24 Watch Tower
103:24 Watch Tower
103:25 Watch Tower
103:26 Watch Tower
103:27 Watch Tower
103:27 Watch Tower
103:28 Watch Tower
103:29 Watch Tower
103:30 Watch Tower
103:31 Watch Tower
103:41 Watch Tower
103:43 Watch Tower
103:43 Watch Tower
103:45 Watch Tower
103:46 Watch Tower
103:47 Watch Tower
103:49 Watch Tower
103:50 Watch Tower
103:51 Watch Tower
103:53 Watch Tower
103:53 Watch Tower
103:54 Watch Tower
104:04 Watch Tower
104:04 Watch Tower
104:06 Watch Tower
104:06 Watch Tower
104:07 Watch Tower
104:21 Watch Tower
104:21 Watch Tower
104:22 Watch Tower
104:23 Watch Tower
104:24 Watch Tower
104:25 Watch Tower
104:26 Watch Tower
104:27 Watch Tower
104:28 Watch Tower
104:29 Watch Tower
104:30 Watch Tower
104:31 Watch Tower
104:32 Watch Tower
104:34 Watch Tower
105:28 Watch Tower
105:30 Watch Tower
105:30 Watch Tower
105:31 Watch Tower
105:33 Watch Tower
105:33 Watch Tower
105:34 Watch Tower
105:34 Watch Tower
105:36 Watch Tower
105:37 Watch Tower
105:39 Watch Tower
105:59 Watch Tower
106:04 Watch Tower
106:05 Watch Tower
106:06 Watch Tower
106:07 Watch Tower
106:08 Watch Tower
106:08 Watch Tower
106:09 Watch Tower
106:11 Watch Tower
106:12 Watch Tower
106:13 Watch Tower
106:14 Watch Tower
106:15 Watch Tower
106:16 Watch Tower
106:17 Watch Tower
106:18 Watch Tower
106:19 Watch Tower
106:19 Watch Tower
106:24 Watch Tower
106:25 Watch Tower
106:26 Watch Tower
106:27 Watch Tower
106:28 Watch Tower
106:29 Watch Tower
106:30 Watch Tower
106:31 Watch Tower
106:32 Watch Tower
106:33 Watch Tower
106:34 Watch Tower
106:39 Watch Tower
106:44 Watch Tower
106:45 Watch Tower
106:46 Watch Tower
106:48 Watch Tower
106:49 Watch Tower
106:49 Watch Tower
106:51 Watch Tower
106:52 Watch Tower
106:53 Watch Tower
106:54 Watch Tower
106:56 Watch Tower
106:57 Watch Tower
106:59 Watch Tower
107:00 Watch Tower
107:06 Watch Tower
107:07 Watch Tower
107:09 Watch Tower
107:10 Watch Tower
107:11 Watch Tower
107:12 Watch Tower
107:59 Watch Tower
108:00 Watch Tower
108:01 Watch Tower
108:03 Watch Tower
108:06 Watch Tower
108:09 Watch Tower
108:10 Watch Tower
108:12 Watch Tower
108:13 Watch Tower
108:14 Watch Tower
108:15 Watch Tower
108:15 Watch Tower
108:17 Watch Tower
108:18 Watch Tower
108:18 Watch Tower
108:19 Watch Tower
108:20 Watch Tower
108:20 Watch Tower
108:21 Watch Tower
108:22 Watch Tower
108:26 Watch Tower
108:27 Watch Tower
108:28 Watch Tower
108:28 Watch Tower
108:30 Watch Tower
108:31 Watch Tower
108:32 Watch Tower
108:33 Watch Tower
108:37 Watch Tower
108:37 Watch Tower
108:38 Watch Tower
108:41 Watch Tower
108:42 Watch Tower
108:42 Watch Tower
108:48 Watch Tower
108:49 Watch Tower
108:50 Watch Tower
108:51 Watch Tower
108:52 Watch Tower
108:52 Watch Tower
108:54 Watch Tower
108:55 Watch Tower
108:56 Watch Tower
109:06 Watch Tower
109:07 Watch Tower
109:09 Watch Tower
109:10 Watch Tower
109:10 Watch Tower
109:11 Watch Tower
109:12 Watch Tower
109:12 Watch Tower
109:14 Watch Tower
109:15 Watch Tower
109:16 Watch Tower
109:18 Watch Tower
109:18 Watch Tower
109:19 Watch Tower
109:23 Watch Tower
109:25 Watch Tower
109:26 Watch Tower
109:27 Watch Tower
109:28 Watch Tower
109:29 Watch Tower
109:45 Watch Tower
109:46 Watch Tower
109:47 Watch Tower
109:48 Watch Tower
109:48 Watch Tower
109:49 Watch Tower
109:50 Watch Tower
109:51 Watch Tower
109:52 Watch Tower
109:53 Watch Tower
109:53 Watch Tower
109:54 Watch Tower
109:55 Watch Tower
109:56 Watch Tower
109:57 Watch Tower
110:17 Watch Tower
110:18 Watch Tower
110:19 Watch Tower
110:20 Watch Tower
110:21 Watch Tower
110:22 Watch Tower
110:56 Watch Tower
110:57 Watch Tower
110:59 Watch Tower
111:00 Watch Tower
111:02 Watch Tower
111:03 Watch Tower
111:58 Watch Tower
112:00 Watch Tower
112:02 Watch Tower
112:04 Watch Tower
112:04 Watch Tower
112:05 Watch Tower
112:06 Watch Tower
112:40 Watch Tower
112:41 Watch Tower
112:43 Watch Tower
112:43 Watch Tower
112:45 Watch Tower
112:46 Watch Tower
112:47 Watch Tower
112:48 Watch Tower
112:49 Watch Tower
112:50 Watch Tower
112:51 Watch Tower
112:54 Watch Tower
112:56 Watch Tower
112:59 Watch Tower
113:00 Watch Tower
113:01 Watch Tower
113:02 Watch Tower
113:03 Watch Tower
113:04 Watch Tower
113:05 Watch Tower
113:05 Watch Tower
113:06 Watch Tower
113:08 Watch Tower
113:11 Watch Tower
113:12 Watch Tower
113:12 Watch Tower
113:14 Watch Tower
113:14 Watch Tower
113:16 Watch Tower
113:17 Watch Tower
113:18 Watch Tower
113:19 Watch Tower
113:20 Watch Tower
113:21 Watch Tower
113:27 Watch Tower
113:28 Watch Tower
113:31 Watch Tower
113:33 Watch Tower
113:34 Watch Tower
113:34 Watch Tower
113:35 Watch Tower
113:37 Watch Tower
113:37 Watch Tower
114:01 Watch Tower
114:02 Watch Tower
114:03 Watch Tower
114:04 Watch Tower
114:05 Watch Tower
114:06 Watch Tower
114:07 Watch Tower
114:08 Watch Tower
114:10 Watch Tower
114:11 Watch Tower
114:12 Watch Tower
114:12 Watch Tower
114:16 Watch Tower
114:16 Watch Tower
114:19 Watch Tower
114:20 Watch Tower
114:21 Watch Tower
114:22 Watch Tower
114:22 Watch Tower
114:25 Watch Tower
114:26 Watch Tower
114:28 Watch Tower
114:29 Watch Tower
114:30 Watch Tower
114:32 Watch Tower
114:33 Watch Tower
114:34 Watch Tower
114:39 Watch Tower
114:52 Watch Tower
114:53 Watch Tower
114:53 Watch Tower
114:54 Watch Tower
114:55 Watch Tower
114:56 Watch Tower
115:01 Watch Tower
115:02 Watch Tower
115:03 Watch Tower
115:04 Watch Tower
115:05 Watch Tower
115:07 Watch Tower
115:08 Watch Tower
115:12 Watch Tower
115:13 Watch Tower
115:15 Watch Tower
115:15 Watch Tower
115:16 Watch Tower
115:21 Watch Tower
115:24 Watch Tower
115:25 Watch Tower
115:25 Watch Tower
115:26 Watch Tower
115:27 Watch Tower
115:28 Watch Tower
115:29 Watch Tower
115:34 Watch Tower
115:35 Watch Tower
115:36 Watch Tower
115:37 Watch Tower
115:38 Watch Tower
115:39 Watch Tower
115:40 Watch Tower
115:40 Watch Tower
115:41 Watch Tower
115:42 Watch Tower
115:42 Watch Tower
115:43 Watch Tower
115:44 Watch Tower
115:45 Watch Tower
116:02 Watch Tower
116:03 Watch Tower
116:05 Watch Tower
116:05 Watch Tower
116:07 Watch Tower
116:07 Watch Tower
116:08 Watch Tower
116:09 Watch Tower
116:10 Watch Tower
116:11 Watch Tower
116:13 Watch Tower
116:14 Watch Tower
116:15 Watch Tower
116:15 Watch Tower
116:28 Watch Tower
116:29 Watch Tower
116:29 Watch Tower
116:30 Watch Tower
116:31 Watch Tower
116:32 Watch Tower
116:33 Watch Tower
116:34 Watch Tower
116:37 Watch Tower
116:37 Watch Tower
116:38 Watch Tower
116:39 Watch Tower
116:39 Watch Tower
116:41 Watch Tower
116:44 Watch Tower
116:44 Watch Tower
116:46 Watch Tower
116:47 Watch Tower
116:54 Watch Tower
116:54 Watch Tower
116:55 Watch Tower
116:56 Watch Tower
116:57 Watch Tower
116:57 Watch Tower
116:58 Watch Tower
116:59 Watch Tower
117:13 Watch Tower
117:14 Watch Tower
117:15 Watch Tower
117:16 Watch Tower
117:18 Watch Tower
117:19 Watch Tower
117:20 Watch Tower
117:21 Watch Tower
117:21 Watch Tower
117:22 Watch Tower
117:24 Watch Tower
117:25 Watch Tower
117:28 Watch Tower
117:29 Watch Tower
117:32 Watch Tower
117:33 Watch Tower
117:34 Watch Tower
117:35 Watch Tower
117:36 Watch Tower
117:37 Watch Tower
117:39 Watch Tower
117:39 Watch Tower
117:40 Watch Tower
117:41 Watch Tower
117:42 Watch Tower
117:43 Watch Tower
117:45 Watch Tower
117:46 Watch Tower
117:47 Watch Tower
117:49 Watch Tower
117:49 Watch Tower
117:50 Watch Tower
117:51 Watch Tower
117:52 Watch Tower
117:55 Watch Tower
117:57 Watch Tower
117:58 Watch Tower
118:02 Watch Tower
118:03 Watch Tower
118:15 Watch Tower
118:16 Watch Tower
118:16 Watch Tower
118:18 Watch Tower
118:18 Watch Tower
118:20 Watch Tower
118:23 Watch Tower
118:24 Watch Tower
118:25 Watch Tower
118:26 Watch Tower
118:27 Watch Tower
118:28 Watch Tower
118:29 Watch Tower
118:30 Watch Tower
118:31 Watch Tower
118:32 Watch Tower
118:33 Watch Tower
118:34 Watch Tower
118:34 Watch Tower
118:35 Watch Tower
118:36 Watch Tower
118:37 Watch Tower
118:37 Watch Tower
118:38 Watch Tower
118:40 Watch Tower
118:41 Watch Tower
118:43 Watch Tower
118:57 Orc Burrow
119:14 Watch Tower
119:14 Watch Tower
119:15 Watch Tower
119:17 Watch Tower
119:20 Watch Tower
120:03 Watch Tower
120:04 Watch Tower
120:05 Watch Tower
120:06 Watch Tower
120:08 Watch Tower
120:09 Watch Tower
120:12 Watch Tower
120:14 Watch Tower
120:15 Watch Tower
120:16 Watch Tower
120:17 Watch Tower
120:22 Watch Tower
120:23 Watch Tower
120:24 Watch Tower
120:25 Watch Tower
120:25 Watch Tower
120:26 Watch Tower
120:27 Watch Tower
120:28 Watch Tower
120:31 Watch Tower
120:32 Watch Tower
120:33 Watch Tower
120:34 Watch Tower
120:35 Watch Tower
120:36 Watch Tower
120:37 Watch Tower
120:37 Watch Tower
120:38 Watch Tower
120:41 Watch Tower
120:46 Watch Tower
120:47 Watch Tower
120:48 Watch Tower
120:49 Watch Tower
120:49 Watch Tower
120:50 Watch Tower
120:51 Watch Tower
120:53 Watch Tower
120:54 Watch Tower
120:55 Watch Tower
120:56 Watch Tower
120:57 Watch Tower
120:58 Watch Tower
120:59 Watch Tower
121:00 Watch Tower
121:01 Watch Tower
121:04 Watch Tower
121:05 Watch Tower
121:06 Watch Tower
121:09 Watch Tower
121:10 Watch Tower
121:10 Watch Tower
121:11 Watch Tower
121:12 Watch Tower
121:13 Watch Tower
121:15 Watch Tower
121:15 Watch Tower
121:16 Watch Tower
121:17 Watch Tower
121:18 Watch Tower
121:20 Watch Tower
121:21 Watch Tower
121:22 Watch Tower
121:23 Watch Tower
121:36 Watch Tower
121:37 Watch Tower
121:37 Watch Tower
121:40 Watch Tower
121:41 Watch Tower
121:41 Watch Tower
121:42 Watch Tower
121:43 Watch Tower
121:44 Watch Tower
121:46 Watch Tower
121:47 Watch Tower
121:48 Watch Tower
121:49 Watch Tower
121:50 Watch Tower
121:53 Watch Tower
121:55 Watch Tower
122:04 Watch Tower
122:05 Watch Tower
122:06 Watch Tower
122:07 Watch Tower
122:08 Watch Tower
122:09 Watch Tower
122:10 Watch Tower
122:23 Watch Tower
122:24 Watch Tower
122:25 Watch Tower
122:26 Watch Tower
122:27 Watch Tower
122:27 Watch Tower
122:28 Watch Tower
122:29 Watch Tower
122:30 Watch Tower
122:31 Watch Tower
122:32 Watch Tower
122:35 Watch Tower
122:36 Watch Tower
122:37 Watch Tower
122:38 Watch Tower
122:39 Watch Tower
122:40 Watch Tower
122:41 Watch Tower
122:42 Watch Tower
122:43 Watch Tower
122:43 Watch Tower
122:46 Watch Tower
122:47 Watch Tower
123:45 Watch Tower
123:46 Watch Tower
123:46 Watch Tower
123:47 Watch Tower
123:49 Watch Tower
123:54 Watch Tower
123:54 Watch Tower
123:55 Watch Tower
123:56 Watch Tower
123:57 Watch Tower
123:58 Watch Tower
123:58 Watch Tower
123:59 Watch Tower
124:01 Watch Tower
124:02 Watch Tower
124:03 Watch Tower
124:05 Watch Tower
124:07 Watch Tower
124:08 Watch Tower
124:08 Watch Tower
124:09 Watch Tower
124:10 Watch Tower
124:11 Watch Tower
124:18 Watch Tower
124:20 Watch Tower
124:22 Watch Tower
124:24 Watch Tower
124:25 Watch Tower
124:28 Watch Tower
124:30 Watch Tower
124:35 Watch Tower
124:36 Watch Tower
124:46 Watch Tower
124:48 Watch Tower
124:49 Watch Tower
124:50 Watch Tower
124:52 Watch Tower
124:53 Watch Tower
124:54 Watch Tower
124:55 Watch Tower
125:04 Watch Tower
125:05 Watch Tower
125:06 Watch Tower
125:07 Watch Tower
125:09 Watch Tower
125:10 Watch Tower
125:10 Watch Tower
125:16 Watch Tower
125:17 Watch Tower
125:18 Watch Tower
125:19 Watch Tower
125:20 Watch Tower
125:21 Watch Tower
125:22 Watch Tower
125:23 Watch Tower
125:34 Watch Tower
125:35 Watch Tower
125:35 Watch Tower
125:36 Watch Tower
125:37 Watch Tower
125:38 Watch Tower
125:38 Watch Tower
125:40 Watch Tower
125:41 Watch Tower
125:47 Watch Tower
125:48 Watch Tower
125:49 Watch Tower
125:50 Watch Tower
126:03 Watch Tower
126:04 Watch Tower
126:05 Watch Tower
126:09 Watch Tower
126:10 Watch Tower
126:11 Watch Tower
126:11 Watch Tower
126:13 Watch Tower
126:14 Watch Tower
126:14 Watch Tower
126:15 Watch Tower
126:17 Watch Tower
126:19 Watch Tower
126:19 Watch Tower
126:33 Watch Tower
126:41 Watch Tower
126:42 Watch Tower
126:43 Watch Tower
126:45 Watch Tower
126:45 Watch Tower
126:48 Watch Tower
126:49 Watch Tower
126:54 Watch Tower
127:01 Watch Tower
127:02 Watch Tower
127:03 Watch Tower
127:04 Watch Tower
127:05 Watch Tower
127:06 Watch Tower
127:06 Watch Tower
127:07 Watch Tower
127:08 Watch Tower
127:09 Watch Tower
127:09 Watch Tower
127:11 Watch Tower
127:12 Watch Tower
127:13 Watch Tower
127:14 Watch Tower
127:30 Watch Tower
127:33 Watch Tower
127:34 Watch Tower
127:35 Watch Tower
127:37 Watch Tower
127:45 Watch Tower
127:46 Watch Tower
127:47 Watch Tower
127:48 Watch Tower
127:49 Watch Tower
127:50 Watch Tower
127:51 Watch Tower
127:51 Watch Tower
127:52 Watch Tower
127:53 Watch Tower
128:23 Watch Tower
128:25 Watch Tower
128:27 Watch Tower
128:28 Watch Tower
128:29 Watch Tower
128:31 Watch Tower
128:32 Watch Tower
128:38 Watch Tower
128:39 Watch Tower
128:40 Watch Tower
128:45 Watch Tower
128:46 Watch Tower
128:48 Watch Tower
128:49 Watch Tower
128:51 Watch Tower
128:52 Watch Tower
128:53 Watch Tower
128:55 Watch Tower
128:57 Watch Tower
128:58 Watch Tower
128:59 Watch Tower
129:29 Watch Tower
129:30 Watch Tower
129:31 Watch Tower
129:34 Watch Tower
129:35 Watch Tower
129:36 Watch Tower
129:47 Watch Tower
129:48 Watch Tower
129:49 Watch Tower
129:50 Watch Tower
129:52 Watch Tower
129:54 Watch Tower
129:55 Watch Tower
129:56 Watch Tower
129:56 Watch Tower
129:58 Watch Tower
130:14 Watch Tower
130:20 Watch Tower
130:21 Watch Tower
130:24 Watch Tower
130:25 Watch Tower
130:26 Watch Tower
130:31 Watch Tower
130:32 Watch Tower
130:32 Watch Tower
130:33 Watch Tower
130:34 Watch Tower
130:34 Watch Tower
130:35 Watch Tower
130:36 Watch Tower
130:37 Watch Tower
130:38 Watch Tower
130:39 Watch Tower
130:40 Watch Tower
130:43 Watch Tower
130:44 Watch Tower
130:45 Watch Tower
130:46 Watch Tower
130:46 Watch Tower
130:47 Watch Tower
130:48 Watch Tower
130:49 Watch Tower
130:50 Watch Tower
130:50 Watch Tower
130:53 Watch Tower
130:55 Watch Tower
130:56 Watch Tower
130:57 Watch Tower
130:58 Watch Tower
130:59 Watch Tower
130:59 Watch Tower
131:00 Watch Tower
131:01 Watch Tower
131:01 Watch Tower
131:02 Watch Tower
131:04 Watch Tower
131:05 Watch Tower
131:06 Watch Tower
131:08 Watch Tower
131:08 Watch Tower
131:11 Watch Tower
131:12 Watch Tower
131:12 Watch Tower
131:14 Watch Tower
131:15 Watch Tower
131:16 Watch Tower
131:16 Watch Tower
131:17 Watch Tower
131:18 Watch Tower
131:19 Watch Tower
131:20 Watch Tower
131:21 Watch Tower
131:26 Watch Tower
131:29 Watch Tower
131:33 Watch Tower
131:35 Watch Tower
131:36 Watch Tower
131:38 Watch Tower
131:39 Watch Tower
131:39 Watch Tower
131:40 Watch Tower
131:42 Watch Tower
131:44 Watch Tower
131:46 Watch Tower
131:48 Watch Tower
131:49 Watch Tower
131:54 Watch Tower
131:55 Watch Tower
131:56 Watch Tower
131:57 Watch Tower
131:58 Watch Tower
131:59 Watch Tower
132:00 Watch Tower
132:01 Watch Tower
132:08 Watch Tower
132:09 Watch Tower
132:10 Watch Tower
132:11 Watch Tower
132:12 Watch Tower
132:15 Watch Tower
132:17 Watch Tower
132:18 Watch Tower
132:21 Watch Tower
132:22 Watch Tower
132:23 Watch Tower
132:25 Watch Tower
132:28 Watch Tower
132:29 Watch Tower
132:30 Watch Tower
132:31 Watch Tower
132:34 Watch Tower
132:36 Watch Tower
132:40 Watch Tower
132:41 Watch Tower
132:45 Watch Tower
132:45 Watch Tower
132:46 Watch Tower
132:47 Watch Tower
132:47 Watch Tower
132:49 Watch Tower
132:49 Watch Tower
132:52 Watch Tower
132:53 Watch Tower
132:55 Watch Tower
132:58 Watch Tower
132:59 Watch Tower
133:01 Watch Tower
133:02 Watch Tower
133:03 Watch Tower
133:04 Watch Tower
133:07 Watch Tower
133:08 Watch Tower
133:09 Watch Tower
133:11 Watch Tower
133:11 Watch Tower
133:13 Watch Tower
133:15 Watch Tower
133:17 Watch Tower
133:18 Watch Tower
133:19 Watch Tower
133:19 Watch Tower
133:21 Watch Tower
133:22 Watch Tower
133:26 Watch Tower
133:26 Watch Tower
133:27 Watch Tower
133:28 Watch Tower
133:29 Watch Tower
133:29 Watch Tower
133:30 Watch Tower
133:31 Watch Tower
133:32 Watch Tower
133:33 Watch Tower
133:36 Watch Tower
133:41 Watch Tower
133:42 Watch Tower
133:51 Watch Tower
133:52 Watch Tower
133:53 Watch Tower
133:54 Watch Tower
133:55 Watch Tower
133:56 Watch Tower
133:59 Watch Tower
134:02 Watch Tower
134:03 Watch Tower
134:04 Watch Tower
134:05 Watch Tower
134:06 Watch Tower
134:06 Watch Tower
134:08 Watch Tower
134:08 Watch Tower
134:09 Watch Tower
134:10 Watch Tower
134:11 Watch Tower
134:22 Watch Tower
134:23 Watch Tower
134:24 Watch Tower
134:25 Watch Tower
134:25 Watch Tower
134:26 Watch Tower
134:28 Watch Tower
134:29 Watch Tower
134:30 Watch Tower
134:31 Watch Tower
134:32 Watch Tower
134:32 Watch Tower
134:35 Watch Tower
134:36 Watch Tower
134:37 Watch Tower
134:38 Watch Tower
134:46 Watch Tower
134:47 Watch Tower
134:50 Watch Tower
134:52 Watch Tower
134:53 Watch Tower
134:53 Watch Tower
134:54 Watch Tower
134:54 Watch Tower
134:55 Watch Tower
134:56 Watch Tower
134:57 Watch Tower
134:59 Watch Tower
134:59 Watch Tower
135:00 Watch Tower
135:01 Watch Tower
135:02 Watch Tower
135:03 Watch Tower
135:04 Watch Tower
135:05 Watch Tower
135:07 Watch Tower
135:10 Watch Tower
135:12 Watch Tower
135:13 Watch Tower
135:16 Watch Tower
135:19 Watch Tower
135:20 Watch Tower
135:20 Watch Tower
135:22 Watch Tower
135:23 Watch Tower
135:23 Watch Tower
135:24 Watch Tower
135:26 Watch Tower
135:27 Watch Tower
135:28 Watch Tower
135:30 Watch Tower
135:31 Watch Tower
135:32 Watch Tower
135:33 Watch Tower
135:35 Watch Tower
135:37 Watch Tower
135:38 Watch Tower
135:39 Watch Tower
135:41 Watch Tower
135:42 Watch Tower
135:42 Watch Tower
135:43 Watch Tower
135:44 Watch Tower
135:50 Watch Tower
135:50 Watch Tower
135:51 Watch Tower
135:52 Watch Tower
135:53 Watch Tower
135:55 Watch Tower
135:56 Watch Tower
135:59 Watch Tower
136:00 Watch Tower
136:01 Watch Tower
136:02 Watch Tower
136:07 Watch Tower
136:08 Watch Tower
136:10 Watch Tower
136:11 Watch Tower
136:13 Watch Tower
136:17 Watch Tower
136:17 Watch Tower
136:18 Watch Tower
136:20 Watch Tower
136:21 Watch Tower
136:22 Watch Tower
136:22 Watch Tower
136:50 Watch Tower
136:51 Watch Tower
136:52 Watch Tower
137:02 Watch Tower
137:03 Watch Tower
137:03 Watch Tower
137:05 Watch Tower
137:06 Watch Tower
137:12 Watch Tower
137:12 Watch Tower
137:15 Watch Tower
137:16 Watch Tower
137:17 Watch Tower
137:22 Watch Tower
137:23 Watch Tower
137:24 Watch Tower
137:25 Watch Tower
137:27 Watch Tower
137:27 Watch Tower
137:29 Watch Tower
137:32 Watch Tower
137:34 Watch Tower
137:35 Watch Tower
137:35 Watch Tower
137:36 Watch Tower
137:37 Watch Tower
137:38 Watch Tower
137:39 Watch Tower
138:46 Watch Tower
138:48 Watch Tower
138:49 Watch Tower
138:50 Watch Tower
138:51 Watch Tower
138:52 Watch Tower
138:54 Watch Tower
138:55 Watch Tower
138:59 Watch Tower
139:00 Watch Tower
139:01 Watch Tower
139:03 Watch Tower
139:04 Watch Tower
139:05 Watch Tower
139:06 Watch Tower
139:07 Watch Tower
139:11 Watch Tower
139:12 Watch Tower
139:13 Watch Tower
139:17 Watch Tower
139:18 Watch Tower
139:19 Watch Tower
139:20 Watch Tower
139:21 Watch Tower
139:30 Watch Tower
139:31 Watch Tower
139:34 Watch Tower
139:35 Watch Tower
139:35 Watch Tower
139:38 Watch Tower
139:39 Watch Tower
140:04 Watch Tower
140:04 Watch Tower
140:09 Watch Tower
140:10 Watch Tower
140:11 Watch Tower
140:12 Watch Tower
140:16 Watch Tower
140:17 Watch Tower
140:22 Watch Tower
140:24 Watch Tower
140:25 Watch Tower
140:26 Watch Tower
140:28 Watch Tower
140:29 Watch Tower
140:30 Watch Tower
140:33 Watch Tower
140:34 Watch Tower
140:35 Watch Tower
140:35 Watch Tower
140:36 Watch Tower
140:37 Watch Tower
140:38 Watch Tower
140:40 Watch Tower
140:41 Watch Tower
140:42 Watch Tower
140:43 Watch Tower
140:45 Watch Tower
140:46 Watch Tower
140:47 Watch Tower
140:48 Watch Tower
141:30 Watch Tower
141:31 Watch Tower
141:32 Watch Tower
141:33 Watch Tower
141:34 Watch Tower
141:36 Watch Tower
141:37 Watch Tower
141:38 Watch Tower
141:39 Watch Tower
141:41 Watch Tower
142:07 Watch Tower
142:09 Watch Tower
142:11 Watch Tower
142:12 Watch Tower
142:13 Watch Tower
142:14 Watch Tower
142:15 Watch Tower
142:17 Watch Tower
142:18 Watch Tower
142:20 Watch Tower
142:21 Watch Tower
142:22 Watch Tower
142:23 Watch Tower
142:26 Watch Tower
142:29 Watch Tower
142:30 Watch Tower
142:31 Watch Tower
142:33 Watch Tower
142:34 Watch Tower
143:24 Watch Tower
143:26 Watch Tower
143:27 Watch Tower
143:28 Watch Tower
143:29 Watch Tower
143:30 Watch Tower
143:32 Watch Tower
143:33 Watch Tower
143:34 Watch Tower
143:40 Watch Tower
143:42 Watch Tower
143:45 Watch Tower
143:46 Watch Tower
143:47 Watch Tower
143:48 Watch Tower
143:48 Watch Tower
144:22 Watch Tower
144:24 Watch Tower
144:25 Watch Tower
144:27 Watch Tower
144:27 Watch Tower
144:30 Watch Tower
144:32 Watch Tower
144:33 Watch Tower
144:34 Watch Tower
144:56 Watch Tower
144:57 Watch Tower
145:01 Watch Tower
145:02 Watch Tower
145:04 Watch Tower
145:05 Watch Tower
145:06 Watch Tower
145:10 Watch Tower
145:11 Watch Tower
145:12 Watch Tower
145:13 Watch Tower
145:31 Watch Tower
145:32 Watch Tower
145:35 Watch Tower
145:37 Watch Tower
145:38 Watch Tower
145:40 Watch Tower
145:41 Watch Tower
145:43 Watch Tower
145:45 Watch Tower
145:48 Watch Tower
145:49 Watch Tower
145:49 Watch Tower
145:53 Watch Tower
145:56 Watch Tower
146:00 Watch Tower
146:04 Watch Tower
146:06 Watch Tower
146:08 Watch Tower
146:10 Watch Tower
146:10 Watch Tower
146:12 Watch Tower
146:13 Watch Tower
146:14 Watch Tower
146:15 Watch Tower
146:16 Watch Tower
146:17 Watch Tower
146:29 Watch Tower
146:30 Watch Tower
146:31 Watch Tower
146:32 Watch Tower
146:34 Watch Tower
146:36 Watch Tower
146:37 Watch Tower
146:38 Watch Tower
146:39 Watch Tower
146:40 Watch Tower
146:41 Watch Tower
146:45 Watch Tower
146:46 Watch Tower
146:48 Watch Tower
146:49 Watch Tower
146:50 Watch Tower
146:50 Watch Tower
146:53 Watch Tower
146:56 Watch Tower
146:59 Watch Tower
146:59 Watch Tower
147:09 Watch Tower
147:11 Watch Tower
147:14 Watch Tower
147:15 Watch Tower
147:16 Watch Tower
147:17 Watch Tower
147:18 Watch Tower
147:21 Watch Tower
147:25 Watch Tower
147:26 Watch Tower
147:27 Watch Tower
147:29 Watch Tower
147:30 Watch Tower
147:46 Watch Tower
147:48 Watch Tower
147:49 Watch Tower
147:50 Watch Tower
147:51 Watch Tower
147:54 Watch Tower
147:55 Watch Tower
147:56 Watch Tower
147:57 Watch Tower
148:03 Watch Tower
148:05 Watch Tower
148:06 Watch Tower
148:08 Watch Tower
148:09 Watch Tower
148:11 Watch Tower
148:14 Watch Tower
148:16 Watch Tower
148:19 Watch Tower
148:46 Watch Tower
148:48 Watch Tower
148:49 Watch Tower
148:51 Watch Tower
148:54 Watch Tower
148:56 Watch Tower
149:28 Watch Tower
149:29 Watch Tower
149:30 Watch Tower
149:31 Watch Tower
149:40 Watch Tower
149:41 Watch Tower
149:42 Watch Tower
149:44 Watch Tower
149:45 Watch Tower
149:46 Watch Tower
149:48 Watch Tower
149:50 Watch Tower
149:52 Watch Tower
149:53 Watch Tower
150:04 Watch Tower
150:05 Watch Tower
150:06 Watch Tower
150:07 Watch Tower
150:08 Watch Tower
150:09 Watch Tower
150:13 Watch Tower
150:24 Watch Tower
150:26 Watch Tower
150:27 Watch Tower
150:29 Watch Tower
150:30 Watch Tower
150:31 Watch Tower
150:33 Watch Tower
150:35 Watch Tower
150:36 Watch Tower
150:49 Watch Tower
150:51 Watch Tower
150:53 Watch Tower
150:54 Watch Tower
150:55 Watch Tower
150:56 Watch Tower
150:57 Watch Tower
150:58 Watch Tower
150:59 Watch Tower
151:00 Watch Tower
151:01 Watch Tower
151:05 Watch Tower
151:05 Watch Tower
151:06 Watch Tower
151:10 Watch Tower
151:11 Watch Tower
151:13 Watch Tower
151:18 Watch Tower
151:19 Watch Tower
151:20 Watch Tower
151:22 Watch Tower
151:23 Watch Tower
151:24 Watch Tower
151:27 Watch Tower
151:32 Watch Tower
151:34 Watch Tower
151:35 Watch Tower
151:37 Watch Tower
151:39 Watch Tower
151:40 Watch Tower
151:41 Watch Tower
151:43 Watch Tower
151:45 Watch Tower
151:45 Watch Tower
151:46 Watch Tower
151:47 Watch Tower
151:48 Watch Tower
151:50 Watch Tower
151:50 Watch Tower
151:51 Watch Tower
151:52 Watch Tower
151:53 Watch Tower
151:56 Watch Tower
151:58 Watch Tower
151:59 Watch Tower
152:20 Watch Tower
152:22 Watch Tower
152:24 Watch Tower
152:25 Watch Tower
152:26 Watch Tower
152:28 Watch Tower
152:32 Watch Tower
152:34 Watch Tower
152:34 Watch Tower
152:35 Watch Tower
152:36 Watch Tower
152:37 Watch Tower
152:39 Watch Tower
152:42 Watch Tower
152:43 Watch Tower
152:44 Watch Tower
152:45 Watch Tower
152:46 Watch Tower
152:47 Watch Tower
152:52 Watch Tower
152:53 Watch Tower
152:55 Watch Tower
152:56 Watch Tower
153:02 Watch Tower
153:03 Watch Tower
153:04 Watch Tower
153:05 Watch Tower
159:11 Watch Tower
159:13 Watch Tower
159:14 Watch Tower
159:16 Watch Tower
159:17 Watch Tower
159:17 Watch Tower
159:18 Watch Tower
159:20 Watch Tower
159:21 Watch Tower
159:23 Watch Tower
159:25 Watch Tower
159:26 Watch Tower
159:32 Watch Tower
159:35 Watch Tower
159:37 Watch Tower
159:39 Watch Tower
159:40 Watch Tower
159:42 Watch Tower
159:49 Watch Tower
159:50 Watch Tower
159:51 Watch Tower
159:51 Watch Tower
159:53 Watch Tower
159:54 Watch Tower
159:57 Watch Tower
159:59 Watch Tower
160:01 Watch Tower
160:02 Watch Tower
160:04 Watch Tower
160:06 Watch Tower
160:07 Watch Tower
160:08 Watch Tower
160:09 Watch Tower
160:10 Watch Tower
160:11 Watch Tower
160:17 Watch Tower
160:18 Watch Tower
160:19 Watch Tower
160:20 Watch Tower
160:26 Watch Tower
160:30 Watch Tower
160:32 Watch Tower
160:35 Watch Tower
160:36 Watch Tower
160:37 Watch Tower
160:38 Watch Tower
160:42 Watch Tower
160:47 Watch Tower
160:48 Watch Tower
160:49 Watch Tower
160:50 Watch Tower
160:51 Watch Tower
160:53 Watch Tower
162:41 Watch Tower
162:43 Watch Tower
162:44 Watch Tower
162:45 Watch Tower
162:51 Watch Tower
162:52 Watch Tower
162:53 Watch Tower
162:54 Watch Tower
164:11 Watch Tower
164:12 Watch Tower
164:14 Watch Tower
164:16 Watch Tower
164:17 Watch Tower
164:19 Watch Tower
164:30 Watch Tower
164:32 Watch Tower
164:33 Watch Tower
164:35 Watch Tower
164:37 Watch Tower
164:39 Watch Tower
164:41 Watch Tower
164:42 Watch Tower
164:44 Watch Tower
164:45 Watch Tower
164:48 Watch Tower
165:02 Watch Tower
165:03 Watch Tower
165:04 Watch Tower
165:08 Watch Tower
165:09 Watch Tower
165:11 Watch Tower
165:12 Watch Tower
165:17 Watch Tower
165:18 Watch Tower
165:19 Watch Tower
165:20 Watch Tower
165:23 Watch Tower
165:50 Watch Tower
165:51 Watch Tower
165:55 Watch Tower
165:56 Watch Tower
165:57 Watch Tower
165:59 Watch Tower
166:00 Watch Tower
166:01 Watch Tower
166:03 Watch Tower
166:04 Watch Tower
166:06 Watch Tower
166:08 Watch Tower
166:10 Watch Tower
166:11 Watch Tower
166:12 Watch Tower
166:13 Watch Tower
166:19 Watch Tower
166:20 Watch Tower
166:21 Watch Tower
166:22 Watch Tower
166:24 Watch Tower
166:26 Watch Tower
166:31 Watch Tower
166:32 Watch Tower
166:33 Watch Tower
166:34 Watch Tower
166:35 Watch Tower
166:37 Watch Tower
166:38 Watch Tower
166:39 Watch Tower
166:40 Watch Tower
166:44 Watch Tower
166:45 Watch Tower
166:47 Watch Tower
167:06 Watch Tower
167:08 Watch Tower
167:10 Watch Tower
167:12 Watch Tower
167:13 Watch Tower
167:15 Watch Tower
167:16 Watch Tower
167:21 Watch Tower
167:22 Watch Tower
167:26 Watch Tower
167:27 Watch Tower
167:28 Watch Tower
167:29 Watch Tower
167:33 Watch Tower
167:34 Watch Tower
167:35 Watch Tower
167:35 Watch Tower
167:36 Watch Tower
167:37 Watch Tower
167:41 Watch Tower
167:44 Watch Tower
167:45 Watch Tower
167:46 Watch Tower
167:47 Watch Tower
168:08 Watch Tower
168:09 Watch Tower
168:11 Watch Tower
168:12 Watch Tower
168:14 Watch Tower
168:15 Watch Tower
168:16 Watch Tower
168:17 Watch Tower
168:22 Watch Tower
168:23 Watch Tower
168:24 Watch Tower
168:26 Watch Tower
168:28 Watch Tower
168:34 Watch Tower
168:35 Watch Tower
168:36 Watch Tower
168:38 Watch Tower
168:43 Watch Tower
168:44 Watch Tower
168:45 Watch Tower
168:46 Watch Tower
168:50 Watch Tower
168:53 Watch Tower
168:54 Watch Tower
168:55 Watch Tower
168:56 Watch Tower
168:57 Watch Tower
168:59 Watch Tower
169:00 Watch Tower
169:01 Watch Tower
169:02 Watch Tower
169:03 Watch Tower
169:04 Watch Tower
169:06 Watch Tower
169:12 Watch Tower
169:13 Watch Tower
169:14 Watch Tower
169:15 Watch Tower
169:16 Watch Tower
169:17 Watch Tower
169:18 Watch Tower
169:19 Watch Tower
169:20 Watch Tower
169:24 Watch Tower
169:25 Watch Tower
169:26 Watch Tower
169:38 Watch Tower
169:39 Watch Tower
169:41 Watch Tower
169:42 Watch Tower
169:44 Watch Tower
169:45 Watch Tower
169:46 Watch Tower
169:47 Watch Tower
169:52 Watch Tower
169:55 Watch Tower
169:56 Watch Tower
169:59 Watch Tower
170:00 Watch Tower
170:01 Watch Tower
170:02 Watch Tower
170:04 Watch Tower
170:17 Watch Tower
170:18 Watch Tower
170:21 Watch Tower
170:22 Watch Tower
170:24 Watch Tower
170:25 Watch Tower
170:26 Watch Tower
170:30 Watch Tower
170:31 Watch Tower
170:34 Watch Tower
170:38 Watch Tower
170:48 Watch Tower
170:50 Watch Tower
170:51 Watch Tower
170:51 Watch Tower
170:53 Watch Tower
170:54 Watch Tower
170:56 Watch Tower
170:57 Watch Tower
170:58 Watch Tower
170:59 Watch Tower
171:00 Watch Tower
171:00 Watch Tower
171:02 Watch Tower
171:04 Watch Tower
171:06 Watch Tower
171:07 Watch Tower
171:10 Watch Tower
171:12 Watch Tower
171:15 Watch Tower
171:18 Watch Tower
171:20 Watch Tower
173:23 Watch Tower
181:45 Watch Tower
181:46 Watch Tower
181:48 Watch Tower
181:49 Watch Tower
181:51 Watch Tower
198:02 Watch Tower
198:06 Watch Tower
198:12 Watch Tower
198:18 Watch Tower
198:27 Watch Tower
198:34 Watch Tower
198:36 Watch Tower
198:40 Watch Tower
198:44 Watch Tower
198:50 Watch Tower
199:40 Watch Tower
200:07 Watch Tower
200:10 Watch Tower
200:14 Watch Tower
200:19 Watch Tower
200:40 Watch Tower
201:01 Watch Tower
» items
                
                | Lesser Clarity Potion | 5 |  | 
| Healing Salve | 3 |  | 
| Runed Bracers | 1 |  | 
| Inferno Stone | 8 |  | 
| Orb of Lightning | 2 |  | 
| Robe of the Magi +6 | 2 |  | 
| Potion of Healing | 2 |  | 
| Potion of Mana | 4 |  | 
| Sobi Mask | 2 |  | 
| Staff of Sanctuary | 1 |  | 
| Boots of Quel'Thalas +6 | 2 |  | 
| Belt of Giant Strength +6 | 2 |  | 
| Scroll of Restoration | 1 |  | 
                35 total
  
               
              
              
» 
TearDownThis (
green | 122 APM | 24745 actions | 203:29)
              
 10 Keeper of the Grove 
 3 Entangling Roots
 3 Thorns Aura
 1 Tranquility
 3 Force of Nature
 10 Pandaren Brewmaster 
 3 Breath of Fire
 3 Drunken Haze
 3 Drunken Brawler
 1 Storm Earth and Fire
 9 Goblin Alchemist 
 3 Chemical Rage
 3 Acid Bomb
 1 Transmute
 2 Healing Spray
 
                » actions 
                
                | Assign group hotkey | 424 |  | 
| Basic commands | 276 |  | 
| Build / train | 184 |  | 
| Enter build submenu | 42 |  | 
| Enter hero's abilities submenu | 30 |  | 
| Give item / drop item | 9 |  | 
| Remove unit from queue | 5 |  | 
| Right click | 14890 |  | 
| Select / deselect | 1753 |  | 
| Select group hotkey | 5804 |  | 
| Use ability | 1321 |  | 
                24745 total
 » units 
                » upgrades
                
                | Nature's Blessing | 1 |  | 
| Well Spring | 1 |  | 
| Ultravision | 1 |  | 
                3 total
 » buildings
                
                | Altar of Elders | 1 |  | 
| Moon Well | 31 |  | 
| Tree of Ages | 1 |  | 
| Tree of Eternity | 4 |  | 
| Tree of Life | 5 |  | 
| Hunter's Hall | 1 |  | 
| Ancient of Wonders | 1 |  | 
                44 total
 » build order
                00:07 Altar of Elders
00:17 Moon Well
01:31 Moon Well
04:41 Tree of Ages
07:06 Tree of Eternity
07:12 Moon Well
08:31 Tree of Life
09:27 Tree of Eternity
09:27 Tree of Eternity
11:49 Moon Well
14:14 Hunter's Hall
14:16 Moon Well
16:44 Tree of Life
22:06 Tree of Life
29:31 Tree of Life
30:44 Moon Well
30:46 Moon Well
30:52 Tree of Life
31:09 Moon Well
32:04 Moon Well
49:15 Moon Well
49:16 Moon Well
51:22 Moon Well
52:21 Moon Well
53:16 Moon Well
54:38 Moon Well
54:41 Moon Well
56:27 Moon Well
57:37 Moon Well
83:45 Moon Well
83:50 Ancient of Wonders
84:19 Moon Well
84:20 Moon Well
84:21 Moon Well
85:16 Moon Well
85:17 Moon Well
95:20 Moon Well
110:24 Moon Well
110:26 Moon Well
113:09 Moon Well
113:09 Moon Well
114:27 Moon Well
115:47 Moon Well
» items
                
                | Scroll of Regeneration | 10 |  | 
| Staff of Sanctuary | 4 |  | 
| Potion of Healing | 7 |  | 
| Potion of Mana | 6 |  | 
| Scroll of Town Portal | 27 |  | 
| Demonic Figurine | 1 |  | 
| Alleria's Flute of Accuracy | 1 |  | 
| Red Drake Egg | 1 |  | 
| Healing Wards | 2 |  | 
| Lesser Clarity Potion | 6 |  | 
| Mana Stone | 2 |  | 
| Stone Token | 2 |  | 
| Ankh of Reincarnation | 5 |  | 
| Robe of the Magi +6 | 2 |  | 
| The Lion Horn of Stormwind | 1 |  | 
| Runed Bracers | 3 |  | 
| Inferno Stone | 4 |  | 
| Ice Shard | 1 |  | 
| Scourge Bone Chimes | 1 |  | 
| Orb of Venom | 1 |  | 
| Belt of Giant Strength +6 | 1 |  | 
| Scroll of Restoration | 1 |  | 
                89 total
  
               team 2 (loser) 
              
              
MoNo.Boro (
teal | 98 APM | 19705 actions | 201:15)
              
 10 Tauren Chieftain 
 3 Shockwave
 3 Endurance Aura
 1 Reincarnation
 3 War Stomp
 8 Shadow Hunter 
 3 Hex
 3 Healing Wave
 1 Big Bad Voodoo
 1 Serpent Ward
 7 Pandaren Brewmaster 
 3 Breath of Fire
 3 Drunken Brawler
 1 Storm Earth and Fire
 
                » actions 
                
                | Assign group hotkey | 16 |  | 
| Basic commands | 17 |  | 
| Build / train | 162 |  | 
| Enter build submenu | 148 |  | 
| Enter hero's abilities submenu | 26 |  | 
| Give item / drop item | 3 |  | 
| Remove unit from queue | 5 |  | 
| Right click | 9322 |  | 
| Select / deselect | 722 |  | 
| Select group hotkey | 8064 |  | 
| Use ability | 1217 |  | 
                19705 total
 » units 
                
                | Peon | 47 |  | 
| Demolisher | 3 |  | 
| Troll Witch Doctor | 2 |  | 
| Goblin Shredder | 1 |  | 
                53 total
 » upgrades
                
                | Reinforced Defenses | 1 |  | 
| Burning Oil | 1 |  | 
| Ranged Weapons | 2 |  | 
                4 total
 » buildings
                
                | Altar of Storms | 2 |  | 
| Orc Burrow | 6 |  | 
| War Mill | 3 |  | 
| Voodoo Lounge | 2 |  | 
| Watch Tower | 331 |  | 
| Stronghold | 1 |  | 
| Fortress | 1 |  | 
| Great Hall | 4 |  | 
| Barracks | 1 |  | 
| Spirit Lodge | 1 |  | 
                352 total
 » build order
                00:11 Altar of Storms
00:19 Orc Burrow
00:54 War Mill
01:08 Voodoo Lounge
02:10 Watch Tower
02:17 Watch Tower
03:08 Watch Tower
03:56 Stronghold
03:59 Watch Tower
04:18 Watch Tower
04:34 Watch Tower
04:49 Watch Tower
06:13 War Mill
06:56 Watch Tower
07:28 Watch Tower
07:29 Watch Tower
07:30 Watch Tower
07:32 Fortress
07:40 Orc Burrow
07:44 Voodoo Lounge
08:14 Watch Tower
08:27 Watch Tower
09:45 Watch Tower
10:48 Watch Tower
11:54 Watch Tower
12:08 Watch Tower
12:18 Watch Tower
12:20 Watch Tower
13:10 Watch Tower
13:18 Watch Tower
13:20 Watch Tower
15:43 Watch Tower
15:44 Watch Tower
15:45 Watch Tower
15:47 Great Hall
19:52 Great Hall
22:22 Watch Tower
23:58 Watch Tower
24:25 Watch Tower
24:30 Watch Tower
25:57 Watch Tower
26:45 Watch Tower
27:21 Watch Tower
27:25 Watch Tower
27:26 Watch Tower
27:27 Watch Tower
27:28 Watch Tower
27:28 Watch Tower
27:29 Watch Tower
27:31 Great Hall
28:19 Watch Tower
28:26 Watch Tower
28:27 Watch Tower
28:28 Watch Tower
29:23 Watch Tower
29:24 Watch Tower
29:25 Watch Tower
29:31 Watch Tower
32:01 Watch Tower
32:03 Watch Tower
32:04 Watch Tower
32:04 Watch Tower
32:05 Watch Tower
32:34 Watch Tower
32:57 Watch Tower
34:03 Watch Tower
34:03 Watch Tower
34:04 Watch Tower
35:07 Watch Tower
35:08 Watch Tower
35:08 Watch Tower
35:09 Watch Tower
37:09 Watch Tower
37:10 Watch Tower
37:10 Watch Tower
39:46 Watch Tower
39:47 Watch Tower
39:48 Watch Tower
39:49 Watch Tower
39:50 Watch Tower
39:51 Watch Tower
39:53 Watch Tower
41:37 Watch Tower
42:43 Watch Tower
42:48 Watch Tower
43:12 Watch Tower
43:48 Barracks
43:55 Watch Tower
43:59 Watch Tower
44:10 Orc Burrow
44:11 Orc Burrow
44:39 Watch Tower
44:41 Watch Tower
44:46 Watch Tower
45:27 Watch Tower
45:30 Watch Tower
45:43 Watch Tower
45:48 Watch Tower
46:50 Watch Tower
46:59 Watch Tower
47:49 Watch Tower
48:08 Watch Tower
49:10 Watch Tower
49:28 Watch Tower
50:23 Watch Tower
52:01 Watch Tower
52:04 Watch Tower
52:08 Watch Tower
52:32 Watch Tower
52:32 Watch Tower
52:33 Watch Tower
52:33 Watch Tower
54:30 Watch Tower
54:33 Watch Tower
55:03 Watch Tower
55:04 Watch Tower
55:04 Watch Tower
56:14 Watch Tower
56:14 Watch Tower
56:15 Watch Tower
56:25 Spirit Lodge
57:12 Watch Tower
57:15 Watch Tower
57:53 Watch Tower
57:58 Watch Tower
57:59 Watch Tower
58:00 Watch Tower
58:04 Watch Tower
58:05 Watch Tower
58:06 Watch Tower
58:46 Watch Tower
61:40 Watch Tower
61:42 Watch Tower
61:43 Watch Tower
62:47 Watch Tower
64:28 Watch Tower
64:30 Watch Tower
64:30 Watch Tower
71:11 Watch Tower
71:12 Watch Tower
71:13 Watch Tower
71:13 Watch Tower
71:14 Watch Tower
71:14 Watch Tower
71:16 Watch Tower
71:16 Watch Tower
71:17 Watch Tower
71:18 Watch Tower
71:19 Watch Tower
71:20 Watch Tower
71:22 Watch Tower
71:23 Watch Tower
71:24 Watch Tower
76:33 Watch Tower
76:35 Watch Tower
76:35 Watch Tower
76:36 Watch Tower
76:37 Watch Tower
76:37 Watch Tower
76:37 Watch Tower
76:38 Watch Tower
76:38 Watch Tower
80:50 Watch Tower
80:51 Watch Tower
80:51 Watch Tower
80:52 Watch Tower
80:52 Watch Tower
82:01 Watch Tower
82:02 Watch Tower
82:03 Watch Tower
84:14 Watch Tower
84:14 Watch Tower
84:15 Watch Tower
84:15 Watch Tower
84:16 Watch Tower
84:16 Watch Tower
84:17 Watch Tower
84:18 Watch Tower
84:18 Watch Tower
84:19 Watch Tower
84:20 Watch Tower
84:20 Watch Tower
84:21 Watch Tower
84:22 Watch Tower
84:22 Watch Tower
84:23 Watch Tower
84:24 Watch Tower
84:24 Watch Tower
84:25 Watch Tower
84:26 Watch Tower
84:28 Watch Tower
84:30 Watch Tower
84:31 Watch Tower
84:32 Watch Tower
84:33 Watch Tower
84:33 Watch Tower
84:34 Watch Tower
84:35 Watch Tower
84:36 Watch Tower
84:36 Watch Tower
84:37 Watch Tower
84:38 Watch Tower
84:39 Watch Tower
84:39 Watch Tower
84:39 Watch Tower
84:40 Watch Tower
84:41 Watch Tower
84:41 Watch Tower
85:15 Watch Tower
85:17 Watch Tower
85:17 Watch Tower
85:18 Watch Tower
85:19 Watch Tower
85:20 Watch Tower
85:21 Watch Tower
85:21 Watch Tower
85:22 Watch Tower
85:23 Watch Tower
85:24 Watch Tower
85:25 Watch Tower
85:26 Watch Tower
85:26 Watch Tower
85:26 Watch Tower
85:27 Watch Tower
85:27 Watch Tower
85:27 Watch Tower
85:28 Watch Tower
86:07 Watch Tower
86:08 Watch Tower
86:08 Watch Tower
86:08 Watch Tower
86:09 Watch Tower
86:09 Watch Tower
86:10 Watch Tower
86:10 Watch Tower
86:11 Watch Tower
86:11 Watch Tower
86:12 Watch Tower
86:12 Watch Tower
86:13 Watch Tower
87:09 Watch Tower
87:10 Watch Tower
87:11 Watch Tower
87:11 Watch Tower
87:11 Watch Tower
87:12 Watch Tower
87:12 Watch Tower
87:13 Watch Tower
87:14 Watch Tower
87:14 Watch Tower
87:15 Watch Tower
87:16 Watch Tower
87:17 Watch Tower
87:17 Watch Tower
87:18 Watch Tower
90:32 Watch Tower
90:33 Watch Tower
90:33 Watch Tower
90:34 Watch Tower
90:34 Watch Tower
90:35 Watch Tower
90:36 Watch Tower
90:37 Watch Tower
93:24 Watch Tower
93:25 Watch Tower
93:25 Watch Tower
93:25 Watch Tower
93:26 Watch Tower
93:26 Watch Tower
93:28 Watch Tower
93:28 Watch Tower
93:29 Watch Tower
93:30 Watch Tower
93:30 Watch Tower
93:32 Watch Tower
93:32 Watch Tower
93:33 Watch Tower
93:34 Watch Tower
93:35 Watch Tower
93:36 Watch Tower
93:37 Watch Tower
93:38 Watch Tower
93:39 Watch Tower
93:40 Watch Tower
93:42 Watch Tower
95:48 War Mill
100:53 Watch Tower
100:54 Watch Tower
100:54 Watch Tower
100:55 Watch Tower
100:56 Watch Tower
100:56 Watch Tower
100:57 Watch Tower
100:57 Watch Tower
100:58 Watch Tower
100:58 Watch Tower
100:59 Watch Tower
101:00 Watch Tower
101:00 Watch Tower
101:00 Watch Tower
101:01 Watch Tower
101:01 Watch Tower
101:03 Watch Tower
101:03 Watch Tower
101:04 Watch Tower
101:04 Watch Tower
101:05 Watch Tower
101:05 Watch Tower
101:07 Watch Tower
101:08 Watch Tower
101:08 Watch Tower
101:08 Watch Tower
104:46 Watch Tower
104:47 Watch Tower
104:47 Watch Tower
108:03 Orc Burrow
108:04 Orc Burrow
108:05 Watch Tower
113:42 Watch Tower
113:43 Watch Tower
113:44 Watch Tower
118:49 Watch Tower
118:50 Watch Tower
118:51 Watch Tower
118:52 Watch Tower
118:52 Watch Tower
122:39 Watch Tower
122:40 Watch Tower
122:40 Watch Tower
122:41 Watch Tower
122:41 Watch Tower
122:41 Watch Tower
122:42 Watch Tower
122:42 Watch Tower
122:42 Watch Tower
132:45 Watch Tower
132:45 Watch Tower
132:46 Watch Tower
132:46 Watch Tower
132:47 Watch Tower
132:47 Watch Tower
132:48 Watch Tower
132:49 Watch Tower
132:49 Watch Tower
132:50 Watch Tower
132:50 Watch Tower
132:50 Watch Tower
148:22 Great Hall
158:56 Altar of Storms
» items
                
                | Healing Salve | 7 |  | 
| Lesser Clarity Potion | 13 |  | 
| Scroll of Speed | 9 |  | 
| Scroll of Town Portal | 24 |  | 
| Orb of Lightning | 4 |  | 
| Potion of Mana | 2 |  | 
| Demonic Figurine | 2 |  | 
| Stone Token | 1 |  | 
| Ice Shard | 2 |  | 
| Book of the Dead | 1 |  | 
| Staff of Preservation | 3 |  | 
| Orb of Venom | 1 |  | 
| Spiked Collar | 1 |  | 
| Anti-magic Potion | 1 |  | 
| Runed Bracers | 1 |  | 
| Inferno Stone | 1 |  | 
| Sobi Mask | 1 |  | 
                74 total
  
               
              
              
Mono.Guitarist (
blue | 36 APM | 7258 actions | 203:29)
              
 7 Mountain King 
 3 Storm Bolt
 3 Bash
 1 Avatar
 8 Paladin 
 3 Holy Light
 3 Divine Shield
 2 Devotion Aura
 3 Pandaren Brewmaster 
 2 Breath of Fire
 1 Drunken Brawler
 
                » actions 
                
                | Assign group hotkey | 10 |  | 
| Basic commands | 37 |  | 
| Build / train | 202 |  | 
| Enter build submenu | 50 |  | 
| Enter hero's abilities submenu | 18 |  | 
| Give item / drop item | 13 |  | 
| Remove unit from queue | 5 |  | 
| Right click | 4686 |  | 
| Select / deselect | 1403 |  | 
| Select group hotkey | 118 |  | 
| Use ability | 714 |  | 
                7258 total
 » units 
                
                | Peasant | 21 |  | 
| Sorceress | 6 |  | 
| Siege Engine | 23 |  | 
| Dragonhawk Rider | 25 |  | 
                75 total
 » upgrades
                
                | Masonry | 3 |  | 
| Lumber Harvesting | 1 |  | 
| Magic Sentry | 1 |  | 
| Sorceress Training | 2 |  | 
| Plating | 3 |  | 
| Barrage | 0 |  | 
| Gunpowder | 3 |  | 
| Cloud | 1 |  | 
| Armor | 3 |  | 
                17 total
 » buildings
                
                | Altar of Kings | 1 |  | 
| Lumber Mill | 1 |  | 
| Farm | 16 |  | 
| Scout Tower | 72 |  | 
| Arcane Tower | 17 |  | 
| Guard Tower | 23 |  | 
| Keep | 1 |  | 
| Castle | 1 |  | 
| Arcane Vault | 1 |  | 
| Arcane Sanctum | 1 |  | 
| Blacksmith | 1 |  | 
| Workshop | 3 |  | 
| Gryphon Aviary | 2 |  | 
                140 total
 » build order
                00:07 Altar of Kings
00:20 Lumber Mill
00:36 Farm
01:16 Farm
01:26 Scout Tower
01:32 Scout Tower
01:35 Scout Tower
01:41 Scout Tower
01:48 Farm
02:05 Arcane Tower
02:28 Guard Tower
02:33 Scout Tower
02:39 Scout Tower
02:55 Guard Tower
02:58 Scout Tower
03:00 Guard Tower
03:20 Scout Tower
03:27 Guard Tower
03:35 Scout Tower
03:42 Scout Tower
03:42 Scout Tower
03:44 Scout Tower
03:44 Scout Tower
04:00 Guard Tower
04:09 Scout Tower
04:16 Guard Tower
04:23 Keep
04:43 Guard Tower
04:49 Guard Tower
04:53 Scout Tower
04:57 Scout Tower
05:01 Scout Tower
05:03 Scout Tower
05:52 Guard Tower
05:54 Scout Tower
05:58 Scout Tower
05:59 Guard Tower
06:57 Guard Tower
07:00 Guard Tower
07:32 Scout Tower
07:34 Scout Tower
07:38 Scout Tower
08:10 Guard Tower
08:13 Castle
08:50 Guard Tower
08:53 Scout Tower
08:58 Guard Tower
09:29 Farm
10:00 Guard Tower
13:16 Arcane Vault
13:20 Arcane Sanctum
15:33 Farm
17:18 Scout Tower
17:18 Scout Tower
17:19 Scout Tower
17:20 Scout Tower
17:21 Scout Tower
17:22 Scout Tower
17:23 Scout Tower
17:24 Scout Tower
17:25 Scout Tower
17:26 Scout Tower
17:26 Scout Tower
17:30 Scout Tower
17:32 Scout Tower
18:46 Guard Tower
37:47 Scout Tower
37:49 Scout Tower
37:50 Scout Tower
37:51 Scout Tower
37:52 Scout Tower
37:53 Scout Tower
37:54 Scout Tower
37:56 Scout Tower
38:05 Blacksmith
40:02 Arcane Tower
40:02 Arcane Tower
40:08 Workshop
41:06 Farm
41:07 Farm
41:07 Farm
41:08 Farm
41:10 Farm
41:16 Arcane Tower
42:02 Arcane Tower
44:55 Scout Tower
44:56 Scout Tower
44:58 Scout Tower
44:59 Scout Tower
45:02 Scout Tower
45:03 Scout Tower
46:25 Guard Tower
46:28 Guard Tower
47:51 Guard Tower
48:27 Arcane Tower
48:32 Workshop
48:35 Workshop
50:14 Farm
50:16 Farm
50:18 Farm
50:18 Farm
50:19 Farm
50:20 Farm
56:21 Scout Tower
56:22 Scout Tower
56:23 Scout Tower
56:24 Scout Tower
56:33 Arcane Tower
57:19 Arcane Tower
57:24 Scout Tower
57:24 Scout Tower
57:26 Scout Tower
57:28 Scout Tower
57:52 Arcane Tower
58:47 Arcane Tower
59:19 Arcane Tower
60:07 Arcane Tower
60:53 Arcane Tower
81:58 Scout Tower
81:59 Scout Tower
82:00 Scout Tower
82:01 Scout Tower
82:02 Scout Tower
82:04 Scout Tower
82:05 Scout Tower
82:07 Scout Tower
82:10 Scout Tower
82:12 Scout Tower
82:14 Scout Tower
82:15 Scout Tower
82:19 Scout Tower
82:49 Arcane Tower
82:59 Arcane Tower
83:12 Arcane Tower
85:38 Gryphon Aviary
85:41 Gryphon Aviary
» items
                
                | Lesser Clarity Potion | 8 |  | 
| Potion of Healing | 7 |  | 
| Potion of Mana | 10 |  | 
| Staff of Preservation | 1 |  | 
| Scroll of Town Portal | 3 |  | 
| Orb of Lightning | 3 |  | 
| Moonstone | 1 |  | 
| Scroll of Speed | 5 |  | 
| Healing Salve | 4 |  | 
| Belt of Giant Strength +6 | 1 |  | 
                43 total
  
               
              
              
MoNo.SToRM (
orange | 83 APM | 16679 actions | 201:20)
              
 10 Tauren Chieftain 
 3 Shockwave
 3 Endurance Aura
 1 Reincarnation
 3 War Stomp
 9 Pandaren Brewmaster 
 3 Breath of Fire
 3 Drunken Haze
 1 Storm Earth and Fire
 2 Drunken Brawler
 9 Shadow Hunter 
 3 Hex
 3 Healing Wave
 1 Big Bad Voodoo
 2 Serpent Ward
 
                » actions 
                
                | Assign group hotkey | 126 |  | 
| Basic commands | 506 |  | 
| Build / train | 227 |  | 
| ESC pressed | 1 |  | 
| Enter build submenu | 69 |  | 
| Enter hero's abilities submenu | 31 |  | 
| Give item / drop item | 6 |  | 
| Remove unit from queue | 6 |  | 
| Right click | 7585 |  | 
| Select / deselect | 2341 |  | 
| Select group hotkey | 4304 |  | 
| Use ability | 1476 |  | 
                16679 total
 » units 
                
                | Peon | 26 |  | 
| Troll Batrider | 10 |  | 
| Goblin Shredder | 2 |  | 
| Goblin Zeppelin | 1 |  | 
| Mud Golem | 1 |  | 
| Wind Rider | 13 |  | 
| Shaman | 16 |  | 
| Kodo Beast | 6 |  | 
| Spirit Walker | 7 |  | 
| Troll Witch Doctor | 26 |  | 
                108 total
 » upgrades
                
                | Spiked Barricades | 3 |  | 
| Reinforced Defenses | 1 |  | 
| Liquid Fire | 1 |  | 
| Ranged Weapons | 3 |  | 
| Armor | 3 |  | 
| Shaman Training | 2 |  | 
| Witch Doctor Training | 2 |  | 
| Envenomed Spears | 1 |  | 
| War Drums Damage Increase | 1 |  | 
                17 total
 » buildings
                
                | Altar of Storms | 1 |  | 
| Orc Burrow | 9 |  | 
| War Mill | 3 |  | 
| Voodoo Lounge | 1 |  | 
| Watch Tower | 108 |  | 
| Stronghold | 1 |  | 
| Beastiary | 3 |  | 
| Fortress | 1 |  | 
| Great Hall | 1 |  | 
| Spirit Lodge | 2 |  | 
| Tauren Totem | 1 |  | 
| Barracks | 1 |  | 
                132 total
 » build order
                00:05 Altar of Storms
00:13 Orc Burrow
00:43 War Mill
01:16 Orc Burrow
01:45 Voodoo Lounge
02:13 Watch Tower
02:48 Watch Tower
03:58 Watch Tower
04:02 Watch Tower
04:18 Watch Tower
05:02 Watch Tower
05:17 Stronghold
05:56 Watch Tower
05:58 Watch Tower
05:58 Watch Tower
06:11 Watch Tower
06:15 Watch Tower
06:15 Watch Tower
08:01 Orc Burrow
08:06 Beastiary
08:37 Watch Tower
08:50 Watch Tower
09:54 Fortress
09:57 Beastiary
11:07 Orc Burrow
11:33 War Mill
12:09 Watch Tower
12:45 Watch Tower
12:56 Watch Tower
12:56 Watch Tower
12:57 Watch Tower
12:58 Watch Tower
12:58 Watch Tower
12:58 Watch Tower
15:25 Watch Tower
15:26 Watch Tower
15:26 Watch Tower
15:26 Watch Tower
15:39 Watch Tower
15:39 Watch Tower
15:40 Watch Tower
15:42 Watch Tower
15:43 Watch Tower
15:43 Watch Tower
15:45 Watch Tower
15:46 Watch Tower
15:46 Watch Tower
15:46 Watch Tower
15:58 Watch Tower
15:59 Watch Tower
16:00 Watch Tower
16:01 Watch Tower
16:01 Watch Tower
20:27 Watch Tower
20:28 Watch Tower
20:29 Watch Tower
20:30 Watch Tower
20:30 Watch Tower
20:30 Watch Tower
23:49 Great Hall
23:56 Watch Tower
23:56 Watch Tower
23:57 Watch Tower
23:57 Watch Tower
23:58 Watch Tower
23:58 Watch Tower
23:59 Watch Tower
23:59 Watch Tower
24:00 Watch Tower
24:00 Watch Tower
26:48 Watch Tower
26:48 Watch Tower
26:49 Watch Tower
26:50 Watch Tower
26:50 Watch Tower
26:50 Watch Tower
27:55 Watch Tower
27:58 Watch Tower
27:59 Watch Tower
27:59 Watch Tower
28:04 Watch Tower
28:04 Watch Tower
28:06 Watch Tower
28:06 Watch Tower
28:07 Watch Tower
28:21 Watch Tower
28:23 Watch Tower
28:24 Watch Tower
28:25 Watch Tower
28:25 Watch Tower
28:25 Watch Tower
28:26 Watch Tower
29:13 Watch Tower
29:13 Watch Tower
29:14 Watch Tower
29:15 Watch Tower
29:15 Watch Tower
29:15 Watch Tower
29:16 Watch Tower
29:16 Watch Tower
29:16 Watch Tower
29:28 Watch Tower
29:30 Watch Tower
30:11 Watch Tower
30:14 Watch Tower
31:34 Watch Tower
32:06 Watch Tower
32:07 Watch Tower
32:24 Watch Tower
32:24 Watch Tower
32:25 Watch Tower
32:25 Watch Tower
35:46 Watch Tower
35:47 Watch Tower
38:04 Watch Tower
39:09 Watch Tower
39:11 Watch Tower
43:20 Beastiary
53:02 Spirit Lodge
53:06 Spirit Lodge
55:01 Orc Burrow
60:55 Orc Burrow
60:55 Orc Burrow
60:56 Orc Burrow
60:56 Orc Burrow
73:33 War Mill
160:15 Tauren Totem
193:50 Barracks
» items
                
                | Scroll of Speed | 7 |  | 
| Lesser Clarity Potion | 10 |  | 
| Healing Salve | 8 |  | 
| Orb of Lightning | 3 |  | 
| Potion of Healing | 2 |  | 
| Scroll of Town Portal | 7 |  | 
| Staff of Preservation | 2 |  | 
| The Lion Horn of Stormwind | 1 |  | 
| Runed Bracers | 1 |  | 
| Belt of Giant Strength +6 | 3 |  | 
| Robe of the Magi +6 | 2 |  | 
| Scourge Bone Chimes | 1 |  | 
                47 total
  
               
              
              
MoonDust (
pink | 97 APM | 17401 actions | 180:17)
              
 10 Pandaren Brewmaster 
 3 Breath of Fire
 3 Drunken Haze
 1 Storm Earth and Fire
 3 Drunken Brawler
 10 Keeper of the Grove 
 3 Entangling Roots
 3 Force of Nature
 1 Tranquility
 3 Thorns Aura
 8 Pit Lord 
 3 Rain of Fire
 3 Howl of Terror
 1 Doom
 1 Cleaving Attack
 
                » actions 
                
                | Assign group hotkey | 108 |  | 
| Basic commands | 17 |  | 
| Build / train | 197 |  | 
| Enter build submenu | 189 |  | 
| Enter hero's abilities submenu | 28 |  | 
| Give item / drop item | 4 |  | 
| Remove unit from queue | 10 |  | 
| Right click | 12453 |  | 
| Select / deselect | 2266 |  | 
| Select group hotkey | 1084 |  | 
| Use ability | 1043 |  | 
                17401 total
 » units 
                
                | Wisp | 60 |  | 
| Archer | 1 |  | 
| Hippogryph | 14 |  | 
| Forest Troll Shadow Priest | 1 |  | 
| Glaive Thrower | 3 |  | 
| Chimaera | 7 |  | 
                86 total
 » upgrades
                
                | Nature's Blessing | 1 |  | 
| Well Spring | 1 |  | 
| Ultravision | 1 |  | 
| Reinforced Hides | 3 |  | 
| Strength of the Wild | 3 |  | 
| Corrosive Breath | 1 |  | 
                10 total
 » buildings
                
                | Altar of Elders | 1 |  | 
| Moon Well | 170 |  | 
| Ancient of War | 1 |  | 
| Hunter's Hall | 1 |  | 
| Ancient of Wonders | 3 |  | 
| Tree of Ages | 1 |  | 
| Ancient Protector | 1 |  | 
| Tree of Eternity | 1 |  | 
| Tree of Life | 2 |  | 
| Ancient of Wind | 2 |  | 
| Chimaera Roost | 2 |  | 
                185 total
 » build order
                00:13 Altar of Elders
00:23 Moon Well
01:07 Ancient of War
01:54 Moon Well
02:15 Moon Well
03:13 Moon Well
03:30 Moon Well
03:54 Moon Well
04:40 Hunter's Hall
05:03 Moon Well
05:13 Moon Well
05:46 Moon Well
05:53 Moon Well
06:10 Ancient of Wonders
07:00 Moon Well
07:02 Tree of Ages
07:08 Ancient Protector
07:36 Moon Well
07:55 Moon Well
08:12 Moon Well
08:31 Moon Well
08:53 Moon Well
09:42 Moon Well
09:51 Ancient of Wonders
10:10 Ancient of Wonders
11:57 Tree of Eternity
12:28 Tree of Life
13:07 Moon Well
13:10 Moon Well
13:14 Moon Well
14:25 Moon Well
15:40 Moon Well
15:41 Moon Well
15:48 Moon Well
16:19 Ancient of Wind
16:45 Tree of Life
17:07 Ancient of Wind
18:23 Moon Well
18:24 Moon Well
18:25 Moon Well
19:51 Moon Well
19:55 Moon Well
19:55 Moon Well
19:56 Moon Well
20:49 Moon Well
20:50 Moon Well
20:52 Moon Well
20:54 Moon Well
22:31 Moon Well
22:35 Moon Well
23:26 Moon Well
23:51 Moon Well
24:14 Moon Well
24:15 Moon Well
24:26 Moon Well
24:26 Moon Well
26:45 Moon Well
26:45 Moon Well
26:48 Moon Well
26:48 Moon Well
28:04 Moon Well
28:05 Moon Well
28:14 Moon Well
28:17 Moon Well
29:30 Moon Well
29:30 Moon Well
30:03 Moon Well
30:31 Moon Well
30:51 Moon Well
32:34 Moon Well
32:35 Moon Well
33:07 Moon Well
33:07 Moon Well
33:51 Moon Well
33:56 Moon Well
34:39 Moon Well
34:57 Moon Well
35:45 Moon Well
35:53 Moon Well
37:21 Moon Well
37:21 Moon Well
38:45 Moon Well
38:45 Moon Well
39:56 Moon Well
40:48 Moon Well
41:40 Moon Well
41:50 Moon Well
41:51 Moon Well
43:06 Moon Well
43:27 Moon Well
43:27 Moon Well
44:02 Moon Well
44:09 Moon Well
44:10 Moon Well
44:11 Moon Well
44:12 Moon Well
44:33 Moon Well
44:33 Moon Well
45:37 Moon Well
46:01 Moon Well
47:03 Moon Well
47:39 Moon Well
48:25 Moon Well
48:26 Moon Well
49:33 Moon Well
51:56 Moon Well
51:57 Moon Well
53:15 Moon Well
53:15 Moon Well
54:28 Moon Well
54:29 Moon Well
55:19 Moon Well
55:39 Moon Well
55:40 Moon Well
56:33 Moon Well
56:54 Moon Well
58:58 Moon Well
61:53 Moon Well
61:54 Moon Well
63:24 Moon Well
64:06 Moon Well
66:09 Moon Well
66:09 Moon Well
66:10 Moon Well
66:11 Moon Well
67:43 Moon Well
67:43 Moon Well
67:46 Moon Well
67:55 Moon Well
68:02 Moon Well
68:02 Moon Well
68:51 Moon Well
68:53 Moon Well
70:13 Moon Well
70:14 Moon Well
70:15 Moon Well
70:47 Chimaera Roost
70:56 Chimaera Roost
74:26 Moon Well
74:26 Moon Well
77:56 Moon Well
77:56 Moon Well
81:57 Moon Well
81:58 Moon Well
83:15 Moon Well
83:18 Moon Well
83:42 Moon Well
87:10 Moon Well
88:08 Moon Well
88:13 Moon Well
88:14 Moon Well
88:57 Moon Well
89:04 Moon Well
89:05 Moon Well
89:20 Moon Well
89:21 Moon Well
89:22 Moon Well
89:54 Moon Well
90:21 Moon Well
91:36 Moon Well
92:36 Moon Well
92:38 Moon Well
92:43 Moon Well
92:44 Moon Well
92:58 Moon Well
93:40 Moon Well
93:48 Moon Well
94:51 Moon Well
95:04 Moon Well
95:32 Moon Well
96:32 Moon Well
97:01 Moon Well
97:03 Moon Well
97:55 Moon Well
98:48 Moon Well
98:48 Moon Well
98:51 Moon Well
99:49 Moon Well
99:59 Moon Well
101:42 Moon Well
102:38 Moon Well
103:57 Moon Well
104:39 Moon Well
104:54 Moon Well
105:44 Moon Well
» items
                
                | Dust of Appearance | 1 |  | 
| Staff of Preservation | 2 |  | 
| Scroll of Town Portal | 5 |  | 
| Boots of Quel'Thalas +6 | 1 |  | 
| Mana Stone | 1 |  | 
| The Lion Horn of Stormwind | 1 |  | 
| Orb of Lightning | 4 |  | 
| Tiny Great Hall | 1 |  | 
| Scourge Bone Chimes | 1 |  | 
| Robe of the Magi +6 | 1 |  | 
| Runed Bracers | 3 |  | 
| Health Stone | 1 |  | 
| Ice Shard | 1 |  | 
| Demonic Figurine | 1 |  | 
                24 total
  
                Chat log
          (00:07 / Allies) freunde.w3x: shit, it's clan mono
(00:14 / All) nutsonYOchin.de: blast you off into EXILE
(00:24 / Allies) nutsonYOchin.de: 100 wig dollers please
(00:26 / Allies) freunde.w3x: thats so beasty
(00:42 / Allies) freunde.w3x: thats from the beastly boys..
(00:50 / Allies) nutsonYOchin.de: the bestly boys.
(00:57 / Allies) dogsandhorse.ru: the friendly boys
(01:05 / Allies) freunde.w3x: yo iggy you like promoe?
(01:11 / Allies) TearDownThis: what
(01:15 / Allies) TearDownThis: what is this
(01:34 / Allies) nutsonYOchin.de: more
(02:32 / Allies) nutsonYOchin.de: w00d!!!!!!!!
(02:33 / Allies) freunde.w3x: you dont know who looptroop is at all iggy?
(02:35 / Allies) freunde.w3x: you prolly a nerd irl
(02:41 / Allies) dogsandhorse.ru: sWEET
(02:46 / Allies) freunde.w3x: sweet game
(02:55 / Allies) nutsonYOchin.de: WOOD
(03:28 / Allies) nutsonYOchin.de: tome cr33p
(03:32 / Allies) freunde.w3x: which one is tome
(03:57 / Allies) nutsonYOchin.de: more lump
(04:12 / Allies) dogsandhorse.ru: they just proto prob
(04:23 / Allies) dogsandhorse.ru: axcept w/o harrass..
(04:31 / Allies) TearDownThis: share if u're bear
(04:50 / Allies) nutsonYOchin.de: shoppe
(05:26 / Allies) nutsonYOchin.de: wait
(05:27 / Allies) nutsonYOchin.de: for salve
(05:28 / Allies) freunde.w3x: no wait
(05:36 / Allies) nutsonYOchin.de: wood
(05:50 / All) MoNo.SToRM: fu
(06:01 / Allies) nutsonYOchin.de: neigh
(06:02 / Allies) freunde.w3x: dang died to creeps
(06:03 / Allies) nutsonYOchin.de: nay...
(06:35 / Allies) nutsonYOchin.de: gold
(06:40 / Allies) freunde.w3x: no got
(07:10 / Allies) nutsonYOchin.de: source
(07:18 / Allies) freunde.w3x: fat
(07:59 / Allies) nutsonYOchin.de: fuyck you!!!!!!
(08:02 / Allies) freunde.w3x: you took exp tome
(08:09 / Allies) freunde.w3x: exp tome is to alch what agi is to blade
(08:10 / Allies) nutsonYOchin.de: you took knowledge @ enemy
(08:32 / Allies) nutsonYOchin.de: source
(08:33 / Allies) nutsonYOchin.de: fvck
(09:02 / Allies) freunde.w3x: :T
(09:14 / Allies) freunde.w3x: jea
(09:17 / Allies) freunde.w3x: cj
(10:19 / Allies) nutsonYOchin.de: source
(10:30 / Allies) nutsonYOchin.de: who wins
(10:33 / Allies) nutsonYOchin.de: 3 blade or 1 mk
(10:33 / Allies) dogsandhorse.ru: lmao
(10:38 / Allies) nutsonYOchin.de: ok
(10:39 / Allies) nutsonYOchin.de: i guess mk
(10:41 / Allies) dogsandhorse.ru: arny
(10:57 / Allies) nutsonYOchin.de: SOURCE!
(12:28 / Allies) freunde.w3x: ownage
(13:44 / All) MoNo.SToRM: lal
(13:48 / Allies) nutsonYOchin.de: mad wood
(14:27 / Allies) nutsonYOchin.de: make a tree
(14:28 / Allies) nutsonYOchin.de: eat through
(14:41 / All) MoNo.SToRM: Die
(14:57 / Allies) nutsonYOchin.de: source
(15:05 / All) dogsandhorse.ru: nah i think you die
(15:09 / All) MoNo.SToRM: lol
(15:11 / All) dogsandhorse.ru: a rofl!
(15:41 / Allies) nutsonYOchin.de: more source
(16:15 / Allies) nutsonYOchin.de: more wood
(16:23 / Allies) freunde.w3x: stone
(16:33 / Allies) nutsonYOchin.de: more wood
(16:35 / Allies) nutsonYOchin.de: shiet.
(16:46 / Allies) nutsonYOchin.de: he try to eat through
(16:51 / Allies) freunde.w3x: oh well then
(16:53 / Allies) freunde.w3x: more tower
(17:08 / All) MoNo.SToRM: repari
(17:09 / Allies) nutsonYOchin.de: gold
(17:21 / All) dogsandhorse.ru: ok we rep
(17:26 / Allies) nutsonYOchin.de: SOURCe!
(17:30 / Allies) nutsonYOchin.de: this ridic mata
(17:37 / Allies) freunde.w3x: learn to watch map etc
(18:09 / Allies) nutsonYOchin.de: bracers
(18:11 / Allies) nutsonYOchin.de: and stone
(18:12 / Allies) dogsandhorse.ru: ferno
(18:20 / Allies) nutsonYOchin.de: WOLD
(18:21 / Allies) nutsonYOchin.de: WOOD
(18:32 / Allies) freunde.w3x: you bein so whiny about it i dunno
(18:34 / Allies) nutsonYOchin.de: jesus christ
(18:38 / Allies) nutsonYOchin.de: because you dont give without me asking
(18:40 / Allies) nutsonYOchin.de: then iget 300 woo
(18:41 / Allies) nutsonYOchin.de: d
(18:46 / Allies) freunde.w3x: i always give all
(18:49 / Allies) freunde.w3x: you need to learn how game works i think
(18:56 / Allies) nutsonYOchin.de: you had 2500
(19:00 / Allies) freunde.w3x: yeah because i stopped giving
(19:04 / Allies) freunde.w3x: cause guy crying all time
(19:49 / All) MoNo.SToRM: and?
(20:05 / All) dogsandhorse.ru: and u go to grave now
(21:43 / All) MoNo.SToRM: Die
(22:20 / Allies) nutsonYOchin.de: was like fuck
(22:23 / Allies) nutsonYOchin.de: just missed inferno
(22:57 / Allies) freunde.w3x: heh
(23:01 / Allies) freunde.w3x: anything??
(23:07 / Allies) nutsonYOchin.de: gonna pucnh through
(23:09 / Allies) nutsonYOchin.de: infernals so sweet
(23:23 / Allies) freunde.w3x: tim you have resources now?
(23:28 / Allies) freunde.w3x: make a tower
(23:28 / Allies) nutsonYOchin.de: a gold
(23:35 / Allies) freunde.w3x: dont have had to go upk
(23:36 / Allies) nutsonYOchin.de: dont have workers for it
(23:56 / Allies) freunde.w3x: i'll brt with 5 alch and fernal
(24:08 / All) dogsandhorse.ru: bye
(24:13 / All) freunde.w3x: fly home
(25:12 / Allies) freunde.w3x: eh nm
(25:32 / Allies) freunde.w3x: hah invisihero
(25:47 / All) MoNo.SToRM: Dei
(26:09 / Allies) freunde.w3x: yo someone set tower record please they not building units
(26:14 / Allies) nutsonYOchin.de: clear me a lot of room for towers
(26:18 / Allies) nutsonYOchin.de: behind their trees please
(26:31 / Allies) freunde.w3x: i give a tree to do it
(26:33 / Allies) nutsonYOchin.de: ty
(26:37 / Allies) freunde.w3x: not gonna do it tho
(26:41 / Allies) nutsonYOchin.de: i gott
(27:01 / Allies) nutsonYOchin.de: need ogld
(27:08 / Allies) TearDownThis: tim
(27:10 / Allies) TearDownThis: i feed you
(27:13 / Allies) TearDownThis: you tower for me on bottom
(27:13 / Allies) TearDownThis: ok?
(27:19 / Allies) nutsonYOchin.de: dont think i got enough worker
(27:20 / Allies) nutsonYOchin.de: soz
(27:22 / Allies) TearDownThis: you'll be on the iggy train
(27:24 / Allies) freunde.w3x: i can feed
(27:24 / Allies) TearDownThis: well ok then
(27:43 / Allies) freunde.w3x: did i just give to wrong guy or did timg spend 10k lum
(27:49 / Allies) freunde.w3x: yeah gave to ne
(27:55 / Allies) dogsandhorse.ru: lets get em out of bot
(27:58 / Allies) freunde.w3x: anyone need exp?
(27:59 / Allies) dogsandhorse.ru: i got 6 guys ready to take
(28:01 / Allies) nutsonYOchin.de: lum aint so much of a prob
(28:01 / Allies) dogsandhorse.ru: me
(28:02 / Allies) nutsonYOchin.de: sh does
(28:03 / Allies) dogsandhorse.ru: i
(28:08 / Allies) freunde.w3x: use these aows
(28:36 / Allies) freunde.w3x: alch does good damage
(28:47 / Allies) dogsandhorse.ru: defendo
(28:58 / Allies) dogsandhorse.ru: yuikes
(29:01 / Allies) freunde.w3x: damn i need that strbelt
(29:47 / Allies) freunde.w3x: invis dudes
(29:56 / Allies) freunde.w3x: we need towers here!
(30:03 / Allies) nutsonYOchin.de: need arcanes
(30:06 / Allies) nutsonYOchin.de: wave and bof
(30:54 / Allies) nutsonYOchin.de: coming with heal
(31:24 / Allies) freunde.w3x: tower mad in here
(32:12 / Allies) nutsonYOchin.de: panda
(32:24 / Allies) freunde.w3x: mong
(32:58 / Allies) freunde.w3x: pal
(33:16 / Allies) TearDownThis: stupid aows
(33:29 / Allies) freunde.w3x: tower this
(34:32 / Allies) freunde.w3x: nice
(34:41 / Allies) freunde.w3x: i brt
(35:02 / Allies) freunde.w3x: anyone ask for resources now
(36:08 / Allies) freunde.w3x: make tows
(36:21 / Allies) freunde.w3x: smute is sweet
(36:39 / Allies) nutsonYOchin.de: need mroe arcane
(36:52 / Allies) nutsonYOchin.de: repair wisp in mid please
(37:08 / Allies) freunde.w3x: i make lava guy 2econd
(37:10 / All) MoNo.SToRM: dei
(38:19 / All) MoNo.SToRM: Die
(38:56 / Allies) freunde.w3x: oh thought it was they ward
(38:58 / Allies) freunde.w3x: woulda been pro surr
(39:20 / Allies) freunde.w3x: fern
(40:21 / All) freunde.w3x: heh
(40:44 / All) MoNo.SToRM: Dei
(40:50 / Allies) freunde.w3x: he gonna say that ever ytime
(40:51 / Allies) freunde.w3x: or what
(41:00 / Allies) dogsandhorse.ru: we gotta have somethin better
(41:27 / All) freunde.w3x: BOOM
(41:37 / Allies) freunde.w3x: fern
(41:44 / Allies) freunde.w3x: bats
(43:24 / Allies) freunde.w3x: this game so baller
(44:25 / Allies) nutsonYOchin.de: can you take out these two tower pelase
(44:47 / Allies) freunde.w3x: wanna take they exps
(45:06 / Allies) nutsonYOchin.de: send repair wisps
(45:33 / Allies) freunde.w3x: im comin 
(46:19 / Allies) nutsonYOchin.de: wanna go i drop ferno then storm
(46:26 / Allies) nutsonYOchin.de: need mburn
(46:29 / Allies) freunde.w3x: hold gotta heal
(46:30 / Allies) nutsonYOchin.de: tank with aow
(46:31 / Allies) nutsonYOchin.de: ok
(46:44 / Allies) freunde.w3x: go
(46:55 / Allies) freunde.w3x: go please
(47:19 / Allies) freunde.w3x: dangg
(48:09 / Allies) freunde.w3x: he tried to boff..
(49:48 / Allies) freunde.w3x: agiboot
(51:02 / Allies) nutsonYOchin.de: mata you got top? bear and making canes up there
(51:05 / Allies) nutsonYOchin.de: gonna get siege in mid
(51:15 / Allies) freunde.w3x: aight
(51:56 / Allies) freunde.w3x: new swedish movie out called let the right one in
(52:01 / Allies) freunde.w3x: it's good
(52:07 / Allies) dogsandhorse.ru: let the right panda in ahheh
(52:58 / Allies) nutsonYOchin.de: need mad canes errwhere
(53:06 / Allies) dogsandhorse.ru: this i do
(53:22 / Allies) freunde.w3x: blue on top
(54:09 / Allies) freunde.w3x: you gotta lemme know when peeps switch lane
(54:11 / Allies) freunde.w3x: this is dota
(56:20 / All) MoNo.SToRM: lol
(57:02 / Allies) freunde.w3x: teal and blue on top
(59:33 / Allies) freunde.w3x: they tower pushing my heroes
(59:36 / Allies) freunde.w3x: i can't stop it
(60:10 / Allies) nutsonYOchin.de: coming with btorm
(60:11 / Allies) nutsonYOchin.de: bstorm
(60:20 / Allies) nutsonYOchin.de: mata take expo
(60:21 / Allies) nutsonYOchin.de: fvck
(60:30 / Allies) freunde.w3x: mm just blue up here i think we can take
(60:33 / Allies) freunde.w3x: ready?
(60:36 / Allies) nutsonYOchin.de: \coming
(60:45 / Allies) freunde.w3x: i burn pala we focus him
(60:50 / Allies) nutsonYOchin.de: go
(61:32 / Allies) freunde.w3x: these manaburn towers dang
(61:35 / Allies) nutsonYOchin.de: yeah
(61:39 / Allies) freunde.w3x: oh well i get 2 level
(61:46 / Allies) dogsandhorse.ru: WE AINT GOTTA PUSH TOWER
(61:46 / Allies) dogsandhorse.ru: soz
(61:49 / Allies) dogsandhorse.ru: we just gott amake :)
(61:52 / Allies) nutsonYOchin.de: ferno owns it tho
(61:53 / Allies) freunde.w3x: well
(61:55 / Allies) freunde.w3x: nobody on our team
(61:56 / Allies) freunde.w3x: is makin
(62:06 / Allies) freunde.w3x: im setting lum record over here
(62:12 / Allies) nutsonYOchin.de: use sh for hex
(62:32 / Allies) TearDownThis: my fukken BOG
(62:58 / Allies) nutsonYOchin.de: got a ferno
(63:04 / Allies) freunde.w3x: wait for alcho
(63:05 / Allies) nutsonYOchin.de: ready
(63:06 / All) dogsandhorse.ru: shitnoobs, bitnoobs, think you better quitnoobs
(63:10 / All) MoNo.Boro: lol
(63:43 / Allies) nutsonYOchin.de: damn
(63:44 / Allies) nutsonYOchin.de: top is rough
(63:51 / Allies) freunde.w3x: yeah is ww1
(64:07 / Allies) nutsonYOchin.de: pair wiosp
(64:08 / Allies) TearDownThis: got l3 tangol
(64:09 / Allies) nutsonYOchin.de: repair
(64:15 / Allies) freunde.w3x: pair wisps just die to 1 wave or breath
(64:26 / Allies) freunde.w3x: i considering flattening this forest
(64:35 / Allies) freunde.w3x: i burn pala, we ready?
(64:39 / Allies) nutsonYOchin.de: n
(64:40 / Allies) nutsonYOchin.de: mana
(64:44 / Allies) freunde.w3x: use wellls
(64:51 / Allies) dogsandhorse.ru: invis har.
(65:38 / Allies) nutsonYOchin.de: more wells and moons tone
(65:45 / Allies) freunde.w3x: no room for wells, i bring trees to eat?
(66:32 / Allies) freunde.w3x: lookat wyv
(66:48 / Allies) freunde.w3x: yo im requesting restationing from top 
(66:49 / Allies) freunde.w3x: its gay
(66:52 / Allies) freunde.w3x: my heroes not put to good use
(67:08 / Allies) freunde.w3x: we need panda or something that can work on towers
(67:09 / Allies) freunde.w3x: up here
(67:39 / Allies) freunde.w3x: tped
(67:51 / All) freunde.w3x: gg
(67:54 / All) freunde.w3x: leave now?
(67:59 / All) MoNo.Boro: why?
(68:03 / All) freunde.w3x: you lost
(68:12 / All) MoNo.Boro: sure?
(68:17 / All) freunde.w3x: i been sure a long time now
(68:22 / All) MoNo.Boro: ok
(68:29 / All) MoNo.Boro: we loss when alst building fall down
(68:35 / All) freunde.w3x: now you lost now
(68:41 / All) MoNo.SToRM: dure?
(68:46 / All) freunde.w3x: yeppp
(70:07 / All) TearDownThis: WOW you are bad
(70:16 / All) freunde.w3x: lmao you are so outclassed
(70:19 / All) freunde.w3x: how many heroes you kill?
(70:26 / All) MoNo.Boro: no prob we have 31k each
(70:37 / All) freunde.w3x: no prob?
(70:43 / All) freunde.w3x: you gonna keep losing 1 hero / sec 
(70:44 / All) Mono.Guitarist: ye
(70:45 / All) nutsonYOchin.de: you guys aint making many towers then
(70:46 / All) freunde.w3x: until i got triple 10
(70:49 / All) MoNo.Boro: ok
(70:50 / All) freunde.w3x: then i maybe get bored and end it
(70:57 / All) MoNo.Boro: Max liv is 10
(71:19 / All) nutsonYOchin.de: i got 15k and i barely making towers
(71:29 / All) freunde.w3x: i got 46k and i been in upkeep all game so
(71:34 / All) MoNo.Boro: no prob i can do 31k gold towers
(71:42 / All) nutsonYOchin.de: please do
(71:46 / All) MoNo.Boro: sure
(71:58 / Allies) nutsonYOchin.de: going into mass production mode
(72:43 / All) TearDownThis: lmfaorm
(72:50 / All) TearDownThis: makes units, still gets owned
(72:52 / All) TearDownThis: leave in shame
(72:56 / All) MoNo.Boro: ahahah
(72:59 / All) MoNo.Boro: we have time
(73:14 / All) MoNo.SToRM: Die
(73:42 / Allies) freunde.w3x: i wish i'd been hu this game
(73:44 / Allies) freunde.w3x: i woulda shown them
(73:46 / Allies) freunde.w3x: what towers look like
(73:55 / Allies) nutsonYOchin.de: its really gay
(73:58 / Allies) nutsonYOchin.de: you start queueing towers
(73:58 / Allies) dogsandhorse.ru:  /fps
(74:02 / Allies) nutsonYOchin.de: then our town is under attack
(74:05 / Allies) nutsonYOchin.de: and nobody is helping you out at all
(74:10 / Allies) nutsonYOchin.de: so you gotta use your own heroes
(74:13 / Allies) freunde.w3x: umm
(74:16 / Allies) freunde.w3x: its like that all the time
(74:20 / Allies) freunde.w3x: for me
(74:21 / All) nutsonYOchin.de: Grats only took 500 mana and 6 heroes to kill 3 towers
(74:35 / Allies) freunde.w3x: i dont stop queueing towers just cause they killing them somewhere else
(74:38 / Allies) freunde.w3x: that is point
(74:45 / Allies) nutsonYOchin.de: nah it gets serious
(74:48 / Allies) nutsonYOchin.de: like they busting through
(74:57 / Allies) freunde.w3x: ya cause not enough towers
(76:01 / Allies) nutsonYOchin.de: can you guys help please.
(76:04 / Allies) nutsonYOchin.de: they killing my worker
(76:07 / Allies) nutsonYOchin.de: is a serious offense
(76:08 / Allies) TearDownThis: kill them
(76:10 / Allies) TearDownThis: with ur heroes
(76:22 / Allies) nutsonYOchin.de: fighting 3 of them in mid
(76:29 / Allies) freunde.w3x: not likely yo
(76:35 / Allies) TearDownThis: tim making stuff up
(76:40 / Allies) TearDownThis: cute
(76:42 / Allies) freunde.w3x: nothing flashing in mid sorry
(76:52 / Allies) nutsonYOchin.de: because i drive hem back
(76:59 / Allies) freunde.w3x: alright well we're fighting as in actually fighting
(77:03 / Allies) freunde.w3x: so
(77:09 / Allies) TearDownThis: see ther you go
(77:11 / Allies) TearDownThis: kill them
(77:22 / Allies) TearDownThis: bling
(77:34 / Allies) freunde.w3x: i sending mwells south
(78:00 / Allies) nutsonYOchin.de: somebody get top
(78:22 / Allies) freunde.w3x: top isnt as much fun as bot
(78:28 / Allies) nutsonYOchin.de: wekk
(78:29 / Allies) nutsonYOchin.de: well
(78:35 / Allies) nutsonYOchin.de: bot is fun because you fighting buildings and no heroes
(78:41 / Allies) nutsonYOchin.de: i got pink mid orange bottom right and teal top right
(78:42 / Allies) freunde.w3x: no
(78:44 / Allies) freunde.w3x: reverse is true
(78:48 / Allies) freunde.w3x: i dont like fighting wall of towers
(78:58 / Allies) freunde.w3x: what a lucker!
(79:02 / Allies) dogsandhorse.ru: we gonna mine this?
(79:10 / Allies) freunde.w3x: if i ever get outta upkeep i might
(79:14 / Allies) dogsandhorse.ru: i wll
(79:15 / Allies) freunde.w3x: what is rush
(79:19 / Allies) freunde.w3x: that is last place we gonna let go of right
(79:31 / Allies) dogsandhorse.ru: 8fps
(80:14 / Allies) nutsonYOchin.de: chim
(80:18 / All) MoNo.SToRM: lol finaly moonwells naps
(80:28 / All) TearDownThis: lmao make some units about it then lose all your heroes
(80:31 / Allies) nutsonYOchin.de: listen i know 3v1 is fun for you guys
(80:33 / Allies) nutsonYOchin.de: but come help please
(80:41 / Allies) freunde.w3x: god are you joking
(80:45 / Allies) freunde.w3x: make some towers
(80:47 / Allies) TearDownThis: interesting seeing as how orange just here
(81:02 / Allies) freunde.w3x: is like i dont even know you anymore
(81:11 / Allies) freunde.w3x: let me know when we lost top and left and they're about to break mid and i'll come 
(82:21 / Allies) nutsonYOchin.de: hey look
(82:22 / Allies) nutsonYOchin.de: blue
(82:27 / Allies) nutsonYOchin.de: for the 4v1 on right side
(82:46 / Allies) nutsonYOchin.de: my only q is how is it taking so long for you to fight 0 heroes down there
(82:57 / Allies) freunde.w3x: when will you stop crying and build a tower
(83:01 / Allies) freunde.w3x: prolly never
(83:16 / Allies) nutsonYOchin.de: do you need help with killing a buidling
(83:26 / Allies) nutsonYOchin.de: go to remedial warcraft 3 maybe
(83:27 / Allies) freunde.w3x: do you need help building one
(83:29 / Allies) dogsandhorse.ru: all bot
(83:30 / Allies) dogsandhorse.ru: (lol?
(83:42 / Allies) freunde.w3x: ive known they was all bot
(83:43 / Allies) freunde.w3x: for 10 min
(83:49 / Allies) freunde.w3x: is why im telling tim to sh
(84:02 / Allies) nutsonYOchin.de: mines out damn
(84:12 / Allies) freunde.w3x: doublemine this so we can beat friends
(84:16 / Allies) dogsandhorse.ru: ok
(84:19 / Allies) nutsonYOchin.de: clear tree
(84:48 / Allies) freunde.w3x: fern
(85:01 / Allies) freunde.w3x: vs good opponents
(85:05 / Allies) freunde.w3x: the tav would make this hard
(85:16 / Allies) freunde.w3x: but even if they discovered the tav they prolly would lose heroes too fast
(85:22 / Allies) dogsandhorse.ru: shoppen
(85:34 / Allies) dogsandhorse.ru: dingdong
(86:10 / All) dogsandhorse.ru: where you berdnoobs from.
(86:18 / Allies) dogsandhorse.ru: u buy me out
(86:19 / Allies) dogsandhorse.ru: sucker
(86:24 / All) MoNo.Boro: why u angry?
(86:31 / All) MoNo.Boro: be happy
(86:35 / All) dogsandhorse.ru: a friendly q. where you from?
(86:40 / All) dogsandhorse.ru: also statement: you berdnoobs
(86:41 / All) Mono.Guitarist: we are continuing play just because we have fun
(86:44 / All) nutsonYOchin.de: mad tower friends game vs noobs who stay even though they lost
(86:47 / All) TearDownThis: we didn't ask that
(86:50 / All) TearDownThis: we ask where u from
(86:58 / All) MoNo.Boro: ita
(87:00 / All) MoNo.Boro: u?
(87:06 / All) dogsandhorse.ru: heya giuseppe
(87:08 / Allies) freunde.w3x: going to mid i guess i dunno
(87:10 / Allies) nutsonYOchin.de: why you backing up
(87:12 / All) Mono.Guitarist: xD
(87:12 / Allies) nutsonYOchin.de: they all here.
(87:16 / All) Mono.Guitarist: u from?
(87:21 / All) nutsonYOchin.de: Ger
(87:28 / All) dogsandhorse.ru: can
(87:32 / All) Mono.Guitarist: Heyha Hitler!
(87:38 / Allies) dogsandhorse.ru: dinding blue
(88:01 / Allies) nutsonYOchin.de: listen
(88:02 / Allies) freunde.w3x: yaya
(88:04 / Allies) nutsonYOchin.de: the effort is appreciated
(88:07 / Allies) nutsonYOchin.de: but can you at least upg them
(88:11 / Allies) dogsandhorse.ru: aight like 5fps now
(88:30 / Allies) freunde.w3x: why theres hardly any towers
(88:45 / Allies) nutsonYOchin.de: wood
(88:50 / Allies) freunde.w3x: yo i'll help this
(88:52 / Allies) nutsonYOchin.de: and gold too i guess
(88:54 / Allies) nutsonYOchin.de: im down to 6k
(89:00 / Allies) freunde.w3x: in a min i'll give you some
(89:31 / All) MoNo.SToRM: simple
(89:55 / Allies) nutsonYOchin.de: they losing so many heroes to tower
(90:08 / Allies) freunde.w3x: yo they gotta be broke i just realize
(90:10 / Allies) freunde.w3x: 3 mines to 4 players
(90:16 / Allies) freunde.w3x: well you know maybe not broke but getting there
(90:17 / Allies) nutsonYOchin.de: and upk too
(90:18 / Allies) nutsonYOchin.de: def.
(90:19 / Allies) dogsandhorse.ru: they got htis?
(90:21 / Allies) dogsandhorse.ru: weird
(90:24 / Allies) nutsonYOchin.de: yeah
(90:28 / Allies) nutsonYOchin.de: we were fighitng hard
(90:29 / Allies) nutsonYOchin.de: then mata left
(90:30 / Allies) dogsandhorse.ru: i never realis
(90:43 / Allies) TearDownThis: lmao
(90:45 / Allies) freunde.w3x: we not making progress
(90:48 / Allies) freunde.w3x: we needed a panda or something
(91:04 / Allies) freunde.w3x: like why put alch against solid row of burn towers
(91:08 / Allies) dogsandhorse.ru: we got such huge eco. adv though
(91:09 / Allies) freunde.w3x: might as well put somewhere more useful
(91:31 / Allies) dogsandhorse.ru: bot no longer woith defend i think
(91:35 / Allies) dogsandhorse.ru: coming top
(92:04 / Allies) dogsandhorse.ru: nm they still hitting bot heheh
(92:09 / Allies) TearDownThis: 2 on bot
(92:15 / Allies) freunde.w3x: they alternate a lot
(92:43 / Allies) freunde.w3x: next time we grab him
(92:46 / Allies) freunde.w3x: if there is next time
(92:49 / Allies) nutsonYOchin.de: wood
(92:52 / Allies) freunde.w3x: damn 6
(93:21 / Allies) nutsonYOchin.de: down to 698 wood
(93:26 / Allies) freunde.w3x: ok i give
(93:29 / Allies) dogsandhorse.ru: weop
(93:45 / Allies) TearDownThis: are you making progress
(93:51 / Allies) TearDownThis: y/n
(93:52 / Allies) nutsonYOchin.de: where
(93:55 / Allies) nutsonYOchin.de: i kind of am yes
(93:56 / Allies) TearDownThis: wherever you are
(94:00 / Allies) TearDownThis: because bot regressing
(94:07 / Allies) TearDownThis: against 2
(94:09 / Allies) freunde.w3x: here you go
(94:11 / Allies) freunde.w3x: a lil lum
(94:27 / Allies) freunde.w3x: take this
(94:50 / Allies) dogsandhorse.ru: chim means they want this to end
(94:50 / Allies) nutsonYOchin.de: can i get wells up top
(95:05 / Allies) dogsandhorse.ru: yeikes
(95:15 / All) freunde.w3x: fly away noob
(95:19 / All) MoNo.SToRM: Y
(95:19 / All) MoNo.Boro: no prob
(95:23 / Allies) nutsonYOchin.de: my second mine is out
(95:25 / Allies) nutsonYOchin.de: got no income
(95:39 / All) dogsandhorse.ru: fatcow down
(95:54 / Allies) freunde.w3x: mid is much gold
(96:19 / Allies) nutsonYOchin.de: bear and can you tower for a little making some pizza
(96:22 / Allies) dogsandhorse.ru: goodstaff
(96:54 / Allies) freunde.w3x: i got no anti unit while alch is resting
(97:00 / Allies) freunde.w3x: just some nuking heroes
(97:48 / Allies) freunde.w3x: my alch 2k hp and hit for 100
(98:05 / Allies) TearDownThis: doubling bot again wee
(98:09 / Allies) TearDownThis: triple
(98:11 / Allies) freunde.w3x: i draw em up
(98:17 / Allies) TearDownThis: hawks now
(98:20 / Allies) TearDownThis: gon cloud
(98:28 / Allies) freunde.w3x: dat took while
(98:30 / Allies) TearDownThis: no war training
(98:35 / Allies) TearDownThis: sign of the noob
(98:42 / Allies) freunde.w3x: i got soulburn and smute against cloud i guess
(98:46 / Allies) dogsandhorse.ru: when they out of gold or whatever just cloud + megashops for mana
(98:48 / Allies) dogsandhorse.ru: aoe heaven
(99:38 / Allies) dogsandhorse.ru: all bot?
(99:39 / Allies) TearDownThis: bot hot
(99:42 / Allies) dogsandhorse.ru: cliggity
(99:44 / Allies) freunde.w3x: no ne not bot
(99:47 / Allies) freunde.w3x: you'll notice the 100 chim
(100:14 / Allies) freunde.w3x: i going bot now lets push it
(100:33 / All) freunde.w3x: lez duel blue
(100:37 / Allies) dogsandhorse.ru: i zs home
(100:41 / Allies) dogsandhorse.ru: not pzs
(100:42 / Allies) dogsandhorse.ru: just zs
(100:46 / Allies) nutsonYOchin.de: he killing worker
(100:59 / All) freunde.w3x: blue i'm calling you out
(101:14 / All) MoNo.SToRM: waht?
(101:22 / All) freunde.w3x: he refused to duel me
(101:28 / All) MoNo.SToRM: where?
(101:34 / Allies) freunde.w3x: hey wherever
(101:36 / All) freunde.w3x: anywhee
(102:28 / Allies) TearDownThis: wow
(102:31 / Allies) TearDownThis: how many we just beat?
(102:36 / Allies) freunde.w3x: all?
(102:48 / All) freunde.w3x: run away
(103:00 / All) MoNo.Boro: np we have time for all heroes liv 10
(103:09 / All) freunde.w3x: you cant win now and you won't win then
(103:20 / All) MoNo.Boro: ok so destroy all and win plz
(103:28 / All) freunde.w3x: no thx this too funny
(103:58 / Allies) nutsonYOchin.de: is getting diff. to tower
(104:00 / Allies) nutsonYOchin.de: fps dipping
(104:15 / All) nutsonYOchin.de: hey can you guys kill some towers. my fps going down. thank's
(104:54 / Allies) freunde.w3x: volc gonna be so useless
(104:58 / Allies) freunde.w3x: agboot
(105:00 / Allies) TearDownThis: as usual
(105:06 / Allies) nutsonYOchin.de: eat these trees thanks
(105:26 / Allies) freunde.w3x: damn that's ownage
(105:38 / Allies) dogsandhorse.ru: dead cottage
(105:48 / All) MoNo.SToRM: lool
(105:48 / Allies) freunde.w3x: guy trip 6
(106:02 / All) freunde.w3x: come out here 
(106:03 / All) freunde.w3x: blue
(106:05 / All) freunde.w3x: just u & me
(106:09 / All) MoNo.SToRM: lol
(106:18 / All) freunde.w3x: my heroes vs everything you got
(106:21 / All) Mono.Guitarist: sorry i need to fuck tyranyde
(106:50 / All) MoNo.Boro: who will be the king of lammers?
(107:05 / All) MoNo.SToRM: Sur??
(108:05 / All) freunde.w3x: that was sweet
(108:26 / All) dogsandhorse.ru: closeone
(109:21 / Allies) freunde.w3x: he not even gonna bolt me
(109:26 / Allies) dogsandhorse.ru: i wont let
(109:32 / Allies) freunde.w3x: yeah i got tangle ready too
(109:34 / All) nutsonYOchin.de: guys my fps worse
(109:35 / Allies) freunde.w3x: if he make move
(109:40 / All) nutsonYOchin.de: that is indicative of you being shit at killing towers
(109:47 / Allies) freunde.w3x: oj heree
(109:59 / All) freunde.w3x: lets roll orange and blue
(110:01 / All) freunde.w3x: come out
(110:16 / All) MoNo.SToRM: you just lose vs me
(110:18 / All) MoNo.SToRM: lol
(110:21 / All) dogsandhorse.ru: 1v1?
(110:21 / All) freunde.w3x: come out then
(110:40 / All) freunde.w3x: this like in that movie troy
(110:45 / All) freunde.w3x: and you that little fag that gets ass kicked
(110:47 / All) Mono.Guitarist: lol
(111:13 / All) nutsonYOchin.de: brad pitt owns the italians in troy, now yellow owns italians in war3.
(112:07 / All) freunde.w3x: hell yeah
(112:10 / All) freunde.w3x: that's what i'm tolkien about
(112:12 / All) dogsandhorse.ru: a fuenky groove to fuck to
(112:28 / Allies) TearDownThis: they not mining
(112:36 / All) nutsonYOchin.de: a funke groove....tobias funke.
(112:38 / Allies) dogsandhorse.ru: many hawk
(112:43 / Allies) dogsandhorse.ru: even 12
(112:45 / Allies) freunde.w3x: shitload of units here in general
(112:46 / Allies) dogsandhorse.ru: 12 even
(112:46 / Allies) freunde.w3x: but'
(112:51 / Allies) freunde.w3x: like i said yo alch got 2k hp what ya gonna do
(112:52 / Allies) dogsandhorse.ru: a shitload of noobs here ahhe
(113:15 / Allies) dogsandhorse.ru: i'd BB but fps.
(113:41 / Allies) freunde.w3x: is cool is a standoff
(113:42 / Allies) freunde.w3x: while they res
(113:43 / Allies) dogsandhorse.ru: mid 1/3gone
(113:45 / Allies) nutsonYOchin.de: how embarrassing is it when orc make more tower than hu in same game.
(113:53 / Allies) dogsandhorse.ru: how embarrassing my computer 6 years old
(113:58 / Allies) nutsonYOchin.de: mine 5.
(114:21 / All) freunde.w3x: my alch got too many hps for you
(114:23 / Allies) TearDownThis: killin g aburrow
(114:27 / Allies) dogsandhorse.ru: correct if wrong but yours some dualcore ?
(114:37 / Allies) nutsonYOchin.de: no
(114:47 / Allies) nutsonYOchin.de: just a reg athlon 64 3200+ i think
(115:03 / Allies) dogsandhorse.ru: lota dead hero
(115:58 / All) nutsonYOchin.de: i queue up 500 towers then i take a bite of pizza and survey magnifcent mini map
(116:06 / Allies) TearDownThis: cleared us a mine
(116:09 / Allies) TearDownThis: someone distane
(116:17 / Allies) nutsonYOchin.de: cant
(116:24 / Allies) nutsonYOchin.de: all 27 workers of mine making T
(116:35 / Allies) dogsandhorse.ru: they taking
(116:38 / Allies) dogsandhorse.ru: an empty expo at least
(117:07 / Allies) nutsonYOchin.de: yo remember that 60k you gave me, im down to 5k please.
(117:33 / Allies) dogsandhorse.ru: yeikes
(117:39 / Allies) freunde.w3x: man
(117:43 / Allies) freunde.w3x: sometimes i mash staff too hard
(118:37 / Allies) TearDownThis: in this
(118:38 / Allies) TearDownThis: make worker
(118:40 / Allies) TearDownThis: send to mine
(118:51 / Allies) nutsonYOchin.de: they killed a burrow
(118:51 / Allies) nutsonYOchin.de: fuck
(118:54 / Allies) TearDownThis: i did
(118:58 / Allies) nutsonYOchin.de: why
(119:01 / Allies) nutsonYOchin.de: now im 37/40
(119:02 / Allies) TearDownThis: blockin me
(119:05 / Allies) nutsonYOchin.de: zeppelin
(119:06 / Allies) nutsonYOchin.de: a$$hole
(119:10 / Allies) nutsonYOchin.de: this cuts into tower time
(119:41 / Allies) nutsonYOchin.de: this pretty solid here
(119:52 / All) MoNo.SToRM: Die
(120:06 / All) MoNo.SToRM: die
(120:14 / Allies) freunde.w3x: wth when my alch die
(120:19 / Allies) dogsandhorse.ru: chimp
(120:40 / Allies) freunde.w3x: belt, boots, fern
(120:56 / Allies) freunde.w3x: fuck it i tp
(121:04 / Allies) TearDownThis: dumb
(121:06 / Allies) TearDownThis: not enough tow
(121:10 / Allies) dogsandhorse.ru: expo gone 
(121:11 / Allies) dogsandhorse.ru: who care
(121:17 / Allies) dogsandhorse.ru: they desp. for #$$$$$
(121:26 / Allies) nutsonYOchin.de: so am i
(121:28 / Allies) nutsonYOchin.de: down to 2414
(121:31 / Allies) freunde.w3x: fine i'm out
(121:32 / All) MoNo.Boro: tp tp
(121:45 / Allies) dogsandhorse.ru: 60k more in mid
(121:49 / Allies) TearDownThis: damn u fed them well
(121:50 / Allies) dogsandhorse.ru: just dont lose mid :)
(122:17 / Allies) dogsandhorse.ru: lets kill some shit
(122:23 / Allies) freunde.w3x: brt
(122:36 / Allies) dogsandhorse.ru: decloud get sielnce
(122:42 / Allies) freunde.w3x: who can get third hero?
(122:46 / Allies) dogsandhorse.ru: nobody?
(123:01 / Allies) dogsandhorse.ru: if i make hawk can someomn use
(123:03 / Allies) dogsandhorse.ru: i got 5fps
(123:12 / Allies) nutsonYOchin.de: what a lkazy excuse.
(123:19 / Allies) nutsonYOchin.de: i got like 10 maybe
(123:22 / Allies) freunde.w3x: grab pal
(123:23 / Allies) nutsonYOchin.de: and im still towering like mad
(123:37 / Allies) TearDownThis: dont go if you going to lose all heroe
(123:37 / Allies) nutsonYOchin.de: 8.8 fps
(123:40 / Allies) nutsonYOchin.de: dont be a bitch bear and.
(123:43 / Allies) dogsandhorse.ru: yep
(123:44 / Allies) dogsandhorse.ru: what
(123:50 / Allies) dogsandhorse.ru: i cant use 2 groups with this fps sorry
(123:52 / Allies) nutsonYOchin.de: i got 8.8 fps
(123:57 / Allies) dogsandhorse.ru: almost double 
(124:15 / Allies) nutsonYOchin.de: double shit  is still shit
(124:36 / Allies) dogsandhorse.ru: we cant really stop that shit
(124:39 / Allies) freunde.w3x: move to mid
(124:53 / Allies) freunde.w3x: eh if timg showed up with heroes
(124:57 / Allies) nutsonYOchin.de: cant
(124:59 / Allies) freunde.w3x: and we all here instead of 2v4
(125:00 / Allies) nutsonYOchin.de: making towers
(125:01 / Allies) freunde.w3x: wouldnt be prob
(125:07 / Allies) dogsandhorse.ru: timg can you make a lot of bats
(125:12 / Allies) nutsonYOchin.de: nnope
(125:16 / Allies) dogsandhorse.ru: why
(125:18 / Allies) TearDownThis: evac
(125:22 / Allies) TearDownThis: stop making tower there
(125:27 / Allies) nutsonYOchin.de: stop making tower
(125:29 / Allies) nutsonYOchin.de: what wrong with you.
(125:30 / Allies) freunde.w3x: nah make tower
(125:44 / Allies) TearDownThis: just not where they are currently standing
(125:46 / Allies) dogsandhorse.ru: please just make bat
(125:51 / Allies) dogsandhorse.ru: taht will bring them back to only hero
(125:51 / Allies) TearDownThis: chill
(125:54 / Allies) TearDownThis: they not in mid yet
(125:58 / Allies) freunde.w3x: yeah this is fine
(126:23 / Allies) nutsonYOchin.de: yo
(126:24 / Allies) nutsonYOchin.de: mata 
(126:26 / Allies) nutsonYOchin.de: i need gold
(126:28 / Allies) nutsonYOchin.de: down to 2k
(126:32 / Allies) freunde.w3x: i don't know ask bear, i got no 
(126:33 / Allies) freunde.w3x: incone
(126:39 / Allies) nutsonYOchin.de: yo got 60 freakin k.
(126:49 / Allies) freunde.w3x: yeah ask iggy then
(127:19 / Allies) nutsonYOchin.de: orc towers count as 2 right
(127:24 / Allies) dogsandhorse.ru: nop
(127:24 / Allies) nutsonYOchin.de: or rather hu count as .5
(127:30 / Allies) dogsandhorse.ru: yope
(127:43 / Allies) nutsonYOchin.de: so i need 3500ish to tie mata.
(127:57 / Allies) dogsandhorse.ru: i would just like to win as i can barely play
(128:15 / Allies) freunde.w3x: i know! lol
(128:16 / Allies) nutsonYOchin.de: what happen here
(128:20 / Allies) dogsandhorse.ru: 1000 g
(128:26 / Allies) dogsandhorse.ru: we star t [;laying nowp?
(128:35 / Allies) nutsonYOchin.de: did you guys stop or something.
(128:40 / Allies) TearDownThis: why there gold in this mine bear and
(128:40 / Allies) dogsandhorse.ru: is very hard
(128:58 / Allies) dogsandhorse.ru: dead hawks my fav thing
(129:14 / Allies) nutsonYOchin.de: this a beautiful sight
(129:24 / Allies) freunde.w3x: a laggy sight
(129:41 / Allies) nutsonYOchin.de: can i get deforestation service plx
(129:48 / Allies) freunde.w3x: no
(129:59 / Allies) nutsonYOchin.de: gold
(130:00 / Allies) freunde.w3x: yo eventually
(130:02 / Allies) freunde.w3x: my 
(130:02 / Allies) nutsonYOchin.de: my towers are red
(130:07 / Allies) freunde.w3x: transmute gonna kill they army
(130:17 / Allies) nutsonYOchin.de: gold
(131:38 / All) freunde.w3x: so leave
(131:42 / All) MoNo.SToRM: gg
(131:44 / All) freunde.w3x: we still build no units
(131:49 / All) TearDownThis: no unita
(132:07 / Allies) freunde.w3x: sending tree..
(132:15 / Allies) TearDownThis: why is there gold
(132:16 / Allies) TearDownThis: who can say
(132:27 / Allies) dogsandhorse.ru: i had a new worker system
(132:28 / Allies) freunde.w3x: gonna volc i guess
(132:34 / Allies) dogsandhorse.ru: send 5 from mine and then replace
(132:38 / Allies) dogsandhorse.ru: one time i never replace..
(133:23 / Allies) freunde.w3x: behind
(134:08 / All) MoNo.SToRM: Daie
(134:12 / Allies) nutsonYOchin.de: gold
(134:13 / Allies) nutsonYOchin.de: got 1k
(136:23 / Allies) dogsandhorse.ru: close
(136:34 / Allies) nutsonYOchin.de: we ever run into financial problems on friends
(137:46 / Allies) nutsonYOchin.de: i think ths gonna be a first, running out of gold on friends
(137:49 / Allies) nutsonYOchin.de: im down to 1.8k
(137:52 / Allies) nutsonYOchin.de: 1824.
(137:55 / Allies) TearDownThis: we mined it out before
(137:56 / Allies) dogsandhorse.ru: 900000 mined?????
(138:03 / Allies) TearDownThis: no
(138:05 / Allies) freunde.w3x: what's bear spending gold on?
(138:06 / Allies) TearDownThis: upkeep
(138:08 / Allies) dogsandhorse.ru: timg
(138:09 / Allies) nutsonYOchin.de: who the fuck knows
(138:17 / Allies) nutsonYOchin.de: guy gives me 5k every 30 min
(138:18 / Allies) TearDownThis: what a fool
(138:22 / Allies) dogsandhorse.ru: im spending it on purp towers ungrateful futte
(138:34 / Allies) TearDownThis: buzan is gay
(139:42 / Allies) nutsonYOchin.de: man
(139:46 / Allies) nutsonYOchin.de: top right is just solid towers
(140:04 / All) TearDownThis: CEASE
(140:05 / All) MoNo.SToRM: sec
(140:06 / Allies) freunde.w3x: yo hero fights this game have been crazy
(141:00 / Allies) dogsandhorse.ru: woah tim has heroes
(141:09 / Allies) dogsandhorse.ru: that scared shit outta me
(141:13 / Allies) nutsonYOchin.de: use if you wqant
(141:16 / Allies) dogsandhorse.ru: nah
(141:18 / Allies) nutsonYOchin.de: i aint
(141:20 / Allies) dogsandhorse.ru: cantstaff ally etc
(141:22 / All) MoNo.SToRM: Dei
(141:33 / Allies) dogsandhorse.ru: aww
(141:36 / All) MoNo.SToRM: die
(141:52 / All) nutsonYOchin.de: if we say die every time you lose hero our screen would get full...
(141:59 / All) dogsandhorse.ru: i break keyboard maybbe
(142:04 / All) MoNo.SToRM: oo ye
(142:06 / All) MoNo.Boro: try it
(142:06 / All) MoNo.SToRM: ooo yes
(142:07 / All) dogsandhorse.ru: i need letters "I"  " D"   "E"
(142:27 / Allies) TearDownThis: tims useless xp tomes
(142:36 / Allies) freunde.w3x: i dunno
(142:39 / Allies) freunde.w3x: 8 blade
(142:45 / Allies) freunde.w3x: oh you mean tows?
(143:36 / Allies) nutsonYOchin.de: down to 2k
(144:03 / Allies) nutsonYOchin.de: mata stop losinmg heroes pelase
(144:17 / Allies) freunde.w3x: can be hard at times yo
(144:26 / Allies) freunde.w3x: luckiest kotg
(144:41 / Allies) nutsonYOchin.de: every hereo you lose is like 10 less towers for me
(144:42 / Allies) freunde.w3x: heh dead panda
(144:46 / All) dogsandhorse.ru: how did ultimatepanda die?
(144:53 / All) dogsandhorse.ru: how bad are you , explain youself
(145:02 / All) MoNo.SToRM: lol
(145:08 / All) MoNo.Boro: why u talk so much?
(145:12 / All) MoNo.SToRM: at final will see hero kill
(145:15 / Allies) dogsandhorse.ru: i swear if i could staff faster i would never die
(145:19 / Allies) nutsonYOchin.de: mny queued towers are red
(145:21 / Allies) nutsonYOchin.de: give me gold b ear and
(145:24 / Allies) nutsonYOchin.de: shittiest feeder ever
(145:58 / Allies) freunde.w3x: this is so many towers
(146:09 / All) MoNo.SToRM: lol
(146:14 / Allies) freunde.w3x: im glad they putting up a ffight
(146:17 / Allies) freunde.w3x: otherwise towers would be useless
(146:24 / Allies) nutsonYOchin.de: im def giving yuour record a run for its money
(146:31 / All) MoNo.SToRM: Die
(146:39 / Allies) TearDownThis: see that skill
(146:41 / Allies) TearDownThis: divine shield
(146:43 / Allies) TearDownThis: that he uses
(146:45 / Allies) TearDownThis: a sweet skill..
(146:50 / Allies) dogsandhorse.ru: hex
(146:53 / Allies) dogsandhorse.ru: entang
(147:03 / Allies) nutsonYOchin.de: can div shield out of entang
(147:06 / Allies) dogsandhorse.ru: not while hex
(147:12 / Allies) dogsandhorse.ru: both means no staff no div
(147:12 / Allies) TearDownThis: can divine shield b4 hex
(147:17 / Allies) dogsandhorse.ru: yeop
(147:22 / Allies) freunde.w3x: i try to soulburn him often but level 3 div shield
(147:23 / Allies) freunde.w3x: is so gay
(147:38 / Allies) nutsonYOchin.de: gold
(147:41 / Allies) nutsonYOchin.de: down to 2165
(148:58 / Allies) nutsonYOchin.de: wood
(149:01 / Allies) nutsonYOchin.de: im outta woood
(149:02 / Allies) freunde.w3x: wow really?
(149:04 / Allies) nutsonYOchin.de: some gold too please
(149:05 / Allies) nutsonYOchin.de: yeah
(149:29 / Allies) freunde.w3x: give more when got time
(149:34 / Allies) nutsonYOchin.de: gold is the issue
(149:36 / Allies) nutsonYOchin.de: got 3000
(150:06 / All) MoNo.SToRM: like my tc
(150:17 / All) freunde.w3x: die, die, die
(150:20 / All) nutsonYOchin.de: like my lag inducing towers
(150:39 / Allies) freunde.w3x: soul burn, entangle, acid bomb, gg
(151:06 / All) dogsandhorse.ru: boomp
(151:42 / All) freunde.w3x: how many dies was that
(151:54 / Allies) freunde.w3x: some items
(152:01 / Allies) nutsonYOchin.de: gold
(152:04 / Allies) nutsonYOchin.de: nigger fucking christ god damn
(152:16 / Allies) freunde.w3x: go see a dog about a horse
(152:31 / Allies) freunde.w3x: you guys ready for pala?
(152:35 / Allies) dogsandhorse.ru: i ready
(152:52 / Allies) freunde.w3x: missed him
(153:01 / All) dogsandhorse.ru: fatcow dead
(153:09 / Allies) nutsonYOchin.de: im oog out of gold 
(153:12 / Allies) nutsonYOchin.de: got 5g to my name
(153:23 / Allies) nutsonYOchin.de: spomebody take please
(153:35 / All) MoNo.SToRM: Die
(153:42 / Allies) dogsandhorse.ru: yeikes
(153:43 / Allies) freunde.w3x: hmm i go
(153:45 / Allies) TearDownThis: just avatar and divine shield instantly
(153:49 / Allies) TearDownThis: every time
(153:55 / Allies) dogsandhorse.ru: oh avatar ahhe
(153:55 / Allies) nutsonYOchin.de: my idle workers building up
(153:57 / Allies) nutsonYOchin.de: got 5
(153:59 / Allies) nutsonYOchin.de: i dont like this
(154:00 / Allies) nutsonYOchin.de: 6
(154:02 / Allies) nutsonYOchin.de: 7
(154:07 / All) MoNo.SToRM: ^^
(154:07 / Allies) freunde.w3x: 10 9 7
(154:11 / All) MoNo.SToRM: nice exp^^
(154:19 / Allies) freunde.w3x: i had to turn on ally colors
(154:19 / Allies) nutsonYOchin.de: can you mute some things
(154:20 / Allies) freunde.w3x: in those fights
(154:25 / Allies) freunde.w3x: impossible otherwise
(154:25 / Allies) nutsonYOchin.de: 8 idle
(154:40 / Allies) TearDownThis: shs first
(154:45 / Allies) freunde.w3x: pala g o
(155:23 / All) MoNo.SToRM: Die bm
(155:24 / Allies) freunde.w3x: yo tim stay out of grownup game
(155:25 / Allies) nutsonYOchin.de: welp
(155:32 / Allies) freunde.w3x: lol
(156:01 / Allies) nutsonYOchin.de: 12 idle
(156:25 / Allies) freunde.w3x: damn so close
(156:31 / Allies) freunde.w3x: we gotta surr that nigg
(156:32 / Allies) TearDownThis: had the surr
(156:33 / Allies) freunde.w3x: some time
(156:56 / All) nutsonYOchin.de: how much gold you guys got
(157:02 / All) nutsonYOchin.de: bvecause im in serious gold trouble
(157:07 / All) MoNo.Boro: 30k each stilllnow
(157:16 / All) freunde.w3x: time to start spending i think
(157:21 / All) MoNo.Boro: no prob
(158:50 / Allies) freunde.w3x: i gotta say this game is what friends oughta be
(158:53 / Allies) nutsonYOchin.de: 20 idle worker
(158:54 / Allies) nutsonYOchin.de: what
(158:57 / Allies) dogsandhorse.ru: friend vs. friend
(158:58 / Allies) nutsonYOchin.de: shit feeders and no gold
(159:12 / Allies) TearDownThis: we ready to roll
(159:12 / Allies) freunde.w3x: yo holy crap we are going to mine out friends
(159:19 / Allies) dogsandhorse.ru: send tree
(159:20 / Allies) freunde.w3x: yeah
(159:20 / Allies) dogsandhorse.ru: oh nice
(159:22 / Allies) freunde.w3x: sent tree
(159:23 / Allies) TearDownThis: it has been mined out before
(159:32 / Allies) freunde.w3x: well is my first
(159:33 / Allies) dogsandhorse.ru: send heroes
(160:02 / Allies) freunde.w3x: what's hero kills gonna be for this game you think
(160:04 / Allies) freunde.w3x: i think much
(160:26 / Allies) freunde.w3x: get please
(160:32 / Allies) freunde.w3x: nm
(160:34 / Allies) dogsandhorse.ru: pot?
(160:54 / Allies) freunde.w3x: nah jsut wore off i think
(161:00 / All) MoNo.SToRM: lol
(161:05 / All) MoNo.SToRM: wremare more imba
(162:12 / All) dogsandhorse.ru: diex8
(162:41 / All) freunde.w3x: just keep dyin yo
(162:44 / All) dogsandhorse.ru: thats ownage kyle
(162:46 / Allies) freunde.w3x: kinda gay oh well
(162:47 / All) nutsonYOchin.de: Dei
(162:53 / Allies) freunde.w3x: fuck
(162:55 / Allies) freunde.w3x: lucker pala
(162:56 / Allies) freunde.w3x: surr
(163:22 / Allies) freunde.w3x: wtf
(163:23 / Allies) freunde.w3x: fuck bear
(163:28 / Allies) TearDownThis: fuck bear
(163:38 / Allies) TearDownThis: bear excusing on vent
(163:52 / Allies) freunde.w3x: that felt good
(163:56 / Allies) dogsandhorse.ru: catharsis
(164:02 / Allies) nutsonYOchin.de: godl
(164:59 / Allies) freunde.w3x: they are so fucked without that pala
(165:14 / Allies) freunde.w3x: gonna volc tower mess
(165:23 / Allies) freunde.w3x: move blade i thinkl
(165:24 / All) TearDownThis: funny what happens when all four of us use heroes
(165:34 / All) MoNo.SToRM: :-)
(165:59 / Allies) freunde.w3x: ?
(166:37 / Allies) dogsandhorse.ru: i wonder if they cookin something up
(166:39 / Allies) dogsandhorse.ru: or just crying
(166:42 / Allies) freunde.w3x: prolly ressing
(166:45 / Allies) dogsandhorse.ru: units though
(166:50 / Allies) dogsandhorse.ru: no units = no gold i theink
(166:51 / Allies) nutsonYOchin.de: gold pelase
(166:52 / Allies) freunde.w3x: prolly broke
(166:59 / Allies) TearDownThis: 5 hippos!
(167:42 / Allies) freunde.w3x: haha jesus
(167:44 / Allies) freunde.w3x: good heals
(168:21 / All) MoNo.SToRM: Dei
(168:48 / Allies) dogsandhorse.ru: they all ressed
(168:51 / All) MoNo.Boro: this time we were all^^
(168:55 / Allies) freunde.w3x: meet
(169:02 / Allies) dogsandhorse.ru: "meet in mid"
(169:03 / Allies) TearDownThis: assemberling
(169:09 / Allies) TearDownThis: shs first
(170:08 / Allies) nutsonYOchin.de: is so hard to make towers atm.
(170:16 / Allies) freunde.w3x: lol
(170:21 / All) dogsandhorse.ru: another ultip[anda dead.  how you so awful?
(170:38 / Allies) freunde.w3x: yo i'm bringing zep next time for moon shit
(170:47 / Allies) TearDownThis: not even moon this fast
(170:56 / Allies) freunde.w3x: yeah well dont matter
(171:06 / Allies) freunde.w3x: i go there
(171:19 / All) freunde.w3x: why you even bother with towers lets keep having sweet hero fights
(171:22 / Allies) nutsonYOchin.de: out of gold
(171:31 / Allies) TearDownThis: you fools keep giving him gold
(171:33 / Allies) nutsonYOchin.de: this guy
(171:36 / Allies) nutsonYOchin.de: fucking with my things
(171:47 / Allies) freunde.w3x: wanna try pala?
(171:49 / Allies) freunde.w3x: nm
(172:03 / Allies) freunde.w3x: going up
(172:27 / Allies) freunde.w3x: gonna go from b hind
(172:33 / Allies) freunde.w3x: nm they all here
(172:44 / Allies) freunde.w3x: can i count on backup
(172:47 / Allies) TearDownThis: no
(172:59 / Allies) nutsonYOchin.de: coming top
(174:19 / All) MoNo.SToRM: Dei
(175:06 / Allies) nutsonYOchin.de: gold for blad eplease.
(175:12 / Allies) freunde.w3x: 2k gold left on map about
(175:16 / Allies) dogsandhorse.ru: saving
(175:31 / Allies) nutsonYOchin.de: gonna grab staff on sh
(175:54 / Allies) nutsonYOchin.de: fuck
(175:57 / Allies) nutsonYOchin.de: do we have elf staff
(176:03 / Allies) freunde.w3x: light
(176:12 / Allies) nutsonYOchin.de: can mata or bear and tech for staff please.
(176:36 / Allies) freunde.w3x: have iggy build shop
(176:56 / Allies) dogsandhorse.ru: 2fps
(176:58 / Allies) dogsandhorse.ru: soz
(177:02 / Allies) nutsonYOchin.de: same
(177:03 / Allies) dogsandhorse.ru: mined out
(177:31 / Allies) nutsonYOchin.de: iggy make shop
(177:37 / All) nutsonYOchin.de: pizza brb
(177:38 / All) MoNo.SToRM: pause no?^^
(177:46 / All) nutsonYOchin.de: one sec pliece piezza.
(178:00 / Allies) nutsonYOchin.de: iggy afk i think.
(178:53 / All) freunde.w3x: Dead
(179:02 / Allies) freunde.w3x: damn
(179:04 / Allies) freunde.w3x: was stunned
(179:50 / All) MoNo.SToRM: lol more hero to my tc
(180:20 / Allies) freunde.w3x: gg
(180:38 / All) dogsandhorse.ru: clan mono learned meaning of towers today
(180:40 / All) MoNo.SToRM: LOl
(180:45 / All) MoNo.SToRM: y
(180:59 / Allies) freunde.w3x: go for it
(181:02 / All) MoNo.SToRM: 3 houres?
(181:18 / All) MoNo.SToRM: gg
(181:18 / Allies) nutsonYOchin.de: archer
(181:21 / Allies) freunde.w3x: heh
(181:27 / All) dogsandhorse.ru: heh want to be fgriends?
(181:28 / All) dogsandhorse.ru: friends
(181:35 / All) dogsandhorse.ru: i mean this a big old bonding time
(181:38 / All) dogsandhorse.ru: and not just stockholm friends.
(181:38 / All) MoNo.Boro: sure
(181:41 / All) MoNo.SToRM: come clan mono?^^
(181:46 / All) dogsandhorse.ru: ok
(182:00 / All) MoNo.SToRM: we are all lamer^^
(182:01 / All) MoNo.Boro: but remember that
(182:04 / All) dogsandhorse.ru: yes
(182:07 / All) MoNo.Boro: we are leaving only cause
(182:15 / All) MoNo.Boro: somebod tomorrow works^^
(182:20 / All) dogsandhorse.ru: aw
(182:21 / All) dogsandhorse.ru: cute
(182:24 / All) MoNo.SToRM: tired
(182:29 / All) TearDownThis: excusecraft not good manners
(182:39 / All) MoNo.Boro: i can stay 
(182:45 / All) MoNo.Boro: if u prefeeer...
(182:52 / All) dogsandhorse.ru: is up to you friend
(182:58 / All) nutsonYOchin.de: we out of gold
(183:04 / Allies) nutsonYOchin.de: expenadble gold anyway
(183:09 / All) nutsonYOchin.de: cant make any towers.
(183:12 / All) nutsonYOchin.de: might as well leave bye
(183:37 / All) MoNo.SToRM: but after, make tc panda >>>>
(183:45 / All) freunde.w3x: yo
(183:46 / All) MoNo.SToRM: bm suck
(183:47 / All) dogsandhorse.ru: heh 
(183:55 / All) freunde.w3x: soul burn + tangle + acid bomb
(183:57 / All) freunde.w3x: worked well this game
(183:59 / All) dogsandhorse.ru: to
(184:04 / All) MoNo.SToRM: and near the tower make moonwells lol
(184:07 / All) nutsonYOchin.de: bm killed more heroes than all of you combined sorry
(184:16 / All) nutsonYOchin.de: lmao guy trying to teach me how to make towers
(184:17 / All) MoNo.SToRM: y y 
(184:18 / All) nutsonYOchin.de: leave
(184:19 / All) dogsandhorse.ru: hey we got a website about warcraft 3 laming
(184:20 / All) MoNo.Boro: y but bm vs mass siege sucks
(184:22 / All) nutsonYOchin.de: when you leave
(184:27 / All) nutsonYOchin.de: check buildings made section
(184:29 / Allies) dogsandhorse.ru: maybe you interested :)
(184:33 / All) TearDownThis: www.highper.ch if you want a lesson please
(184:33 / All) MoNo.SToRM: lol
(184:33 / All) nutsonYOchin.de: i bet i got at least 4000
(184:34 / All) dogsandhorse.ru: maybe you interested :)
(184:35 / All) MoNo.Boro: LOL
(184:45 / All) dogsandhorse.ru: i think purple set new record for towers maybe
(184:46 / All) MoNo.Boro: one time we made a 5 hours game on highperch
(184:52 / All) TearDownThis: lmfao
(184:55 / All) TearDownThis: lil kiddies
(184:55 / All) dogsandhorse.ru: heheh one time i made 18.
(184:57 / All) dogsandhorse.ru: it's on there.
(185:00 / All) nutsonYOchin.de: one time we made 18 hours, one time we made 17.5 hours
(185:02 / All) MoNo.Boro: lol
(185:08 / All) dogsandhorse.ru: you know how to get on the perch?
(185:11 / All) dogsandhorse.ru: we invented that.
(185:24 / All) MoNo.Boro: u?
(185:27 / All) Mono.Guitarist: u are so fucking nerds^^
(185:27 / All) MoNo.Boro: really?
(185:30 / All) dogsandhorse.ru: yes we did
(185:31 / All) TearDownThis: 14 hours on silverpine
(185:34 / All) dogsandhorse.ru: where's first tiem you heard of it?
(185:36 / All) dogsandhorse.ru: it was us
(185:37 / All) MoNo.Boro: maybe the game was vs you, about 1 years ago
(185:40 / All) dogsandhorse.ru: or someone who learned from us
(185:44 / All) dogsandhorse.ru: acct names?
(185:46 / All) nutsonYOchin.de: we made it like 2, 2.5 year ago
(186:17 / All) dogsandhorse.ru: i've never lost on highperch so if you won, it was a copycat team
(186:26 / All) MoNo.Boro: y maybe
(187:28 / All) dogsandhorse.ru: on the map of friends
(187:32 / All) dogsandhorse.ru: we stay there to the end
(187:37 / All) dogsandhorse.ru: creepyacking at the fountain
(187:38 / All) MoNo.Boro: i hate this map
(187:43 / All) dogsandhorse.ru: a storm bolt from the king of mountains
(187:46 / All) dogsandhorse.ru: really it's our favorite
(188:01 / All) MoNo.SToRM: slalom^^
(189:01 / Allies) freunde.w3x: 10/10/10
(189:09 / All) MoNo.SToRM: this map suck because no shop
(189:14 / Allies) TearDownThis: 10/10/8 damn
(189:21 / Allies) dogsandhorse.ru: 28 i think
(189:22 / Allies) TearDownThis: still not 12 lvl 10 heroes so
(189:24 / Allies) dogsandhorse.ru: yeah level 28
(189:25 / All) nutsonYOchin.de: marketplaces dumb retard
(189:25 / Allies) TearDownThis: something left
(189:30 / All) nutsonYOchin.de: is way better
(189:36 / All) MoNo.Boro: ?
(189:51 / All) dogsandhorse.ru: marketplace is like supershop
(189:56 / Allies) nutsonYOchin.de: send tsome torees maybe
(189:58 / All) dogsandhorse.ru: southeastmarketplaceengagenow
(189:58 / Allies) nutsonYOchin.de: trees
(190:06 / All) MoNo.Boro: y but
(190:31 / All) MoNo.Boro: blu tp i mean
(191:28 / All) MoNo.Boro: gg gnihgt
(191:36 / All) dogsandhorse.ru: gg gnight
(191:37 / All) MoNo.Boro: come clan mono somtime
(191:43 / All) MoNo.Boro: for good laming
(191:47 / All) MoNo.SToRM: Y
(191:50 / All) MoNo.Boro: u tried invisible raiders?
(191:55 / All) dogsandhorse.ru: not so cool
(192:01 / All) dogsandhorse.ru: you tried zepstaff?
(192:02 / All) MoNo.Boro: not?
(192:03 / All) TearDownThis: unit prison
(192:04 / All) dogsandhorse.ru: want to see something amazing?
(192:07 / All) MoNo.Boro: invisible surround>>>
(192:10 / All) TearDownThis: invented by legendary Dr Igmund Reud
(192:13 / All) dogsandhorse.ru: look @ your ne main
(192:14 / All) MoNo.Boro: lol
(192:15 / All) dogsandhorse.ru: above it
(192:18 / All) MoNo.Boro: maybe i know
(192:18 / All) dogsandhorse.ru: watch in a sec
(192:30 / Allies) freunde.w3x: arg
(192:31 / All) MoNo.SToRM: lool 
(192:33 / All) MoNo.SToRM: lose hero
(192:35 / All) MoNo.SToRM: loooooool
(192:36 / All) dogsandhorse.ru: watching?
(192:39 / All) MoNo.Boro: no sry
(192:40 / All) MoNo.SToRM: Y
(192:43 / All) dogsandhorse.ru: watch mk
(192:45 / All) MoNo.Boro: what?
(192:50 / All) TearDownThis: 3 o clock
(192:53 / All) TearDownThis: lmfao
(193:03 / All) MoNo.Boro: what was amazing sry?
(193:06 / All) dogsandhorse.ru: watch now
(193:16 / All) MoNo.SToRM: replay or what?
(193:20 / All) dogsandhorse.ru: did you see.
(193:33 / All) MoNo.Boro: lol im tired explain plz
(193:43 / All) dogsandhorse.ru: you can staff your zep home
(193:45 / All) dogsandhorse.ru: from INSIDE it
(193:46 / All) MoNo.Boro: with zep?
(193:53 / All) MoNo.Boro: mmm
(193:58 / All) MoNo.Boro: ahahah
(194:01 / All) MoNo.Boro: really??
(194:04 / Allies) dogsandhorse.ru: watch
(194:09 / All) MoNo.Boro: try
(194:11 / Allies) freunde.w3x: why you pinging bear
(194:13 / All) MoNo.Boro: ahahah
(194:15 / Allies) dogsandhorse.ru: in case they hack
(194:17 / Allies) dogsandhorse.ru: idk
(194:19 / All) MoNo.Boro: wiht units inside???
(194:23 / All) dogsandhorse.ru: i have three hero in
(194:25 / All) dogsandhorse.ru: watch i drop them
(194:28 / All) MoNo.Boro: LOOOL
(194:31 / All) MoNo.Boro: pro
(194:34 / All) dogsandhorse.ru: i invent this.
(194:40 / All) dogsandhorse.ru: you go on about invis raiders lmao
(194:41 / All) MoNo.Boro: very nice
(194:45 / All) dogsandhorse.ru: that's some rt shit
(194:54 / All) MoNo.Boro: but invisible raiders i mean sorround
(195:01 / All) MoNo.Boro: invisible
(195:03 / All) dogsandhorse.ru: i am BEAR_AND king of towers
(195:04 / All) MoNo.Boro: try it
(195:13 / All) freunde.w3x: also modest
(195:24 / Allies) nutsonYOchin.de: sorround = sorry you got surrouned
(195:34 / Allies) dogsandhorse.ru: ehe
(195:45 / All) MoNo.Boro: its funny try it
(195:50 / All) MoNo.SToRM: but this time NUtson maked more tower lol
(195:56 / All) MoNo.Boro: hero blocked and nobody know why
(196:05 / All) MoNo.SToRM: i think 300/400
(196:09 / All) dogsandhorse.ru: its called glue on your shoe
(196:14 / All) nutsonYOchin.de: want to guess how many tower i make
(196:14 / All) MoNo.Boro: our record was 411
(196:15 / All) dogsandhorse.ru: and anybody that's not a retard reveals it
(196:22 / All) nutsonYOchin.de: gonna ballpark it at 3976
(196:30 / All) dogsandhorse.ru: our record for buildings produced is 7399
(196:34 / All) dogsandhorse.ru: http://highper.ch/
(196:36 / All) MoNo.Boro: total?
(196:40 / All) freunde.w3x: no
(196:40 / All) dogsandhorse.ru: for one player
(196:41 / All) freunde.w3x: just mine
(196:41 / All) nutsonYOchin.de: is human though, so only half counts
(196:42 / All) MoNo.Boro: one palyer only i mean
(196:56 / All) MoNo.Boro: 7k build in a game one player??
(197:00 / All) freunde.w3x: ya
(197:01 / All) freunde.w3x: was on friends
(197:11 / All) MoNo.Boro: only map that is possible
(197:13 / All) dogsandhorse.ru: Andreas "Mata" Carlson  compulsive towerer
(197:13 / Allies) nutsonYOchin.de: some cash
(197:16 / Allies) nutsonYOchin.de: i tower they base
(197:19 / All) dogsandhorse.ru: know how much gould on this map?
(197:21 / All) MoNo.Boro: lol
(197:24 / All) nutsonYOchin.de: 900l
(197:26 / Allies) nutsonYOchin.de: k
(197:27 / All) MoNo.Boro: y
(197:36 / All) MoNo.Boro: i said to my ally fight for mine
(197:39 / All) MoNo.SToRM: lol 7k build -.-
(197:41 / All) MoNo.Boro: but they not listen me
(197:47 / All) dogsandhorse.ru: aw noob ally.
(197:48 / All) MoNo.Boro: in the begin
(198:01 / All) MoNo.Boro: cause i understood ur tact soon
(198:03 / All) MoNo.SToRM: max hero kill?
(198:08 / All) dogsandhorse.ru: hmm who wins hero kill
(198:11 / All) dogsandhorse.ru: good Q
(198:13 / All) MoNo.Boro: we 43
(198:14 / Allies) freunde.w3x: probably me?
(198:21 / All) MoNo.SToRM: max in 1 game
(198:25 / All) dogsandhorse.ru: you know towers count for herokills right
(198:28 / All) freunde.w3x: this game probably more
(198:32 / All) MoNo.Boro: counts?
(198:43 / All) MoNo.Boro: i was thinkin not
(198:44 / All) dogsandhorse.ru: yeah if you die to towers, whoevers towers they were get a herokill
(198:51 / All) MoNo.Boro: k
(198:52 / All) MoNo.SToRM: more mm i think no
(198:59 / All) MoNo.SToRM: i think 35 ^^
(199:13 / All) nutsonYOchin.de: can you guys leave so we dont fatal error
(199:16 / All) nutsonYOchin.de: i want to see my tower count
(199:22 / All) MoNo.SToRM: ahah lol
(199:24 / All) MoNo.Boro: ur clan?
(199:28 / All) freunde.w3x: towa
(199:31 / All) nutsonYOchin.de: towa
(199:33 / All) nutsonYOchin.de: us east
(199:34 / All) MoNo.Boro: chan towa?
(199:37 / All) dogsandhorse.ru: Clan Towa
(199:39 / All) dogsandhorse.ru: @ AZEROTH
(199:43 / All) MoNo.Boro: aaa not european clan?
(199:48 / All) MoNo.SToRM: looool
(199:56 / All) dogsandhorse.ru: nah we just come on europe because a lot of noobs here, and nobody thumbs down friends
(200:00 / All) MoNo.Boro: so u never play here
(200:06 / All) dogsandhorse.ru: we play here a bunch
(200:09 / All) dogsandhorse.ru: just on diff. names
(200:17 / All) MoNo.Boro: u have a clan here?
(200:19 / All) dogsandhorse.ru: no
(200:25 / All) MoNo.SToRM: lol we come too in america because al lot of noobs are there^^
(200:29 / All) MoNo.Boro: a chan, so we can meet for some at?
(200:59 / All) MoNo.Boro: anyway, were in chan mono
(201:04 / All) MoNo.Boro: gbye im tired
(201:07 / All) MoNo.SToRM: Y byez
(201:07 / All) MoNo.Boro: gg^^
(201:10 / All) dogsandhorse.ru: Peace & Goodwill
(201:16 / All) dogsandhorse.ru: http://highper.ch/ for more tower replays! 
(202:47 / All) dogsandhorse.ru: wow secret hawk
(202:51 / All) dogsandhorse.ru: secret hawk
(202:54 / All) dogsandhorse.ru: what are you made of
(202:57 / All) dogsandhorse.ru: what are you, so afraid of
(203:27 / All) nutsonYOchin.de: gg